Workbook

Sheet Смета 12 гр. по ФЕР
A1: =Source!B1 -> Smeta.RU (495) 974-1589
F2: ПРИЛОЖЕНИЕ 1 к ФОРМЕ 7
B4: СМЕТА
B6: =IF(Source!G20<>"Новая локальная смета", Source!G20, "")
B8: =IF(Source!G12<>"Новый объект", Source!G12, "") -> Капитальный ремонт помещений №35, №36 цокольного этажа здания Технологического института -филиала НИЯУ МИФИ(ТИ НИЯУ МИФИ) по адресу: Свердловская обл.,г.Лесной, Коммунистический проспект, д.36 | AD8: =IF(Source!G12<>"Новый объект", Source!G12, "") -> Капитальный ремонт помещений №35, №36 цокольного этажа здания Технологического института -филиала НИЯУ МИФИ(ТИ НИЯУ МИФИ) по адресу: Свердловская обл.,г.Лесной, Коммунистический проспект, д.36
G11: базовая цена | I11: текущая цена
C12: Сметная стоимость | G12: =SUM(O23:O1085)/1000 -> 171.85032 | I12: =(Source!P779/1000) -> 1351.0783 | K12: тыс. руб.
C13: Строительные работы | G13: =SUM(W23:W1085)/1000 -> 150.92102 | I13: =(Source!P766)/1000 -> 1005.5922 | K13: тыс. руб.
C14: Монтажные работы | G14: =SUM(X23:X1085)/1000 -> 20.9293 | I14: =(Source!P767)/1000 -> 139.38933 | K14: тыс. руб.
C15: Оборудование | G15: =SUM(Y23:Y1085)/1000 -> 0 | I15: =(Source!P758)/1000 -> 0 | K15: тыс. руб.
C16: Прочие работы | G16: =SUM(Z23:Z1085)/1000 -> 0 | I16: =(Source!P768+Source!P769)/1000 -> 0 | K16: тыс. руб.
C17: Нормативная трудоемкость | G17: =I17 -> 1876.5212 | I17: =(Source!P771+Source!P772) -> 1876.5212 | K17: чел. -ч.
C18: Средства на оплату труда | G18: =SUM(R23:R1085)/1000 -> 17.00502 | I18: =((Source!P764 + Source!P763)/1000) -> 113.25404 | K18: тыс. руб.
A20: Составлена в ценах I квартал 2018 года
A21: № п/п | B21: Шифр расценки и коды ресурсов | C21: Наименование работ и затрат | D21: Ед. изм. | E21: Кол-во единиц | F21: Цена на ед. изм. | G21: Попра-вочные коэфф. | H21: Стоимость в ценах 2001г. | I21: Пункт коэфф. пересчета | J21: Коэфф. пересчета | K21: Стоимость в текущих ценах | L21: ЗТР всего чел.-час
A22: 1 | B22: 2 | C22: 3 | D22: 4 | E22: 5 | F22: 6 | G22: 7 | H22: 8 | I22: 9 | J22: 10 | K22: 11 | L22: 12
A23: Раздел 1 Общестроительные работы
A24: =Source!E29 -> 1 | B24: =Source!F29 -> 46-04-012-03 | C24: =Source!G29 -> Разборка деревянных заполнений проемов дверных и воротных | D24: =Source!H29 -> 100 м2 | E24: =Source!I29 -> 0.07 | F24: =Source!AL29+Source!AM29+Source!AO29 -> 1082.58 | I24: =Source!BO29 | S24: =ROUND((Source!FX29/100)*((ROUND(Source!AF29*Source!I29, 2)+ROUND(Source!AE29*Source!I29, 2))), 2) -> 65.49 | T24: =Source!X29 -> 436.2 | U24: =ROUND((Source!FY29/100)*((ROUND(Source!AF29*Source!I29, 2)+ROUND(Source!AE29*Source!I29, 2))), 2) -> 39.36 | V24: =Source!Y29 -> 264.37
C25: ="Объем: "&Source!I29&"=7/"&"100" -> Объем: 0,07=7/100
C26: Зарплата | F26: =Source!AO29 -> 840.63 | G26: =Source!DG29 | H26: =ROUND(Source!AF29*Source!I29, 2) -> 58.84 | J26: =IF(Source!BA29<> 0, Source!BA29, 1) -> 6.66 | K26: =Source!S29 -> 391.9 | R26: =H26 -> 58.84
C27: Эксплуатация машин | F27: =Source!AM29 -> 241.95 | G27: =Source!DE29 | H27: =ROUND(Source!AD29*Source!I29, 2) -> 16.94 | J27: =IF(Source!BB29<> 0, Source!BB29, 1) -> 6.66 | K27: =Source!Q29 -> 112.8
C28: в т.ч. зарплата машинистов | F28: =Source!AN29 -> 104.49 | G28: =Source!DF29 | H28: =ROUND(Source!AE29*Source!I29, 2) -> 7.31 | J28: =IF(Source!BS29<> 0, Source!BS29, 1) -> 6.66 | K28: =Source!R29 -> 48.71 | R28: =H28 -> 7.31
C29: НР от ФОТ | D29: % | E29: =Source!BZ29 -> 110 | F29: =CONCATENATE(" )", Source!DL29, Source!FT29, "=", Source!FX29) -> )*0,9=99 | H29: =SUM(S24:S31) -> 65.49 | J29: =Source!AT29 -> 99 | K29: =SUM(T24:T31) -> 436.2
C30: СП от ФОТ | D30: % | E30: =Source!CA29 -> 70 | F30: =CONCATENATE(" )", Source!DM29, Source!FU29, "=", Source!FY29) -> )*0,85=59,5 | H30: =SUM(U24:U31) -> 39.36 | J30: =Source!AU29 -> 60 | K30: =SUM(V24:V31) -> 264.37
C31: Затраты труда | D31: чел-ч | E31: =Source!AQ29 -> 103.91 | G31: =Source!DI29 | L31: =Source!U29 -> 7.2737
G32: =H26+H27+H29+H30 -> 180.63 | J32: =K26+K27+K29+K30 -> 1205.27 | L32: =Source!U29 -> 7.2737 | O32: =G32 -> 180.63 | P32: =J32 -> 1205.27 | Q32: =L32 -> 7.2737 | W32: =IF(Source!BI29<=1,H26+H27+H29+H30, 0) -> 180.63 | X32: =IF(Source!BI29=2,H26+H27+H29+H30, 0) -> 0 | Y32: =IF(Source!BI29=3,H26+H27+H29+H30, 0) -> 0 | Z32: =IF(Source!BI29=4,H26+H27+H29+H30, 0) -> 0
A33: =Source!E31 -> 2 | B33: =Source!F31 -> 46-04-012-01 | C33: =Source!G31 -> Разборка деревянных заполнений проемов оконных с подоконными досками | D33: =Source!H31 -> 100 м2 | E33: =Source!I31 -> 0.1701 | F33: =Source!AL31+Source!AM31+Source!AO31 -> 1767.24 | I33: =Source!BO31 | S33: =ROUND((Source!FX31/100)*((ROUND(Source!AF31*Source!I31, 2)+ROUND(Source!AE31*Source!I31, 2))), 2) -> 274.45 | T33: =Source!X31 -> 1827.86 | U33: =ROUND((Source!FY31/100)*((ROUND(Source!AF31*Source!I31, 2)+ROUND(Source!AE31*Source!I31, 2))), 2) -> 164.95 | V33: =Source!Y31 -> 1107.79
C34: ="Объем: "&Source!I31&"=17,01/"&"100" -> Объем: 0,1701=17,01/100
C35: Зарплата | F35: =Source!AO31 -> 1525.29 | G35: =Source!DG31 | H35: =ROUND(Source!AF31*Source!I31, 2) -> 259.45 | J35: =IF(Source!BA31<> 0, Source!BA31, 1) -> 6.66 | K35: =Source!S31 -> 1727.95 | R35: =H35 -> 259.45
C36: Эксплуатация машин | F36: =Source!AM31 -> 241.95 | G36: =Source!DE31 | H36: =ROUND(Source!AD31*Source!I31, 2) -> 41.16 | J36: =IF(Source!BB31<> 0, Source!BB31, 1) -> 6.66 | K36: =Source!Q31 -> 274.1
C37: в т.ч. зарплата машинистов | F37: =Source!AN31 -> 104.49 | G37: =Source!DF31 | H37: =ROUND(Source!AE31*Source!I31, 2) -> 17.77 | J37: =IF(Source!BS31<> 0, Source!BS31, 1) -> 6.66 | K37: =Source!R31 -> 118.37 | R37: =H37 -> 17.77
C38: НР от ФОТ | D38: % | E38: =Source!BZ31 -> 110 | F38: =CONCATENATE(" )", Source!DL31, Source!FT31, "=", Source!FX31) -> )*0,9=99 | H38: =SUM(S33:S40) -> 274.45 | J38: =Source!AT31 -> 99 | K38: =SUM(T33:T40) -> 1827.86
C39: СП от ФОТ | D39: % | E39: =Source!CA31 -> 70 | F39: =CONCATENATE(" )", Source!DM31, Source!FU31, "=", Source!FY31) -> )*0,85=59,5 | H39: =SUM(U33:U40) -> 164.95 | J39: =Source!AU31 -> 60 | K39: =SUM(V33:V40) -> 1107.79
C40: Затраты труда | D40: чел-ч | E40: =Source!AQ31 -> 188.54 | G40: =Source!DI31 | L40: =Source!U31 -> 32.070654
G41: =H35+H36+H38+H39 -> 740.01 | J41: =K35+K36+K38+K39 -> 4937.7 | L41: =Source!U31 -> 32.070654 | O41: =G41 -> 740.01 | P41: =J41 -> 4937.7 | Q41: =L41 -> 32.070654 | W41: =IF(Source!BI31<=1,H35+H36+H38+H39, 0) -> 740.01 | X41: =IF(Source!BI31=2,H35+H36+H38+H39, 0) -> 0 | Y41: =IF(Source!BI31=3,H35+H36+H38+H39, 0) -> 0 | Z41: =IF(Source!BI31=4,H35+H36+H38+H39, 0) -> 0
A42: =Source!E33 -> 3 | B42: =Source!F33 -> 10-01-034-06 | C42: =Source!G33 -> Установка в жилых и общественных зданиях оконных блоков из ПВХ профилей поворотных (откидных, поворотно-откидных) с площадью проема более 2 м2 двухстворчатых | D42: =Source!H33 -> 100 м2 | E42: =Source!I33 -> 0.1701 | F42: =Source!AL33+Source!AM33+Source!AO33 -> 9827.15 | I42: =Source!BO33 | S42: =ROUND((Source!FX33/100)*((ROUND(Source!AF33*Source!I33, 2)+ROUND(Source!AE33*Source!I33, 2))), 2) -> 275.94 | T42: =Source!X33 -> 1834.32 | U42: =ROUND((Source!FY33/100)*((ROUND(Source!AF33*Source!I33, 2)+ROUND(Source!AE33*Source!I33, 2))), 2) -> 139.14 | V42: =Source!Y33 -> 934.46
C43: ="Объем: "&Source!I33&"=17,01/"&"100" -> Объем: 0,1701=17,01/100
C44: Зарплата | F44: =Source!AO33 -> 1273.59 | G44: =Source!DG33 -> )*1,15 | H44: =ROUND(Source!AF33*Source!I33, 2) -> 249.13 | J44: =IF(Source!BA33<> 0, Source!BA33, 1) -> 6.66 | K44: =Source!S33 -> 1659.23 | R44: =H44 -> 249.13
C45: Эксплуатация машин | F45: =Source!AM33 -> 255.21 | G45: =Source!DE33 -> )*1,25 | H45: =ROUND(Source!AD33*Source!I33, 2) -> 54.26 | J45: =IF(Source!BB33<> 0, Source!BB33, 1) -> 6.66 | K45: =Source!Q33 -> 361.4
C46: в т.ч. зарплата машинистов | F46: =Source!AN33 -> 50.32 | G46: =Source!DF33 -> )*1,25 | H46: =ROUND(Source!AE33*Source!I33, 2) -> 10.7 | J46: =IF(Source!BS33<> 0, Source!BS33, 1) -> 6.66 | K46: =Source!R33 -> 71.26 | R46: =H46 -> 10.7
C47: Материальные ресурсы | F47: =Source!AL33 -> 8298.35 | G47: =Source!DD33 | H47: =ROUND(Source!AC33*Source!I33, 2) -> 1411.55 | J47: =IF(Source!BC33<> 0, Source!BC33, 1) -> 6.66 | K47: =Source!P33 -> 9400.92
C48: НР от ФОТ | D48: % | E48: =Source!BZ33 -> 118 | F48: =CONCATENATE(" )", Source!DL33, Source!FT33, "=", Source!FX33) -> )*0,9=106,2 | H48: =SUM(S42:S51) -> 275.94 | J48: =Source!AT33 -> 106 | K48: =SUM(T42:T51) -> 1834.32
C49: СП от ФОТ | D49: % | E49: =Source!CA33 -> 63 | F49: =CONCATENATE(" )", Source!DM33, Source!FU33, "=", Source!FY33) -> )*0,85=53,55 | H49: =SUM(U42:U51) -> 139.14 | J49: =Source!AU33 -> 54 | K49: =SUM(V42:V51) -> 934.46
C50: Затраты труда | D50: чел-ч | E50: =Source!AQ33 -> 145.72 | G50: =Source!DI33 -> )*1,15 | L50: =Source!U33 -> 28.505018
A51: =Source!E35 -> 3,1 | B51: =Source!F35 -> Цена поставщика | C51: Блок оконный из ПВХ Базисная стоимость: 739,63 = [5 812,61 / 1,18 / 6,66] | D51: =Source!H35 -> м2 | E51: =Source!I35 -> 17.01 | F51: =Source!AL35+Source!AM35+Source!AO35 -> 739.63 | H51: =ROUND(Source!AC35*Source!I35, 2)+ROUND(Source!AD35*Source!I35, 2)+ROUND(Source!AF35*Source!I35, 2) -> 12581.11 | J51: =IF(Source!BC35<> 0, Source!BC35, 1) -> 6.66 | K51: =Source!O35 -> 83790.17 | S51: =ROUND((Source!FX35/100)*((ROUND(Source!AF35*Source!I35, 2)+ROUND(Source!AE35*Source!I35, 2))), 2) -> 0 | T51: =Source!X35 -> 0 | U51: =ROUND((Source!FY35/100)*((ROUND(Source!AF35*Source!I35, 2)+ROUND(Source!AE35*Source!I35, 2))), 2) -> 0 | V51: =Source!Y35 -> 0 | W51: =IF(Source!BI35<=1,H51, 0) -> 12581.11 | X51: =IF(Source!BI35=2,H51, 0) -> 0 | Y51: =IF(Source!BI35=3,H51, 0) -> 0 | Z51: =IF(Source!BI35=4,H51, 0) -> 0
G52: =H44+H45+H47+H48+H49+SUM(H51:H51) -> 14711.13 | J52: =K44+K45+K47+K48+K49+SUM(K51:K51) -> 97980.5 | L52: =Source!U33 -> 28.505018 | O52: =G52 -> 14711.13 | P52: =J52 -> 97980.5 | Q52: =L52 -> 28.505018 | W52: =IF(Source!BI33<=1,H44+H45+H47+H48+H49, 0) -> 2130.02 | X52: =IF(Source!BI33=2,H44+H45+H47+H48+H49, 0) -> 0 | Y52: =IF(Source!BI33=3,H44+H45+H47+H48+H49, 0) -> 0 | Z52: =IF(Source!BI33=4,H44+H45+H47+H48+H49, 0) -> 0
A53: =Source!E37 -> 4 | B53: =Source!F37 -> 15-02-019-05 | C53: =Source!G37 -> Сплошное выравнивание внутренних поверхностей (однослойное оштукатуривание) из сухих растворных смесей толщиной до 10 мм оконных и дверных откосов плоских | D53: =Source!H37 -> 100 м2 | E53: =Source!I37 -> 0.05 | F53: =Source!AL37+Source!AM37+Source!AO37 -> 739.34 | I53: =Source!BO37 | S53: =ROUND((Source!FX37/100)*((ROUND(Source!AF37*Source!I37, 2)+ROUND(Source!AE37*Source!I37, 2))), 2) -> 39.64 | T53: =Source!X37 -> 265.39 | U53: =ROUND((Source!FY37/100)*((ROUND(Source!AF37*Source!I37, 2)+ROUND(Source!AE37*Source!I37, 2))), 2) -> 19.61 | V53: =Source!Y37 -> 131.3
C54: ="Объем: "&Source!I37&"=5/"&"100" -> Объем: 0,05=5/100
C55: Зарплата | F55: =Source!AO37 -> 713.71 | G55: =Source!DG37 -> )*1,15 | H55: =ROUND(Source!AF37*Source!I37, 2) -> 41.04 | J55: =IF(Source!BA37<> 0, Source!BA37, 1) -> 6.66 | K55: =Source!S37 -> 273.32 | R55: =H55 -> 41.04
C56: Эксплуатация машин | F56: =Source!AM37 -> 23.82 | G56: =Source!DE37 -> )*1,25 | H56: =ROUND(Source!AD37*Source!I37, 2) -> 1.49 | J56: =IF(Source!BB37<> 0, Source!BB37, 1) -> 6.66 | K56: =Source!Q37 -> 9.92
C57: в т.ч. зарплата машинистов | F57: =Source!AN37 -> 14.51 | G57: =Source!DF37 -> )*1,25 | H57: =ROUND(Source!AE37*Source!I37, 2) -> 0.91 | J57: =IF(Source!BS37<> 0, Source!BS37, 1) -> 6.66 | K57: =Source!R37 -> 6.04 | R57: =H57 -> 0.91
C58: Материальные ресурсы | F58: =Source!AL37 -> 1.81 | G58: =Source!DD37 | H58: =ROUND(Source!AC37*Source!I37, 2) -> 0.09 | J58: =IF(Source!BC37<> 0, Source!BC37, 1) -> 6.66 | K58: =Source!P37 -> 0.6
C59: НР от ФОТ | D59: % | E59: =Source!BZ37 -> 105 | F59: =CONCATENATE(" )", Source!DL37, Source!FT37, "=", Source!FX37) -> )*0,9=94,5 | H59: =SUM(S53:S63) -> 39.64 | J59: =Source!AT37 -> 95 | K59: =SUM(T53:T63) -> 265.39
C60: СП от ФОТ | D60: % | E60: =Source!CA37 -> 55 | F60: =CONCATENATE(" )", Source!DM37, Source!FU37, "=", Source!FY37) -> )*0,85=46,75 | H60: =SUM(U53:U63) -> 19.61 | J60: =Source!AU37 -> 47 | K60: =SUM(V53:V63) -> 131.3
C61: Затраты труда | D61: чел-ч | E61: =Source!AQ37 -> 83.67 | G61: =Source!DI37 -> )*1,15 | L61: =Source!U37 -> 4.811025
A62: =Source!E39 -> 4,1 | B62: =Source!F39 -> 04.3.02.05-0001 | C62: =Source!G39 -> Смесь штукатурная «Гольдбанд», КНАУФ | D62: =Source!H39 -> кг | E62: =Source!I39 -> 61.5 | F62: =Source!AL39+Source!AM39+Source!AO39 -> 1.82 | H62: =ROUND(Source!AC39*Source!I39, 2)+ROUND(Source!AD39*Source!I39, 2)+ROUND(Source!AF39*Source!I39, 2) -> 111.93 | J62: =IF(Source!BC39<> 0, Source!BC39, 1) -> 6.66 | K62: =Source!O39 -> 745.45 | S62: =ROUND((Source!FX39/100)*((ROUND(Source!AF39*Source!I39, 2)+ROUND(Source!AE39*Source!I39, 2))), 2) -> 0 | T62: =Source!X39 -> 0 | U62: =ROUND((Source!FY39/100)*((ROUND(Source!AF39*Source!I39, 2)+ROUND(Source!AE39*Source!I39, 2))), 2) -> 0 | V62: =Source!Y39 -> 0 | W62: =IF(Source!BI39<=1,H62, 0) -> 111.93 | X62: =IF(Source!BI39=2,H62, 0) -> 0 | Y62: =IF(Source!BI39=3,H62, 0) -> 0 | Z62: =IF(Source!BI39=4,H62, 0) -> 0
A63: =Source!E41 -> 4,2 | B63: =Source!F41 -> 04.3.02.09 | C63: =Source!G41 -> Смеси на цементной основе | D63: =Source!H41 -> т | E63: =Source!I41 -> 0.0615 | F63: =Source!AL41+Source!AM41+Source!AO41 -> 0 | H63: =ROUND(Source!AC41*Source!I41, 2)+ROUND(Source!AD41*Source!I41, 2)+ROUND(Source!AF41*Source!I41, 2) -> 0 | J63: =IF(Source!BC41<> 0, Source!BC41, 1) -> 6.66 | K63: =Source!O41 -> 0 | S63: =ROUND((Source!FX41/100)*((ROUND(Source!AF41*Source!I41, 2)+ROUND(Source!AE41*Source!I41, 2))), 2) -> 0 | T63: =Source!X41 -> 0 | U63: =ROUND((Source!FY41/100)*((ROUND(Source!AF41*Source!I41, 2)+ROUND(Source!AE41*Source!I41, 2))), 2) -> 0 | V63: =Source!Y41 -> 0 | W63: =IF(Source!BI41<=1,H63, 0) -> 0 | X63: =IF(Source!BI41=2,H63, 0) -> 0 | Y63: =IF(Source!BI41=3,H63, 0) -> 0 | Z63: =IF(Source!BI41=4,H63, 0) -> 0
G64: =H55+H56+H58+H59+H60+SUM(H62:H63) -> 213.8 | J64: =K55+K56+K58+K59+K60+SUM(K62:K63) -> 1425.98 | L64: =Source!U37 -> 4.811025 | O64: =G64 -> 213.8 | P64: =J64 -> 1425.98 | Q64: =L64 -> 4.811025 | W64: =IF(Source!BI37<=1,H55+H56+H58+H59+H60, 0) -> 101.87 | X64: =IF(Source!BI37=2,H55+H56+H58+H59+H60, 0) -> 0 | Y64: =IF(Source!BI37=3,H55+H56+H58+H59+H60, 0) -> 0 | Z64: =IF(Source!BI37=4,H55+H56+H58+H59+H60, 0) -> 0
A65: =Source!E43 -> 5 | B65: =Source!F43 -> 10-01-035-03 | C65: =Source!G43 -> Установка подоконных досок из ПВХ в каменных стенах толщиной свыше 0,51 м | D65: =Source!H43 -> 100 м | E65: =Source!I43 -> 0.1015 | F65: =Source!AL43+Source!AM43+Source!AO43 -> 6481.17 | I65: =Source!BO43 | S65: =ROUND((Source!FX43/100)*((ROUND(Source!AF43*Source!I43, 2)+ROUND(Source!AE43*Source!I43, 2))), 2) -> 23.2 | T65: =Source!X43 -> 154.25 | U65: =ROUND((Source!FY43/100)*((ROUND(Source!AF43*Source!I43, 2)+ROUND(Source!AE43*Source!I43, 2))), 2) -> 11.7 | V65: =Source!Y43 -> 78.58
C66: ="Объем: "&Source!I43&"=10,15/"&"100" -> Объем: 0,1015=10,15/100
C67: Зарплата | F67: =Source!AO43 -> 182.37 | G67: =Source!DG43 -> )*1,15 | H67: =ROUND(Source!AF43*Source!I43, 2) -> 21.29 | J67: =IF(Source!BA43<> 0, Source!BA43, 1) -> 6.66 | K67: =Source!S43 -> 141.78 | R67: =H67 -> 21.29
C68: Эксплуатация машин | F68: =Source!AM43 -> 21.9 | G68: =Source!DE43 -> )*1,25 | H68: =ROUND(Source!AD43*Source!I43, 2) -> 2.78 | J68: =IF(Source!BB43<> 0, Source!BB43, 1) -> 6.66 | K68: =Source!Q43 -> 18.51
C69: в т.ч. зарплата машинистов | F69: =Source!AN43 -> 4.43 | G69: =Source!DF43 -> )*1,25 | H69: =ROUND(Source!AE43*Source!I43, 2) -> 0.56 | J69: =IF(Source!BS43<> 0, Source!BS43, 1) -> 6.66 | K69: =Source!R43 -> 3.74 | R69: =H69 -> 0.56
C70: Материальные ресурсы | F70: =Source!AL43 -> 6276.9 | G70: =Source!DD43 | H70: =ROUND(Source!AC43*Source!I43, 2) -> 637.11 | J70: =IF(Source!BC43<> 0, Source!BC43, 1) -> 6.66 | K70: =Source!P43 -> 4243.12
C71: НР от ФОТ | D71: % | E71: =Source!BZ43 -> 118 | F71: =CONCATENATE(" )", Source!DL43, Source!FT43, "=", Source!FX43) -> )*0,9=106,2 | H71: =SUM(S65:S74) -> 23.2 | J71: =Source!AT43 -> 106 | K71: =SUM(T65:T74) -> 154.25
C72: СП от ФОТ | D72: % | E72: =Source!CA43 -> 63 | F72: =CONCATENATE(" )", Source!DM43, Source!FU43, "=", Source!FY43) -> )*0,85=53,55 | H72: =SUM(U65:U74) -> 11.7 | J72: =Source!AU43 -> 54 | K72: =SUM(V65:V74) -> 78.58
C73: Затраты труда | D73: чел-ч | E73: =Source!AQ43 -> 21.38 | G73: =Source!DI43 -> )*1,15 | L73: =Source!U43 -> 2.4955805
A74: =Source!E45 -> 5,1 | B74: =Source!F45 -> 11.3.03.01-0011 | C74: =Source!G45 -> Доски подоконные ПВХ, шириной 600 мм | D74: =Source!H45 -> м | E74: =Source!I45 -> 10.15 | F74: =Source!AL45+Source!AM45+Source!AO45 -> 74.91 | H74: =ROUND(Source!AC45*Source!I45, 2)+ROUND(Source!AD45*Source!I45, 2)+ROUND(Source!AF45*Source!I45, 2) -> 760.34 | J74: =IF(Source!BC45<> 0, Source!BC45, 1) -> 6.66 | K74: =Source!O45 -> 5063.84 | S74: =ROUND((Source!FX45/100)*((ROUND(Source!AF45*Source!I45, 2)+ROUND(Source!AE45*Source!I45, 2))), 2) -> 0 | T74: =Source!X45 -> 0 | U74: =ROUND((Source!FY45/100)*((ROUND(Source!AF45*Source!I45, 2)+ROUND(Source!AE45*Source!I45, 2))), 2) -> 0 | V74: =Source!Y45 -> 0 | W74: =IF(Source!BI45<=1,H74, 0) -> 760.34 | X74: =IF(Source!BI45=2,H74, 0) -> 0 | Y74: =IF(Source!BI45=3,H74, 0) -> 0 | Z74: =IF(Source!BI45=4,H74, 0) -> 0
G75: =H67+H68+H70+H71+H72+SUM(H74:H74) -> 1456.42 | J75: =K67+K68+K70+K71+K72+SUM(K74:K74) -> 9700.08 | L75: =Source!U43 -> 2.4955805 | O75: =G75 -> 1456.42 | P75: =J75 -> 9700.08 | Q75: =L75 -> 2.4955805 | W75: =IF(Source!BI43<=1,H67+H68+H70+H71+H72, 0) -> 696.08 | X75: =IF(Source!BI43=2,H67+H68+H70+H71+H72, 0) -> 0 | Y75: =IF(Source!BI43=3,H67+H68+H70+H71+H72, 0) -> 0 | Z75: =IF(Source!BI43=4,H67+H68+H70+H71+H72, 0) -> 0
A76: =Source!E47 -> 6 | B76: =Source!F47 -> 15-01-050-04 | C76: =Source!G47 -> Облицовка оконных и дверных откосов декоративным бумажно-слоистым пластиком или листами из синтетических материалов на клее | D76: =Source!H47 -> 100 м2 | E76: =Source!I47 -> 0.1733 | F76: =Source!AL47+Source!AM47+Source!AO47 -> 1563.91 | I76: =Source!BO47 | S76: =ROUND((Source!FX47/100)*((ROUND(Source!AF47*Source!I47, 2)+ROUND(Source!AE47*Source!I47, 2))), 2) -> 289.22 | T76: =Source!X47 -> 1936.39 | U76: =ROUND((Source!FY47/100)*((ROUND(Source!AF47*Source!I47, 2)+ROUND(Source!AE47*Source!I47, 2))), 2) -> 143.08 | V76: =Source!Y47 -> 958.01
C77: ="Объем: "&Source!I47&"=17,33/"&"100" -> Объем: 0,1733=17,33/100
C78: Зарплата | F78: =Source!AO47 -> 1528.19 | G78: =Source!DG47 -> )*1,15 | H78: =ROUND(Source!AF47*Source!I47, 2) -> 304.56 | J78: =IF(Source!BA47<> 0, Source!BA47, 1) -> 6.66 | K78: =Source!S47 -> 2028.38 | R78: =H78 -> 304.56
C79: Эксплуатация машин | F79: =Source!AM47 -> 35.36 | G79: =Source!DE47 -> )*1,25 | H79: =ROUND(Source!AD47*Source!I47, 2) -> 7.66 | J79: =IF(Source!BB47<> 0, Source!BB47, 1) -> 6.66 | K79: =Source!Q47 -> 51.01
C80: в т.ч. зарплата машинистов | F80: =Source!AN47 -> 6.88 | G80: =Source!DF47 -> )*1,25 | H80: =ROUND(Source!AE47*Source!I47, 2) -> 1.49 | J80: =IF(Source!BS47<> 0, Source!BS47, 1) -> 6.66 | K80: =Source!R47 -> 9.93 | R80: =H80 -> 1.49
C81: Материальные ресурсы | F81: =Source!AL47 -> 0.36 | G81: =Source!DD47 | H81: =ROUND(Source!AC47*Source!I47, 2) -> 0.06 | J81: =IF(Source!BC47<> 0, Source!BC47, 1) -> 6.66 | K81: =Source!P47 -> 0.42
C82: НР от ФОТ | D82: % | E82: =Source!BZ47 -> 105 | F82: =CONCATENATE(" )", Source!DL47, Source!FT47, "=", Source!FX47) -> )*0,9=94,5 | H82: =SUM(S76:S90) -> 289.22 | J82: =Source!AT47 -> 95 | K82: =SUM(T76:T90) -> 1936.39
C83: СП от ФОТ | D83: % | E83: =Source!CA47 -> 55 | F83: =CONCATENATE(" )", Source!DM47, Source!FU47, "=", Source!FY47) -> )*0,85=46,75 | H83: =SUM(U76:U90) -> 143.08 | J83: =Source!AU47 -> 47 | K83: =SUM(V76:V90) -> 958.01
C84: Затраты труда | D84: чел-ч | E84: =Source!AQ47 -> 166.47 | G84: =Source!DI47 -> )*1,15 | L84: =Source!U47 -> 33.176639
A85: =Source!E49 -> 6,1 | B85: =Source!F49 -> 11.3.03.05-0001 | C85: =Source!G49 -> Панели пластиковые для откосов "Реас Пласт" шириной 0,5 м, длиной 3,0 м, белые матовые, лакированные | D85: =Source!H49 -> м2 | E85: =Source!I49 -> 18.1965 | F85: =Source!AL49+Source!AM49+Source!AO49 -> 34.38 | H85: =ROUND(Source!AC49*Source!I49, 2)+ROUND(Source!AD49*Source!I49, 2)+ROUND(Source!AF49*Source!I49, 2) -> 625.6 | J85: =IF(Source!BC49<> 0, Source!BC49, 1) -> 6.66 | K85: =Source!O49 -> 4166.47 | S85: =ROUND((Source!FX49/100)*((ROUND(Source!AF49*Source!I49, 2)+ROUND(Source!AE49*Source!I49, 2))), 2) -> 0 | T85: =Source!X49 -> 0 | U85: =ROUND((Source!FY49/100)*((ROUND(Source!AF49*Source!I49, 2)+ROUND(Source!AE49*Source!I49, 2))), 2) -> 0 | V85: =Source!Y49 -> 0 | W85: =IF(Source!BI49<=1,H85, 0) -> 625.6 | X85: =IF(Source!BI49=2,H85, 0) -> 0 | Y85: =IF(Source!BI49=3,H85, 0) -> 0 | Z85: =IF(Source!BI49=4,H85, 0) -> 0
A86: =Source!E51 -> 6,2 | B86: =Source!F51 -> 14.1.02.04-0102 | C86: =Source!G51 -> Клей Forbo 522, для укладки ПВХ-покрытий | D86: =Source!H51 -> кг | E86: =Source!I51 -> 5.199 | F86: =Source!AL51+Source!AM51+Source!AO51 -> 25.56 | H86: =ROUND(Source!AC51*Source!I51, 2)+ROUND(Source!AD51*Source!I51, 2)+ROUND(Source!AF51*Source!I51, 2) -> 132.89 | J86: =IF(Source!BC51<> 0, Source!BC51, 1) -> 6.66 | K86: =Source!O51 -> 885.02 | S86: =ROUND((Source!FX51/100)*((ROUND(Source!AF51*Source!I51, 2)+ROUND(Source!AE51*Source!I51, 2))), 2) -> 0 | T86: =Source!X51 -> 0 | U86: =ROUND((Source!FY51/100)*((ROUND(Source!AF51*Source!I51, 2)+ROUND(Source!AE51*Source!I51, 2))), 2) -> 0 | V86: =Source!Y51 -> 0 | W86: =IF(Source!BI51<=1,H86, 0) -> 132.89 | X86: =IF(Source!BI51=2,H86, 0) -> 0 | Y86: =IF(Source!BI51=3,H86, 0) -> 0 | Z86: =IF(Source!BI51=4,H86, 0) -> 0
A87: =Source!E53 -> 6,3 | B87: =Source!F53 -> 14.3.01.01-0001 | C87: =Source!G53 -> Грунтовка: «Бетоконтакт», КНАУФ | D87: =Source!H53 -> кг | E87: =Source!I53 -> 1.542 | F87: =Source!AL53+Source!AM53+Source!AO53 -> 15.09 | H87: =ROUND(Source!AC53*Source!I53, 2)+ROUND(Source!AD53*Source!I53, 2)+ROUND(Source!AF53*Source!I53, 2) -> 23.27 | J87: =IF(Source!BC53<> 0, Source!BC53, 1) -> 6.66 | K87: =Source!O53 -> 154.97 | S87: =ROUND((Source!FX53/100)*((ROUND(Source!AF53*Source!I53, 2)+ROUND(Source!AE53*Source!I53, 2))), 2) -> 0 | T87: =Source!X53 -> 0 | U87: =ROUND((Source!FY53/100)*((ROUND(Source!AF53*Source!I53, 2)+ROUND(Source!AE53*Source!I53, 2))), 2) -> 0 | V87: =Source!Y53 -> 0 | W87: =IF(Source!BI53<=1,H87, 0) -> 23.27 | X87: =IF(Source!BI53=2,H87, 0) -> 0 | Y87: =IF(Source!BI53=3,H87, 0) -> 0 | Z87: =IF(Source!BI53=4,H87, 0) -> 0
A88: =Source!E55 -> 6,4 | B88: =Source!F55 -> 01.6.01.11 | C88: =Source!G55 -> Листы облицовочные декоративные | D88: =Source!H55 -> м2 | E88: =Source!I55 -> 18.1965 | F88: =Source!AL55+Source!AM55+Source!AO55 -> 0 | H88: =ROUND(Source!AC55*Source!I55, 2)+ROUND(Source!AD55*Source!I55, 2)+ROUND(Source!AF55*Source!I55, 2) -> 0 | J88: =IF(Source!BC55<> 0, Source!BC55, 1) -> 6.66 | K88: =Source!O55 -> 0 | S88: =ROUND((Source!FX55/100)*((ROUND(Source!AF55*Source!I55, 2)+ROUND(Source!AE55*Source!I55, 2))), 2) -> 0 | T88: =Source!X55 -> 0 | U88: =ROUND((Source!FY55/100)*((ROUND(Source!AF55*Source!I55, 2)+ROUND(Source!AE55*Source!I55, 2))), 2) -> 0 | V88: =Source!Y55 -> 0 | W88: =IF(Source!BI55<=1,H88, 0) -> 0 | X88: =IF(Source!BI55=2,H88, 0) -> 0 | Y88: =IF(Source!BI55=3,H88, 0) -> 0 | Z88: =IF(Source!BI55=4,H88, 0) -> 0
A89: =Source!E57 -> 6,5 | B89: =Source!F57 -> 14.1.06.05 | C89: =Source!G57 -> Клей | D89: =Source!H57 -> кг | E89: =Source!I57 -> 5.199 | F89: =Source!AL57+Source!AM57+Source!AO57 -> 0 | H89: =ROUND(Source!AC57*Source!I57, 2)+ROUND(Source!AD57*Source!I57, 2)+ROUND(Source!AF57*Source!I57, 2) -> 0 | J89: =IF(Source!BC57<> 0, Source!BC57, 1) -> 6.66 | K89: =Source!O57 -> 0 | S89: =ROUND((Source!FX57/100)*((ROUND(Source!AF57*Source!I57, 2)+ROUND(Source!AE57*Source!I57, 2))), 2) -> 0 | T89: =Source!X57 -> 0 | U89: =ROUND((Source!FY57/100)*((ROUND(Source!AF57*Source!I57, 2)+ROUND(Source!AE57*Source!I57, 2))), 2) -> 0 | V89: =Source!Y57 -> 0 | W89: =IF(Source!BI57<=1,H89, 0) -> 0 | X89: =IF(Source!BI57=2,H89, 0) -> 0 | Y89: =IF(Source!BI57=3,H89, 0) -> 0 | Z89: =IF(Source!BI57=4,H89, 0) -> 0
A90: =Source!E59 -> 6,6 | B90: =Source!F59 -> 14.4.01.21 | C90: =Source!G59 -> Грунтовка | D90: =Source!H59 -> т | E90: =Source!I59 -> 0.001542 | F90: =Source!AL59+Source!AM59+Source!AO59 -> 0 | H90: =ROUND(Source!AC59*Source!I59, 2)+ROUND(Source!AD59*Source!I59, 2)+ROUND(Source!AF59*Source!I59, 2) -> 0 | J90: =IF(Source!BC59<> 0, Source!BC59, 1) -> 6.66 | K90: =Source!O59 -> 0 | S90: =ROUND((Source!FX59/100)*((ROUND(Source!AF59*Source!I59, 2)+ROUND(Source!AE59*Source!I59, 2))), 2) -> 0 | T90: =Source!X59 -> 0 | U90: =ROUND((Source!FY59/100)*((ROUND(Source!AF59*Source!I59, 2)+ROUND(Source!AE59*Source!I59, 2))), 2) -> 0 | V90: =Source!Y59 -> 0 | W90: =IF(Source!BI59<=1,H90, 0) -> 0 | X90: =IF(Source!BI59=2,H90, 0) -> 0 | Y90: =IF(Source!BI59=3,H90, 0) -> 0 | Z90: =IF(Source!BI59=4,H90, 0) -> 0
G91: =H78+H79+H81+H82+H83+SUM(H85:H90) -> 1526.34 | J91: =K78+K79+K81+K82+K83+SUM(K85:K90) -> 10180.67 | L91: =Source!U47 -> 33.176639 | O91: =G91 -> 1526.34 | P91: =J91 -> 10180.67 | Q91: =L91 -> 33.176639 | W91: =IF(Source!BI47<=1,H78+H79+H81+H82+H83, 0) -> 744.58 | X91: =IF(Source!BI47=2,H78+H79+H81+H82+H83, 0) -> 0 | Y91: =IF(Source!BI47=3,H78+H79+H81+H82+H83, 0) -> 0 | Z91: =IF(Source!BI47=4,H78+H79+H81+H82+H83, 0) -> 0
A92: =Source!E61 -> 7 | B92: =Source!F61 -> 12-01-010-01 | C92: =Source!G61 -> Устройство мелких покрытий (брандмауэры, парапеты, свесы и т.п.) из листовой оцинкованной стали (отливы) | D92: =Source!H61 -> 100 м2 | E92: =Source!I61 -> 0.0254 | F92: =Source!AL61+Source!AM61+Source!AO61 -> 9874.22 | I92: =Source!BO61 | S92: =ROUND((Source!FX61/100)*((ROUND(Source!AF61*Source!I61, 2)+ROUND(Source!AE61*Source!I61, 2))), 2) -> 30.46 | T92: =Source!X61 -> 202.87 | U92: =ROUND((Source!FY61/100)*((ROUND(Source!AF61*Source!I61, 2)+ROUND(Source!AE61*Source!I61, 2))), 2) -> 15.58 | V92: =Source!Y61 -> 103.31
C93: ="Объем: "&Source!I61&"=2,54/"&"100" -> Объем: 0,0254=2,54/100
C94: Зарплата | F94: =Source!AO61 -> 961.76 | G94: =Source!DG61 -> )*1,15 | H94: =ROUND(Source!AF61*Source!I61, 2) -> 28.09 | J94: =IF(Source!BA61<> 0, Source!BA61, 1) -> 6.66 | K94: =Source!S61 -> 187.1 | R94: =H94 -> 28.09
C95: Эксплуатация машин | F95: =Source!AM61 -> 21.88 | G95: =Source!DE61 -> )*1,25 | H95: =ROUND(Source!AD61*Source!I61, 2) -> 0.69 | J95: =IF(Source!BB61<> 0, Source!BB61, 1) -> 6.66 | K95: =Source!Q61 -> 4.63
C96: в т.ч. зарплата машинистов | F96: =Source!AN61 -> 3.51 | G96: =Source!DF61 -> )*1,25 | H96: =ROUND(Source!AE61*Source!I61, 2) -> 0.11 | J96: =IF(Source!BS61<> 0, Source!BS61, 1) -> 6.66 | K96: =Source!R61 -> 0.74 | R96: =H96 -> 0.11
C97: Материальные ресурсы | F97: =Source!AL61 -> 8890.58 | G97: =Source!DD61 | H97: =ROUND(Source!AC61*Source!I61, 2) -> 225.82 | J97: =IF(Source!BC61<> 0, Source!BC61, 1) -> 6.66 | K97: =Source!P61 -> 1503.97
C98: НР от ФОТ | D98: % | E98: =Source!BZ61 -> 120 | F98: =CONCATENATE(" )", Source!DL61, Source!FT61, "=", Source!FX61) -> )*0,9=108 | H98: =SUM(S92:S102) -> 30.46 | J98: =Source!AT61 -> 108 | K98: =SUM(T92:T102) -> 202.87
C99: СП от ФОТ | D99: % | E99: =Source!CA61 -> 65 | F99: =CONCATENATE(" )", Source!DM61, Source!FU61, "=", Source!FY61) -> )*0,85=55,25 | H99: =SUM(U92:U102) -> 15.58 | J99: =Source!AU61 -> 55 | K99: =SUM(V92:V102) -> 103.31
C100: Затраты труда | D100: чел-ч | E100: =Source!AQ61 -> 112.75 | G100: =Source!DI61 -> )*1,15 | L100: =Source!U61 -> 3.2934275
A101: =Source!E63 -> 7,1 | B101: =Source!F63 -> 08.3.05.05-0053 | C101: =Source!G63 -> Сталь листовая оцинкованная толщиной листа 0,7 мм | D101: =Source!H63 -> т | E101: =Source!I63 -> -0.019863 | F101: =Source!AL63+Source!AM63+Source!AO63 -> 11200 | H101: =ROUND(Source!AC63*Source!I63, 2)+ROUND(Source!AD63*Source!I63, 2)+ROUND(Source!AF63*Source!I63, 2) -> -222.47 | J101: =IF(Source!BC63<> 0, Source!BC63, 1) -> 6.66 | K101: =Source!O63 -> -1481.62 | S101: =ROUND((Source!FX63/100)*((ROUND(Source!AF63*Source!I63, 2)+ROUND(Source!AE63*Source!I63, 2))), 2) -> 0 | T101: =Source!X63 -> 0 | U101: =ROUND((Source!FY63/100)*((ROUND(Source!AF63*Source!I63, 2)+ROUND(Source!AE63*Source!I63, 2))), 2) -> 0 | V101: =Source!Y63 -> 0 | W101: =IF(Source!BI63<=1,H101, 0) -> -222.47 | X101: =IF(Source!BI63=2,H101, 0) -> 0 | Y101: =IF(Source!BI63=3,H101, 0) -> 0 | Z101: =IF(Source!BI63=4,H101, 0) -> 0
A102: =Source!E65 -> 7,2 | B102: =Source!F65 -> 08.1.02.03-0021 | C102: =Source!G65 -> Водоотлив оконный шириной планки 250 мм из оцинкованной стали с полимерным покрытием (согласно тех.заданию) | D102: =Source!H65 -> П.М | E102: =Source!I65 -> 10.15 | F102: =Source!AL65+Source!AM65+Source!AO65 -> 26.41 | H102: =ROUND(Source!AC65*Source!I65, 2)+ROUND(Source!AD65*Source!I65, 2)+ROUND(Source!AF65*Source!I65, 2) -> 268.06 | J102: =IF(Source!BC65<> 0, Source!BC65, 1) -> 6.66 | K102: =Source!O65 -> 1785.29 | S102: =ROUND((Source!FX65/100)*((ROUND(Source!AF65*Source!I65, 2)+ROUND(Source!AE65*Source!I65, 2))), 2) -> 0 | T102: =Source!X65 -> 0 | U102: =ROUND((Source!FY65/100)*((ROUND(Source!AF65*Source!I65, 2)+ROUND(Source!AE65*Source!I65, 2))), 2) -> 0 | V102: =Source!Y65 -> 0 | W102: =IF(Source!BI65<=1,H102, 0) -> 268.06 | X102: =IF(Source!BI65=2,H102, 0) -> 0 | Y102: =IF(Source!BI65=3,H102, 0) -> 0 | Z102: =IF(Source!BI65=4,H102, 0) -> 0
G103: =H94+H95+H97+H98+H99+SUM(H101:H102) -> 346.23 | J103: =K94+K95+K97+K98+K99+SUM(K101:K102) -> 2305.55 | L103: =Source!U61 -> 3.2934275 | O103: =G103 -> 346.23 | P103: =J103 -> 2305.55 | Q103: =L103 -> 3.2934275 | W103: =IF(Source!BI61<=1,H94+H95+H97+H98+H99, 0) -> 300.64 | X103: =IF(Source!BI61=2,H94+H95+H97+H98+H99, 0) -> 0 | Y103: =IF(Source!BI61=3,H94+H95+H97+H98+H99, 0) -> 0 | Z103: =IF(Source!BI61=4,H94+H95+H97+H98+H99, 0) -> 0
A104: =Source!E67 -> 8 | B104: =Source!F67 -> 15-02-031-01 | C104: =Source!G67 -> Штукатурка поверхностей оконных и дверных откосов по бетону и камню плоских | D104: =Source!H67 -> 100 м2 | E104: =Source!I67 -> 0.065 | F104: =Source!AL67+Source!AM67+Source!AO67 -> 4206.63 | I104: =Source!BO67 | S104: =ROUND((Source!FX67/100)*((ROUND(Source!AF67*Source!I67, 2)+ROUND(Source!AE67*Source!I67, 2))), 2) -> 118.15 | T104: =Source!X67 -> 791.07 | U104: =ROUND((Source!FY67/100)*((ROUND(Source!AF67*Source!I67, 2)+ROUND(Source!AE67*Source!I67, 2))), 2) -> 58.45 | V104: =Source!Y67 -> 391.37
C105: ="Объем: "&Source!I67&"=6,5/"&"100" -> Объем: 0,065=6,5/100
C106: Зарплата | F106: =Source!AO67 -> 1895.72 | G106: =Source!DG67 | H106: =ROUND(Source!AF67*Source!I67, 2) -> 123.22 | J106: =IF(Source!BA67<> 0, Source!BA67, 1) -> 6.66 | K106: =Source!S67 -> 820.66 | R106: =H106 -> 123.22
...

Sheet Source
A1: 0 | B1: Smeta.RU (495) 974-1589 | D1: _PS_ | F1: 0 | G1: 0 | H1: 0 | I1: Smeta.RU | K1: 0 | L1: 13277 | M1: 10
A12: 1 | B12: 842 | C12: 0 | D12: =ROW(A781) -> 781 | E12: 0 | F12: Новый объект_(Копия) | G12: Капитальный ремонт помещений №35, №36 цокольного этажа здания Технологического института -филиала НИЯУ МИФИ(ТИ НИЯУ МИФИ) по адресу: Свердловская обл.,г.Лесной, Коммунистический проспект, д.36 | I12: 0 | K12: 0 | O12: 0 | P12: 0 | Q12: 0 | R12: 0 | S12: 0 | V12: 0 | BH12: Сметные нормы списания | BI12: Коды ценников | BJ12: 1 | BK12: 1 | BL12: 0 | BM12: 0 | BN12: 1 | BO12: 0 | BP12: 2 | BQ12: 2 | BR12: 1 | BS12: 1 | BT12: 0 | BU12: 0 | BV12: 0 | BW12: 0 | BX12: 0 | BY12: ФЕР-2017 | BZ12: ТР для Версии 10: Центральные регионы (с учетом п-ма 2536-ИП/12/ГС от 22.03.2017 г | CA12: ФЕР-2017 | CB12: ФЕР-2017 | CC12: ФЕР-2017 | CD12: ФЕР-2017 | CE12: Поправки для ГСН 2017 от 31.03.2017 г | CF12: 0 | CG12: 0 | CH12: 524296 | CK12: 4 | EC12: 0
A15: 15 | B15: 1
A18: 52 | B18: =B781 -> 842 | C18: =C781 -> 1 | D18: =D781 -> 12 | E18: =E781 -> 0 | F18: =F781 -> Новый объект_(Копия) | G18: =G781 -> Капитальный ремонт помещений №35, №36 цокольного этажа здания Технологического института -филиала НИЯУ МИФИ(ТИ НИЯУ МИФИ) по адресу: Свердловская обл.,г.Лесной, Коммунистический проспект, д.36 | O18: =O781 -> 203217.23 | P18: =P781 -> 183905.58 | Q18: =Q781 -> 2793.08 | R18: =R781 -> 486.45 | S18: =S781 -> 16518.57 | T18: =T781 -> 0 | U18: =U781 -> 1834.1846 | V18: =V781 -> 42.336587 | ... GX18: =GX781 -> 0
A20: 3 | B20: 1 | D20: =ROW(A749) -> 749 | F20: Новая локальная смета | G20: Новая локальная смета | I20: 0 | K20: 0 | V20: 0 | BX20: 0 | CF20: 0 | CG20: 0
A22: 52 | B22: =B749 -> 1 | C22: =C749 -> 3 | D22: =D749 -> 20 | E22: =E749 -> 0 | F22: =F749 -> Новая локальная смета | G22: =G749 -> Новая локальная смета | O22: =O749 -> 203217.23 | P22: =P749 -> 183905.58 | Q22: =Q749 -> 2793.08 | R22: =R749 -> 486.45 | S22: =S749 -> 16518.57 | T22: =T749 -> 0 | U22: =U749 -> 1834.1846 | V22: =V749 -> 42.336587 | ... GX22: =GX749 -> 0
A24: 4 | B24: 1 | D24: =ROW(A223) -> 223 | G24: Раздел 1 Общестроительные работы | I24: 0 | K24: 0 | V24: 0 | BX24: 0 | CJ24: 0
A26: 52 | B26: =B223 -> 1 | C26: =C223 -> 4 | D26: =D223 -> 24 | E26: =E223 -> 0 | F26: =F223 | G26: =G223 -> Раздел 1 Общестроительные работы | O26: =O223 -> 167483.01 | P26: =P223 -> 153610.92 | Q26: =Q223 -> 1423.14 | R26: =R223 -> 381.15 | S26: =S223 -> 12448.95 | T26: =T223 -> 0 | U26: =U223 -> 1394.835 | V26: =V223 -> 33.574061 | ... GX26: =GX223 -> 0
A28: 17 | B28: 1 | C28: =ROW(SmtRes!A3) -> 3 | D28: =ROW(EtalonRes!A3) -> 3 | E28: 1 | F28: 46-04-012-03 | G28: Разборка деревянных заполнений проемов дверных и воротных | H28: 100 м2 | I28: =ROUND(7/100,9) -> 0.07 | J28: 0 | O28: =ROUND(CP28,2) -> 75.78 | P28: =ROUND(CQ28*I28,2) -> 0 | Q28: =ROUND(CR28*I28,2) -> 16.94 | R28: =ROUND(CS28*I28,2) -> 7.31 | S28: =ROUND(CT28*I28,2) -> 58.84 | T28: =ROUND(CU28*I28,2) -> 0 | U28: =CV28*I28 -> 7.2737 | V28: =CW28*I28 -> 0.5418 | W28: =ROUND(CX28*I28,2) -> 0 | X28: =ROUND(CY28,2) -> 65.49 | Y28: =ROUND(CZ28,2) -> 39.69 | AA28: 39500385 | AB28: =ROUND((AC28+AD28+AF28),2) -> 1082.58 | AC28: =ROUND((ES28),2) -> 0 | AD28: =ROUND((((ET28)-(EU28))+AE28),2) -> 241.95 | AE28: =ROUND((EU28),2) -> 104.49 | AF28: =ROUND((EV28),2) -> 840.63 | AG28: =ROUND((AP28),2) -> 0 | AH28: =(EW28) -> 103.91 | AI28: =(EX28) -> 7.74 | AJ28: =ROUND((AS28),2) -> 0 | AK28: 1082.58 | AL28: 0 | AM28: 241.95 | AN28: 104.49 | AO28: 840.63 | AP28: 0 | AQ28: 103.91 | AR28: 7.74 | AS28: 0 | AT28: 99 | AU28: 60 | AV28: 1 | AW28: 1 | AZ28: 1 | BA28: 1 | BB28: 1 | BC28: 1 | BH28: 0 | BI28: 1 | BJ28: ФЕР-2001, 46-04-012-03, приказ Минстроя России №1039/пр от 30.12.2016г. | BM28: 46001 | BN28: 0 | BP28: 0 | BQ28: 2 | BR28: 0 | BS28: 1 | BT28: 1 | BU28: 1 | BV28: 1 | BW28: 1 | BX28: 1 | BZ28: 110 | CA28: 70 | CF28: 0 | CG28: 0 | CM28: 0 | CO28: 0 | CP28: =(P28+Q28+S28) -> 75.78 | CQ28: =AC28*BC28 -> 0 | CR28: =AD28*BB28 -> 241.95 | CS28: =AE28*BS28 -> 104.49 | CT28: =AF28*BA28 -> 840.63 | CU28: =AG28 -> 0 | CV28: =AH28 -> 103.91 | CW28: =AI28 -> 7.74 | CX28: =AJ28 -> 0 | CY28: =(((S28+R28)*AT28)/100) -> 65.4885 | CZ28: =(((S28+R28)*AU28)/100) -> 39.69 | DN28: 0 | DO28: 0 | DP28: 1 | DQ28: 1 | DU28: 1005 | DV28: 100 м2 | DW28: 100 м2 | DX28: 100 | EE28: 39174571 | EF28: 2 | EG28: Общестроительные работы | EH28: 0 | EJ28: 1 | EK28: 46001 | EL28: Реконструкция зданий и сооружений | EM28: ФЕР-46 | EQ28: 131072 | ER28: 1082.58 | ES28: 0 | ET28: 241.95 | EU28: 104.49 | EV28: 840.63 | EW28: 103.91 | EX28: 7.74 | EY28: 0 | FQ28: 0 | FR28: =ROUND(IF(AND(BH28=3,BI28=3),P28,0),2) -> 0 | FS28: 0 | FT28: *0,9 | FU28: *0,85 | FX28: 99 | FY28: 59.5 | GD28: 0 | GF28: 309229644 | GG28: 2 | GH28: 1 | GI28: -2 | GJ28: 0 | GK28: =ROUND(R28*(R12)/100,2) -> 0 | GL28: =ROUND(IF(AND(BH28=3,BI28=3,FS28<>0),P28,0),2) -> 0 | GM28: =ROUND(O28+X28+Y28+GK28,2)+GX28 -> 180.96 | GN28: =IF(OR(BI28=0,BI28=1),ROUND(O28+X28+Y28+GK28,2),0) -> 180.96 | GO28: =IF(BI28=2,ROUND(O28+X28+Y28+GK28,2),0) -> 0 | GP28: =IF(BI28=4,ROUND(O28+X28+Y28+GK28,2)+GX28,0) -> 0 | GR28: 0 | GS28: 3 | GT28: 0 | GV28: =ROUND(GT28,2) -> 0 | GW28: 1 | GX28: =ROUND(GV28*GW28*I28,2) -> 0 | HA28: 0 | HB28: 0 | IK28: 0
A29: 17 | B29: 1 | C29: =ROW(SmtRes!A6) -> 6 | D29: =ROW(EtalonRes!A6) -> 6 | E29: 1 | F29: 46-04-012-03 | G29: Разборка деревянных заполнений проемов дверных и воротных | H29: 100 м2 | I29: =ROUND(7/100,9) -> 0.07 | J29: 0 | O29: =ROUND(CP29,2) -> 504.7 | P29: =ROUND(CQ29*I29,2) -> 0 | Q29: =ROUND(CR29*I29,2) -> 112.8 | R29: =ROUND(CS29*I29,2) -> 48.71 | S29: =ROUND(CT29*I29,2) -> 391.9 | T29: =ROUND(CU29*I29,2) -> 0 | U29: =CV29*I29 -> 7.2737 | V29: =CW29*I29 -> 0.5418 | W29: =ROUND(CX29*I29,2) -> 0 | X29: =ROUND(CY29,2) -> 436.2 | Y29: =ROUND(CZ29,2) -> 264.37 | AA29: 39500386 | AB29: =ROUND((AC29+AD29+AF29),2) -> 1082.58 | AC29: =ROUND((ES29),2) -> 0 | AD29: =ROUND((((ET29)-(EU29))+AE29),2) -> 241.95 | AE29: =ROUND((EU29),2) -> 104.49 | AF29: =ROUND((EV29),2) -> 840.63 | AG29: =ROUND((AP29),2) -> 0 | AH29: =(EW29) -> 103.91 | AI29: =(EX29) -> 7.74 | AJ29: =ROUND((AS29),2) -> 0 | AK29: 1082.58 | AL29: 0 | AM29: 241.95 | AN29: 104.49 | AO29: 840.63 | AP29: 0 | AQ29: 103.91 | AR29: 7.74 | AS29: 0 | AT29: 99 | AU29: 60 | AV29: 1 | AW29: 1 | AZ29: 6.66 | BA29: 6.66 | BB29: 6.66 | BC29: 6.66 | BH29: 0 | BI29: 1 | BJ29: ФЕР-2001, 46-04-012-03, приказ Минстроя России №1039/пр от 30.12.2016г. | BM29: 46001 | BN29: 0 | BP29: 0 | BQ29: 2 | BR29: 0 | BS29: 6.66 | BT29: 1 | BU29: 1 | BV29: 1 | BW29: 1 | BX29: 1 | BZ29: 110 | CA29: 70 | CF29: 0 | CG29: 0 | CM29: 0 | CO29: 0 | CP29: =(P29+Q29+S29) -> 504.7 | CQ29: =AC29*BC29 -> 0 | CR29: =AD29*BB29 -> 1611.387 | CS29: =AE29*BS29 -> 695.9034 | CT29: =AF29*BA29 -> 5598.5958 | CU29: =AG29 -> 0 | CV29: =AH29 -> 103.91 | CW29: =AI29 -> 7.74 | CX29: =AJ29 -> 0 | CY29: =(((S29+R29)*AT29)/100) -> 436.2039 | CZ29: =(((S29+R29)*AU29)/100) -> 264.366 | DN29: 0 | DO29: 0 | DP29: 1 | DQ29: 1 | DU29: 1005 | DV29: 100 м2 | DW29: 100 м2 | DX29: 100 | EE29: 39174571 | EF29: 2 | EG29: Общестроительные работы | EH29: 0 | EJ29: 1 | EK29: 46001 | EL29: Реконструкция зданий и сооружений | EM29: ФЕР-46 | EQ29: 131072 | ER29: 1082.58 | ES29: 0 | ET29: 241.95 | EU29: 104.49 | EV29: 840.63 | EW29: 103.91 | EX29: 7.74 | EY29: 0 | FQ29: 0 | FR29: =ROUND(IF(AND(BH29=3,BI29=3),P29,0),2) -> 0 | FS29: 0 | FT29: *0,9 | FU29: *0,85 | FX29: 99 | FY29: 59.5 | GD29: 0 | GF29: 309229644 | GG29: 1 | GH29: 1 | GI29: 4 | GJ29: 0 | GK29: =ROUND(R29*(S12)/100,2) -> 0 | GL29: =ROUND(IF(AND(BH29=3,BI29=3,FS29<>0),P29,0),2) -> 0 | GM29: =ROUND(O29+X29+Y29+GK29,2)+GX29 -> 1205.27 | GN29: =IF(OR(BI29=0,BI29=1),ROUND(O29+X29+Y29+GK29,2),0) -> 1205.27 | GO29: =IF(BI29=2,ROUND(O29+X29+Y29+GK29,2),0) -> 0 | GP29: =IF(BI29=4,ROUND(O29+X29+Y29+GK29,2)+GX29,0) -> 0 | GR29: 0 | GS29: 3 | GT29: 0 | GV29: =ROUND(GT29,2) -> 0 | GW29: 1 | GX29: =ROUND(GV29*GW29*I29,2) -> 0 | HA29: 0 | HB29: 0 | IK29: 0
A30: 17 | B30: 1 | C30: =ROW(SmtRes!A9) -> 9 | D30: =ROW(EtalonRes!A9) -> 9 | E30: 2 | F30: 46-04-012-01 | G30: Разборка деревянных заполнений проемов оконных с подоконными досками | H30: 100 м2 | I30: =ROUND(17.01/100,9) -> 0.1701 | J30: 0 | O30: =ROUND(CP30,2) -> 300.61 | P30: =ROUND(CQ30*I30,2) -> 0 | Q30: =ROUND(CR30*I30,2) -> 41.16 | R30: =ROUND(CS30*I30,2) -> 17.77 | S30: =ROUND(CT30*I30,2) -> 259.45 | T30: =ROUND(CU30*I30,2) -> 0 | U30: =CV30*I30 -> 32.070654 | V30: =CW30*I30 -> 1.316574 | W30: =ROUND(CX30*I30,2) -> 0 | X30: =ROUND(CY30,2) -> 274.45 | Y30: =ROUND(CZ30,2) -> 166.33 | AA30: 39500385 | AB30: =ROUND((AC30+AD30+AF30),2) -> 1767.24 | AC30: =ROUND((ES30),2) -> 0 | AD30: =ROUND((((ET30)-(EU30))+AE30),2) -> 241.95 | AE30: =ROUND((EU30),2) -> 104.49 | AF30: =ROUND((EV30),2) -> 1525.29 | AG30: =ROUND((AP30),2) -> 0 | AH30: =(EW30) -> 188.54 | AI30: =(EX30) -> 7.74 | AJ30: =ROUND((AS30),2) -> 0 | AK30: 1767.24 | AL30: 0 | AM30: 241.95 | AN30: 104.49 | AO30: 1525.29 | AP30: 0 | AQ30: 188.54 | AR30: 7.74 | AS30: 0 | AT30: 99 | AU30: 60 | AV30: 1 | AW30: 1 | AZ30: 1 | BA30: 1 | BB30: 1 | BC30: 1 | BH30: 0 | BI30: 1 | BJ30: ФЕР-2001, 46-04-012-01, приказ Минстроя России №1039/пр от 30.12.2016г. | BM30: 46001 | BN30: 0 | BP30: 0 | BQ30: 2 | BR30: 0 | BS30: 1 | BT30: 1 | BU30: 1 | BV30: 1 | BW30: 1 | BX30: 1 | BZ30: 110 | CA30: 70 | CF30: 0 | CG30: 0 | CM30: 0 | CO30: 0 | CP30: =(P30+Q30+S30) -> 300.61 | CQ30: =AC30*BC30 -> 0 | CR30: =AD30*BB30 -> 241.95 | CS30: =AE30*BS30 -> 104.49 | CT30: =AF30*BA30 -> 1525.29 | CU30: =AG30 -> 0 | CV30: =AH30 -> 188.54 | CW30: =AI30 -> 7.74 | CX30: =AJ30 -> 0 | CY30: =(((S30+R30)*AT30)/100) -> 274.4478 | CZ30: =(((S30+R30)*AU30)/100) -> 166.332 | DN30: 0 | DO30: 0 | DP30: 1 | DQ30: 1 | DU30: 1005 | DV30: 100 м2 | DW30: 100 м2 | DX30: 100 | EE30: 39174571 | EF30: 2 | EG30: Общестроительные работы | EH30: 0 | EJ30: 1 | EK30: 46001 | EL30: Реконструкция зданий и сооружений | EM30: ФЕР-46 | EQ30: 0 | ER30: 1767.24 | ES30: 0 | ET30: 241.95 | EU30: 104.49 | EV30: 1525.29 | EW30: 188.54 | EX30: 7.74 | EY30: 0 | FQ30: 0 | FR30: =ROUND(IF(AND(BH30=3,BI30=3),P30,0),2) -> 0 | FS30: 0 | FT30: *0,9 | FU30: *0,85 | FX30: 99 | FY30: 59.5 | GD30: 0 | GF30: 1630687704 | GG30: 2 | GH30: 1 | GI30: -2 | GJ30: 0 | GK30: =ROUND(R30*(R12)/100,2) -> 0 | GL30: =ROUND(IF(AND(BH30=3,BI30=3,FS30<>0),P30,0),2) -> 0 | GM30: =ROUND(O30+X30+Y30+GK30,2)+GX30 -> 741.39 | GN30: =IF(OR(BI30=0,BI30=1),ROUND(O30+X30+Y30+GK30,2),0) -> 741.39 | GO30: =IF(BI30=2,ROUND(O30+X30+Y30+GK30,2),0) -> 0 | GP30: =IF(BI30=4,ROUND(O30+X30+Y30+GK30,2)+GX30,0) -> 0 | GR30: 0 | GS30: 3 | GT30: 0 | GV30: =ROUND(GT30,2) -> 0 | GW30: 1 | GX30: =ROUND(GV30*GW30*I30,2) -> 0 | HA30: 0 | HB30: 0 | IK30: 0
A31: 17 | B31: 1 | C31: =ROW(SmtRes!A12) -> 12 | D31: =ROW(EtalonRes!A12) -> 12 | E31: 2 | F31: 46-04-012-01 | G31: Разборка деревянных заполнений проемов оконных с подоконными досками | H31: 100 м2 | I31: =ROUND(17.01/100,9) -> 0.1701 | J31: 0 | O31: =ROUND(CP31,2) -> 2002.05 | P31: =ROUND(CQ31*I31,2) -> 0 | Q31: =ROUND(CR31*I31,2) -> 274.1 | R31: =ROUND(CS31*I31,2) -> 118.37 | S31: =ROUND(CT31*I31,2) -> 1727.95 | T31: =ROUND(CU31*I31,2) -> 0 | U31: =CV31*I31 -> 32.070654 | V31: =CW31*I31 -> 1.316574 | W31: =ROUND(CX31*I31,2) -> 0 | X31: =ROUND(CY31,2) -> 1827.86 | Y31: =ROUND(CZ31,2) -> 1107.79 | AA31: 39500386 | AB31: =ROUND((AC31+AD31+AF31),2) -> 1767.24 | AC31: =ROUND((ES31),2) -> 0 | AD31: =ROUND((((ET31)-(EU31))+AE31),2) -> 241.95 | AE31: =ROUND((EU31),2) -> 104.49 | AF31: =ROUND((EV31),2) -> 1525.29 | AG31: =ROUND((AP31),2) -> 0 | AH31: =(EW31) -> 188.54 | AI31: =(EX31) -> 7.74 | AJ31: =ROUND((AS31),2) -> 0 | AK31: 1767.24 | AL31: 0 | AM31: 241.95 | AN31: 104.49 | AO31: 1525.29 | AP31: 0 | AQ31: 188.54 | AR31: 7.74 | AS31: 0 | AT31: 99 | AU31: 60 | AV31: 1 | AW31: 1 | AZ31: 6.66 | BA31: 6.66 | BB31: 6.66 | BC31: 6.66 | BH31: 0 | BI31: 1 | BJ31: ФЕР-2001, 46-04-012-01, приказ Минстроя России №1039/пр от 30.12.2016г. | BM31: 46001 | BN31: 0 | BP31: 0 | BQ31: 2 | BR31: 0 | BS31: 6.66 | BT31: 1 | BU31: 1 | BV31: 1 | BW31: 1 | BX31: 1 | BZ31: 110 | CA31: 70 | CF31: 0 | CG31: 0 | CM31: 0 | CO31: 0 | CP31: =(P31+Q31+S31) -> 2002.05 | CQ31: =AC31*BC31 -> 0 | CR31: =AD31*BB31 -> 1611.387 | CS31: =AE31*BS31 -> 695.9034 | CT31: =AF31*BA31 -> 10158.431 | CU31: =AG31 -> 0 | CV31: =AH31 -> 188.54 | CW31: =AI31 -> 7.74 | CX31: =AJ31 -> 0 | CY31: =(((S31+R31)*AT31)/100) -> 1827.8568 | CZ31: =(((S31+R31)*AU31)/100) -> 1107.792 | DN31: 0 | DO31: 0 | DP31: 1 | DQ31: 1 | DU31: 1005 | DV31: 100 м2 | DW31: 100 м2 | DX31: 100 | EE31: 39174571 | EF31: 2 | EG31: Общестроительные работы | EH31: 0 | EJ31: 1 | EK31: 46001 | EL31: Реконструкция зданий и сооружений | EM31: ФЕР-46 | EQ31: 0 | ER31: 1767.24 | ES31: 0 | ET31: 241.95 | EU31: 104.49 | EV31: 1525.29 | EW31: 188.54 | EX31: 7.74 | EY31: 0 | FQ31: 0 | FR31: =ROUND(IF(AND(BH31=3,BI31=3),P31,0),2) -> 0 | FS31: 0 | FT31: *0,9 | FU31: *0,85 | FX31: 99 | FY31: 59.5 | GD31: 0 | GF31: 1630687704 | GG31: 1 | GH31: 1 | GI31: 4 | GJ31: 0 | GK31: =ROUND(R31*(S12)/100,2) -> 0 | GL31: =ROUND(IF(AND(BH31=3,BI31=3,FS31<>0),P31,0),2) -> 0 | GM31: =ROUND(O31+X31+Y31+GK31,2)+GX31 -> 4937.7 | GN31: =IF(OR(BI31=0,BI31=1),ROUND(O31+X31+Y31+GK31,2),0) -> 4937.7 | GO31: =IF(BI31=2,ROUND(O31+X31+Y31+GK31,2),0) -> 0 | GP31: =IF(BI31=4,ROUND(O31+X31+Y31+GK31,2)+GX31,0) -> 0 | GR31: 0 | GS31: 3 | GT31: 0 | GV31: =ROUND(GT31,2) -> 0 | GW31: 1 | GX31: =ROUND(GV31*GW31*I31,2) -> 0 | HA31: 0 | HB31: 0 | IK31: 0
A32: 17 | B32: 1 | C32: =ROW(SmtRes!A23) -> 23 | D32: =ROW(EtalonRes!A23) -> 23 | E32: 3 | F32: 10-01-034-06 | G32: Установка в жилых и общественных зданиях оконных блоков из ПВХ профилей поворотных (откидных, поворотно-откидных) с площадью проема более 2 м2 двухстворчатых | H32: 100 м2 | I32: =ROUND(17.01/100,9) -> 0.1701 | J32: 0 | O32: =ROUND(CP32,2) -> 1714.94 | P32: =ROUND(CQ32*I32,2) -> 1411.55 | Q32: =ROUND(CR32*I32,2) -> 54.26 | R32: =ROUND(CS32*I32,2) -> 10.7 | S32: =ROUND(CT32*I32,2) -> 249.13 | T32: =ROUND(CU32*I32,2) -> 0 | U32: =CV32*I32 -> 28.505018 | V32: =CW32*I32 -> 0.89940375 | W32: =ROUND(CX32*I32,2) -> 0 | X32: =ROUND(CY32,2) -> 275.42 | Y32: =ROUND(CZ32,2) -> 140.31 | AA32: 39500385 | AB32: =ROUND((AC32+AD32+AF32),2) -> 10081.99 | AC32: =ROUND((ES32),2) -> 8298.35 | AD32: =ROUND(((((ET32*1.25))-((EU32*1.25)))+AE32),2) -> 319.01 | AE32: =ROUND(((EU32*1.25)),2) -> 62.9 | AF32: =ROUND(((EV32*1.15)),2) -> 1464.63 | AG32: =ROUND((AP32),2) -> 0 | AH32: =((EW32*1.15)) -> 167.578 | AI32: =((EX32*1.25)) -> 5.2875 | AJ32: =ROUND((AS32),2) -> 0 | AK32: 9827.15 | AL32: 8298.35 | AM32: 255.21 | AN32: 50.32 | AO32: 1273.59 | AP32: 0 | AQ32: 145.72 | AR32: 4.23 | AS32: 0 | AT32: 106 | AU32: 54 | AV32: 1 | AW32: 1 | AZ32: 1 | BA32: 1 | BB32: 1 | BC32: 1 | BH32: 0 | BI32: 1 | BJ32: ФЕР-2001, 10-01-034-06, приказ Минстроя России №1039/пр от 30.12.2016г. | BM32: 10001 | BN32: 0 | BP32: 0 | BQ32: 2 | BR32: 0 | BS32: 1 | BT32: 1 | BU32: 1 | BV32: 1 | BW32: 1 | BX32: 1 | BZ32: 118 | CA32: 63 | CF32: 0 | CG32: 0 | CM32: 0 | CN32: Поправка: МДС 81-35.2004, п.4.7 Наименование: Работы, выполняемые при реконструкции зданий и сооружений работы, аналогичные технологическим процессам в новом строительстве (в том числе возведение новых конструктивных элементов) стоимость которых определена по соответствующим сборникам ФЕР, кроме сборника № 46 «Работы при реконструкции зданий и сооружений» | CO32: 0 | CP32: =(P32+Q32+S32) -> 1714.94 | CQ32: =AC32*BC32 -> 8298.35 | CR32: =AD32*BB32 -> 319.01 | CS32: =AE32*BS32 -> 62.9 | CT32: =AF32*BA32 -> 1464.63 | CU32: =AG32 -> 0 | CV32: =AH32 -> 167.578 | CW32: =AI32 -> 5.2875 | CX32: =AJ32 -> 0 | CY32: =(((S32+R32)*AT32)/100) -> 275.4198 | CZ32: =(((S32+R32)*AU32)/100) -> 140.3082 | DE32: )*1,25 | DF32: )*1,25 | DG32: )*1,15 | DI32: )*1,15 | DJ32: )*1,25 | DN32: 0 | DO32: 0 | DP32: 1 | DQ32: 1 | DU32: 1005 | DV32: 100 м2 | DW32: 100 м2 | DX32: 100 | EE32: 39174503 | EF32: 2 | EG32: Общестроительные работы | EH32: 0 | EJ32: 1 | EK32: 10001 | EL32: Деревянные конструкции | EM32: ФЕР-10 | EO32: Поправка: МДС 81-35.2004, п.4.7 | EQ32: 0 | ER32: 9827.15 | ES32: 8298.35 | ET32: 255.21 | EU32: 50.32 | EV32: 1273.59 | EW32: 145.72 | EX32: 4.23 | EY32: 0 | FQ32: 0 | FR32: =ROUND(IF(AND(BH32=3,BI32=3),P32,0),2) -> 0 | FS32: 0 | FT32: *0,9 | FU32: *0,85 | FX32: 106.2 | FY32: 53.55 | GD32: 0 | GF32: 1452579699 | GG32: 2 | GH32: 1 | GI32: -2 | GJ32: 0 | GK32: =ROUND(R32*(R12)/100,2) -> 0 | GL32: =ROUND(IF(AND(BH32=3,BI32=3,FS32<>0),P32,0),2) -> 0 | GM32: =ROUND(O32+X32+Y32+GK32,2)+GX32 -> 2130.67 | GN32: =IF(OR(BI32=0,BI32=1),ROUND(O32+X32+Y32+GK32,2),0) -> 2130.67 | GO32: =IF(BI32=2,ROUND(O32+X32+Y32+GK32,2),0) -> 0 | GP32: =IF(BI32=4,ROUND(O32+X32+Y32+GK32,2)+GX32,0) -> 0 | GR32: 0 | GS32: 3 | GT32: 0 | GV32: =ROUND(GT32,2) -> 0 | GW32: 1 | GX32: =ROUND(GV32*GW32*I32,2) -> 0 | HA32: 0 | HB32: 0 | IK32: 0
A33: 17 | B33: 1 | C33: =ROW(SmtRes!A34) -> 34 | D33: =ROW(EtalonRes!A34) -> 34 | E33: 3 | F33: 10-01-034-06 | G33: Установка в жилых и общественных зданиях оконных блоков из ПВХ профилей поворотных (откидных, поворотно-откидных) с площадью проема более 2 м2 двухстворчатых | H33: 100 м2 | I33: =ROUND(17.01/100,9) -> 0.1701 | J33: 0 | O33: =ROUND(CP33,2) -> 11421.55 | P33: =ROUND(CQ33*I33,2) -> 9400.92 | Q33: =ROUND(CR33*I33,2) -> 361.4 | R33: =ROUND(CS33*I33,2) -> 71.26 | S33: =ROUND(CT33*I33,2) -> 1659.23 | T33: =ROUND(CU33*I33,2) -> 0 | U33: =CV33*I33 -> 28.505018 | V33: =CW33*I33 -> 0.89940375 | W33: =ROUND(CX33*I33,2) -> 0 | X33: =ROUND(CY33,2) -> 1834.32 | Y33: =ROUND(CZ33,2) -> 934.46 | AA33: 39500386 | AB33: =ROUND((AC33+AD33+AF33),2) -> 10081.99 | AC33: =ROUND((ES33),2) -> 8298.35 | AD33: =ROUND(((((ET33*1.25))-((EU33*1.25)))+AE33),2) -> 319.01 | AE33: =ROUND(((EU33*1.25)),2) -> 62.9 | AF33: =ROUND(((EV33*1.15)),2) -> 1464.63 | AG33: =ROUND((AP33),2) -> 0 | AH33: =((EW33*1.15)) -> 167.578 | AI33: =((EX33*1.25)) -> 5.2875 | AJ33: =ROUND((AS33),2) -> 0 | AK33: 9827.15 | AL33: 8298.35 | AM33: 255.21 | AN33: 50.32 | AO33: 1273.59 | AP33: 0 | AQ33: 145.72 | AR33: 4.23 | AS33: 0 | AT33: 106 | AU33: 54 | AV33: 1 | AW33: 1 | AZ33: 6.66 | BA33: 6.66 | BB33: 6.66 | BC33: 6.66 | BH33: 0 | BI33: 1 | BJ33: ФЕР-2001, 10-01-034-06, приказ Минстроя России №1039/пр от 30.12.2016г. | BM33: 10001 | BN33: 0 | BP33: 0 | BQ33: 2 | BR33: 0 | BS33: 6.66 | BT33: 1 | BU33: 1 | BV33: 1 | BW33: 1 | BX33: 1 | BZ33: 118 | CA33: 63 | CF33: 0 | CG33: 0 | CM33: 0 | CN33: Поправка: МДС 81-35.2004, п.4.7 Наименование: Работы, выполняемые при реконструкции зданий и сооружений работы, аналогичные технологическим процессам в новом строительстве (в том числе возведение новых конструктивных элементов) стоимость которых определена по соответствующим сборникам ФЕР, кроме сборника № 46 «Работы при реконструкции зданий и сооружений» | CO33: 0 | CP33: =(P33+Q33+S33) -> 11421.55 | CQ33: =AC33*BC33 -> 55267.011 | CR33: =AD33*BB33 -> 2124.6066 | CS33: =AE33*BS33 -> 418.914 | CT33: =AF33*BA33 -> 9754.4358 | CU33: =AG33 -> 0 | CV33: =AH33 -> 167.578 | CW33: =AI33 -> 5.2875 | CX33: =AJ33 -> 0 | CY33: =(((S33+R33)*AT33)/100) -> 1834.3194 | CZ33: =(((S33+R33)*AU33)/100) -> 934.4646 | DE33: )*1,25 | DF33: )*1,25 | DG33: )*1,15 | DI33: )*1,15 | DJ33: )*1,25 | DN33: 0 | DO33: 0 | DP33: 1 | DQ33: 1 | DU33: 1005 | DV33: 100 м2 | DW33: 100 м2 | DX33: 100 | EE33: 39174503 | EF33: 2 | EG33: Общестроительные работы | EH33: 0 | EJ33: 1 | EK33: 10001 | EL33: Деревянные конструкции | EM33: ФЕР-10 | EO33: Поправка: МДС 81-35.2004, п.4.7 | EQ33: 0 | ER33: 9827.15 | ES33: 8298.35 | ET33: 255.21 | EU33: 50.32 | EV33: 1273.59 | EW33: 145.72 | EX33: 4.23 | EY33: 0 | FQ33: 0 | FR33: =ROUND(IF(AND(BH33=3,BI33=3),P33,0),2) -> 0 | FS33: 0 | FT33: *0,9 | FU33: *0,85 | FX33: 106.2 | FY33: 53.55 | GD33: 0 | GF33: 1452579699 | GG33: 1 | GH33: 1 | GI33: 4 | GJ33: 0 | GK33: =ROUND(R33*(S12)/100,2) -> 0 | GL33: =ROUND(IF(AND(BH33=3,BI33=3,FS33<>0),P33,0),2) -> 0 | GM33: =ROUND(O33+X33+Y33+GK33,2)+GX33 -> 14190.33 | GN33: =IF(OR(BI33=0,BI33=1),ROUND(O33+X33+Y33+GK33,2),0) -> 14190.33 | GO33: =IF(BI33=2,ROUND(O33+X33+Y33+GK33,2),0) -> 0 | GP33: =IF(BI33=4,ROUND(O33+X33+Y33+GK33,2)+GX33,0) -> 0 | GR33: 0 | GS33: 3 | GT33: 0 | GV33: =ROUND(GT33,2) -> 0 | GW33: 1 | GX33: =ROUND(GV33*GW33*I33,2) -> 0 | HA33: 0 | HB33: 0 | IK33: 0
A34: 18 | B34: 1 | C34: 23 | E34: 3,1 | F34: Цена поставщика | G34: Блок оконный из ПВХ | H34: м2 | I34: =I32*J34 -> 17.01 | J34: 100 | O34: =ROUND(CP34,2) -> 83790.24 | P34: =ROUND(CQ34*I34,2) -> 83790.24 | Q34: =ROUND(CR34*I34,2) -> 0 | R34: =ROUND(CS34*I34,2) -> 0 | S34: =ROUND(CT34*I34,2) -> 0 | T34: =ROUND(CU34*I34,2) -> 0 | U34: =CV34*I34 -> 0 | V34: =CW34*I34 -> 0 | W34: =ROUND(CX34*I34,2) -> 0 | X34: =ROUND(CY34,2) -> 0 | Y34: =ROUND(CZ34,2) -> 0 | AA34: 39500385 | AB34: =ROUND((AC34+AD34+AF34),2) -> 4925.94 | AC34: =ROUND((ES34),2) -> 4925.94 | AD34: =ROUND((((ET34)-(EU34))+AE34),2) -> 0 | AE34: =ROUND((EU34),2) -> 0 | AF34: =ROUND((EV34),2) -> 0 | AG34: =ROUND((AP34),2) -> 0 | AH34: =(EW34) -> 0 | AI34: =(EX34) -> 0 | AJ34: =ROUND((AS34),2) -> 0 | AK34: 4925.94 | AL34: 4925.94 | AM34: 0 | AN34: 0 | AO34: 0 | AP34: 0 | AQ34: 0 | AR34: 0 | AS34: 0 | AT34: 106 | AU34: 54 | AV34: 1 | AW34: 1 | AZ34: 1 | BA34: 1 | BB34: 1 | BC34: 1 | BH34: 3 | BI34: 1 | BM34: 10001 | BN34: 0 | BP34: 0 | BQ34: 2 | BR34: 0 | BS34: 1 | BT34: 1 | BU34: 1 | BV34: 1 | BW34: 1 | BX34: 1 | BZ34: 118 | CA34: 63 | CF34: 0 | CG34: 0 | CM34: 0 | CO34: 0 | CP34: =(P34+Q34+S34) -> 83790.24 | CQ34: =AC34*BC34 -> 4925.94 | CR34: =AD34*BB34 -> 0 | CS34: =AE34*BS34 -> 0 | CT34: =AF34*BA34 -> 0 | CU34: =AG34 -> 0 | CV34: =AH34 -> 0 | CW34: =AI34 -> 0 | CX34: =AJ34 -> 0 | CY34: =(((S34+R34)*AT34)/100) -> 0 | CZ34: =(((S34+R34)*AU34)/100) -> 0 | DN34: 0 | DO34: 0 | DP34: 1 | DQ34: 1 | DU34: 1005 | DV34: м2 | DW34: м2 | DX34: 1 | EE34: 39174503 | EF34: 2 | EG34: Общестроительные работы | EH34: 0 | EJ34: 1 | EK34: 10001 | EL34: Деревянные конструкции | EM34: ФЕР-10 | EQ34: 0 | ER34: 4925.94 | ES34: 4925.94 | ET34: 0 | EU34: 0 | EV34: 0 | EW34: 0 | EX34: 0 | EZ34: 5 | FC34: 1 | FD34: 18 | FF34: 5812.61 | FQ34: 0 | FR34: =ROUND(IF(AND(BH34=3,BI34=3),P34,0),2) -> 0 | FS34: 0 | FT34: *0,9 | FU34: *0,85 | FX34: 106.2 | FY34: 53.55 | GA34: [5 812,61 / 1,18] | GD34: 0 | GF34: -1540480485 | GG34: 2 | GH34: 3 | GI34: -2 | GJ34: 0 | GK34: =ROUND(R34*(R12)/100,2) -> 0 | GL34: =ROUND(IF(AND(BH34=3,BI34=3,FS34<>0),P34,0),2) -> 0 | GM34: =ROUND(O34+X34+Y34+GK34,2)+GX34 -> 83790.24 | GN34: =IF(OR(BI34=0,BI34=1),ROUND(O34+X34+Y34+GK34,2),0) -> 83790.24 | GO34: =IF(BI34=2,ROUND(O34+X34+Y34+GK34,2),0) -> 0 | GP34: =IF(BI34=4,ROUND(O34+X34+Y34+GK34,2)+GX34,0) -> 0 | GR34: 1 | GS34: 1 | GT34: 0 | GV34: =ROUND(GT34,2) -> 0 | GW34: 1 | GX34: =ROUND(GV34*GW34*I34,2) -> 0 | HA34: 0 | HB34: 0 | IK34: 0
A35: 18 | B35: 1 | C35: 34 | E35: 3,1 | F35: Цена поставщика | G35: Блок оконный из ПВХ | H35: м2 | I35: =I33*J35 -> 17.01 | J35: 100 | O35: =ROUND(CP35,2) -> 83790.17 | P35: =ROUND(CQ35*I35,2) -> 83790.17 | Q35: =ROUND(CR35*I35,2) -> 0 | R35: =ROUND(CS35*I35,2) -> 0 | S35: =ROUND(CT35*I35,2) -> 0 | T35: =ROUND(CU35*I35,2) -> 0 | U35: =CV35*I35 -> 0 | V35: =CW35*I35 -> 0 | W35: =ROUND(CX35*I35,2) -> 0 | X35: =ROUND(CY35,2) -> 0 | Y35: =ROUND(CZ35,2) -> 0 | AA35: 39500386 | AB35: =ROUND((AC35+AD35+AF35),2) -> 739.63 | AC35: =ROUND((ES35),2) -> 739.63 | AD35: =ROUND((((ET35)-(EU35))+AE35),2) -> 0 | AE35: =ROUND((EU35),2) -> 0 | AF35: =ROUND((EV35),2) -> 0 | AG35: =ROUND((AP35),2) -> 0 | AH35: =(EW35) -> 0 | AI35: =(EX35) -> 0 | AJ35: =ROUND((AS35),2) -> 0 | AK35: 739.63 | AL35: 739.63 | AM35: 0 | AN35: 0 | AO35: 0 | AP35: 0 | AQ35: 0 | AR35: 0 | AS35: 0 | AT35: 106 | AU35: 54 | AV35: 1 | AW35: 1 | AZ35: 6.66 | BA35: 1 | BB35: 1 | BC35: 6.66 | BH35: 3 | BI35: 1 | BM35: 10001 | BN35: 0 | BP35: 0 | BQ35: 2 | BR35: 0 | BS35: 1 | BT35: 1 | BU35: 1 | BV35: 1 | BW35: 1 | BX35: 1 | BZ35: 118 | CA35: 63 | CF35: 0 | CG35: 0 | CM35: 0 | CO35: 0 | CP35: =(P35+Q35+S35) -> 83790.17 | CQ35: =AC35*BC35 -> 4925.9358 | CR35: =AD35*BB35 -> 0 | CS35: =AE35*BS35 -> 0 | CT35: =AF35*BA35 -> 0 | CU35: =AG35 -> 0 | CV35: =AH35 -> 0 | CW35: =AI35 -> 0 | CX35: =AJ35 -> 0 | CY35: =(((S35+R35)*AT35)/100) -> 0 | CZ35: =(((S35+R35)*AU35)/100) -> 0 | DN35: 0 | DO35: 0 | DP35: 1 | DQ35: 1 | DU35: 1005 | DV35: м2 | DW35: м2 | DX35: 1 | EE35: 39174503 | EF35: 2 | EG35: Общестроительные работы | EH35: 0 | EJ35: 1 | EK35: 10001 | EL35: Деревянные конструкции | EM35: ФЕР-10 | EQ35: 0 | ER35: 739.63 | ES35: 739.63 | ET35: 0 | EU35: 0 | EV35: 0 | EW35: 0 | EX35: 0 | EZ35: 5 | FC35: 1 | FD35: 18 | FF35: 5812.61 | FQ35: 0 | FR35: =ROUND(IF(AND(BH35=3,BI35=3),P35,0),2) -> 0 | FS35: 0 | FT35: *0,9 | FU35: *0,85 | FX35: 106.2 | FY35: 53.55 | GA35: [5 812,61 / 1,18 / 6,66] | GD35: 0 | GF35: -1540480485 | GG35: 1 | GH35: 3 | GI35: 4 | GJ35: 0 | GK35: =ROUND(R35*(S12)/100,2) -> 0 | GL35: =ROUND(IF(AND(BH35=3,BI35=3,FS35<>0),P35,0),2) -> 0 | GM35: =ROUND(O35+X35+Y35+GK35,2)+GX35 -> 83790.17 | GN35: =IF(OR(BI35=0,BI35=1),ROUND(O35+X35+Y35+GK35,2),0) -> 83790.17 | GO35: =IF(BI35=2,ROUND(O35+X35+Y35+GK35,2),0) -> 0 | GP35: =IF(BI35=4,ROUND(O35+X35+Y35+GK35,2)+GX35,0) -> 0 | GR35: 1 | GS35: 1 | GT35: 0 | GV35: =ROUND(GT35,2) -> 0 | GW35: 1 | GX35: =ROUND(GV35*GW35*I35,2) -> 0 | HA35: 0 | HB35: 0 | IK35: 0
A36: 17 | B36: 1 | C36: =ROW(SmtRes!A42) -> 42 | D36: =ROW(EtalonRes!A42) -> 42 | E36: 4 | F36: 15-02-019-05 | G36: Сплошное выравнивание внутренних поверхностей (однослойное оштукатуривание) из сухих растворных смесей толщиной до 10 мм оконных и дверных откосов плоских | H36: 100 м2 | I36: =ROUND(5/100,9) -> 0.05 | J36: 0 | O36: =ROUND(CP36,2) -> 42.62 | P36: =ROUND(CQ36*I36,2) -> 0.09 | Q36: =ROUND(CR36*I36,2) -> 1.49 | R36: =ROUND(CS36*I36,2) -> 0.91 | S36: =ROUND(CT36*I36,2) -> 41.04 | T36: =ROUND(CU36*I36,2) -> 0 | U36: =CV36*I36 -> 4.811025 | V36: =CW36*I36 -> 0.08375 | W36: =ROUND(CX36*I36,2) -> 0 | X36: =ROUND(CY36,2) -> 39.85 | Y36: =ROUND(CZ36,2) -> 19.72 | AA36: 39500385 | AB36: =ROUND((AC36+AD36+AF36),2) -> 852.36 | AC36: =ROUND((ES36),2) -> 1.81 | AD36: =ROUND(((((ET36*1.25))-((EU36*1.25)))+AE36),2) -> 29.78 | AE36: =ROUND(((EU36*1.25)),2) -> 18.14 | AF36: =ROUND(((EV36*1.15)),2) -> 820.77 | AG36: =ROUND((AP36),2) -> 0 | AH36: =((EW36*1.15)) -> 96.2205 | AI36: =((EX36*1.25)) -> 1.675 | AJ36: =ROUND((AS36),2) -> 0 | AK36: 739.34 | AL36: 1.81 | AM36: 23.82 | AN36: 14.51 | AO36: 713.71 | AP36: 0 | AQ36: 83.67 | AR36: 1.34 | AS36: 0 | AT36: 95 | AU36: 47 | AV36: 1 | AW36: 1 | AZ36: 1 | BA36: 1 | BB36: 1 | BC36: 1 | BH36: 0 | BI36: 1 | BJ36: ФЕР-2001, 15-02-019-05, приказ Минстроя России №1039/пр от 30.12.2016г. | BM36: 15001 | BN36: 0 | BP36: 0 | BQ36: 2 | BR36: 0 | BS36: 1 | BT36: 1 | BU36: 1 | BV36: 1 | BW36: 1 | BX36: 1 | BZ36: 105 | CA36: 55 | CF36: 0 | CG36: 0 | CM36: 0 | CN36: Поправка: МДС 81-35.2004, п.4.7 Наименование: Работы, выполняемые при реконструкции зданий и сооружений работы, аналогичные технологическим процессам в новом строительстве (в том числе возведение новых конструктивных элементов) стоимость которых определена по соответствующим сборникам ФЕР, кроме сборника № 46 «Работы при реконструкции зданий и сооружений» | CO36: 0 | CP36: =(P36+Q36+S36) -> 42.62 | CQ36: =AC36*BC36 -> 1.81 | CR36: =AD36*BB36 -> 29.78 | CS36: =AE36*BS36 -> 18.14 | CT36: =AF36*BA36 -> 820.77 | CU36: =AG36 -> 0 | CV36: =AH36 -> 96.2205 | CW36: =AI36 -> 1.675 | CX36: =AJ36 -> 0 | CY36: =(((S36+R36)*AT36)/100) -> 39.8525 | CZ36: =(((S36+R36)*AU36)/100) -> 19.7165 | DE36: )*1,25 | DF36: )*1,25 | DG36: )*1,15 | DI36: )*1,15 | DJ36: )*1,25 | DN36: 0 | DO36: 0 | DP36: 1 | DQ36: 1 | DU36: 1005 | DV36: 100 м2 | DW36: 100 м2 | DX36: 100 | EE36: 39174529 | EF36: 2 | EG36: Общестроительные работы | EH36: 0 | EJ36: 1 | EK36: 15001 | EL36: Отделочные работы | EM36: ФЕР-15 | EO36: Поправка: МДС 81-35.2004, п.4.7 | EQ36: 0 | ER36: 739.34 | ES36: 1.81 | ET36: 23.82 | EU36: 14.51 | EV36: 713.71 | EW36: 83.67 | EX36: 1.34 | EY36: 0 | FQ36: 0 | FR36: =ROUND(IF(AND(BH36=3,BI36=3),P36,0),2) -> 0 | FS36: 0 | FT36: *0,9 | FU36: *0,85 | FX36: 94.5 | FY36: 46.75 | GD36: 0 | GF36: -195782614 | GG36: 2 | GH36: 1 | GI36: -2 | GJ36: 0 | GK36: =ROUND(R36*(R12)/100,2) -> 0 | GL36: =ROUND(IF(AND(BH36=3,BI36=3,FS36<>0),P36,0),2) -> 0 | GM36: =ROUND(O36+X36+Y36+GK36,2)+GX36 -> 102.19 | GN36: =IF(OR(BI36=0,BI36=1),ROUND(O36+X36+Y36+GK36,2),0) -> 102.19 | GO36: =IF(BI36=2,ROUND(O36+X36+Y36+GK36,2),0) -> 0 | GP36: =IF(BI36=4,ROUND(O36+X36+Y36+GK36,2)+GX36,0) -> 0 | GR36: 0 | GS36: 3 | GT36: 0 | GV36: =ROUND(GT36,2) -> 0 | GW36: 1 | GX36: =ROUND(GV36*GW36*I36,2) -> 0 | HA36: 0 | HB36: 0 | IK36: 0
A37: 17 | B37: 1 | C37: =ROW(SmtRes!A50) -> 50 | D37: =ROW(EtalonRes!A50) -> 50 | E37: 4 | F37: 15-02-019-05 | G37: Сплошное выравнивание внутренних поверхностей (однослойное оштукатуривание) из сухих растворных смесей толщиной до 10 мм оконных и дверных откосов плоских | H37: 100 м2 | I37: =ROUND(5/100,9) -> 0.05 | J37: 0 | O37: =ROUND(CP37,2) -> 283.84 | P37: =ROUND(CQ37*I37,2) -> 0.6 | Q37: =ROUND(CR37*I37,2) -> 9.92 | R37: =ROUND(CS37*I37,2) -> 6.04 | S37: =ROUND(CT37*I37,2) -> 273.32 | T37: =ROUND(CU37*I37,2) -> 0 | U37: =CV37*I37 -> 4.811025 | V37: =CW37*I37 -> 0.08375 | W37: =ROUND(CX37*I37,2) -> 0 | X37: =ROUND(CY37,2) -> 265.39 | Y37: =ROUND(CZ37,2) -> 131.3 | AA37: 39500386 | AB37: =ROUND((AC37+AD37+AF37),2) -> 852.36 | AC37: =ROUND((ES37),2) -> 1.81 | AD37: =ROUND(((((ET37*1.25))-((EU37*1.25)))+AE37),2) -> 29.78 | AE37: =ROUND(((EU37*1.25)),2) -> 18.14 | AF37: =ROUND(((EV37*1.15)),2) -> 820.77 | AG37: =ROUND((AP37),2) -> 0 | AH37: =((EW37*1.15)) -> 96.2205 | AI37: =((EX37*1.25)) -> 1.675 | AJ37: =ROUND((AS37),2) -> 0 | AK37: 739.34 | AL37: 1.81 | AM37: 23.82 | AN37: 14.51 | AO37: 713.71 | AP37: 0 | AQ37: 83.67 | AR37: 1.34 | AS37: 0 | AT37: 95 | AU37: 47 | AV37: 1 | AW37: 1 | AZ37: 6.66 | BA37: 6.66 | BB37: 6.66 | BC37: 6.66 | BH37: 0 | BI37: 1 | BJ37: ФЕР-2001, 15-02-019-05, приказ Минстроя России №1039/пр от 30.12.2016г. | BM37: 15001 | BN37: 0 | BP37: 0 | BQ37: 2 | BR37: 0 | BS37: 6.66 | BT37: 1 | BU37: 1 | BV37: 1 | BW37: 1 | BX37: 1 | BZ37: 105 | CA37: 55 | CF37: 0 | CG37: 0 | CM37: 0 | CN37: Поправка: МДС 81-35.2004, п.4.7 Наименование: Работы, выполняемые при реконструкции зданий и сооружений работы, аналогичные технологическим процессам в новом строительстве (в том числе возведение новых конструктивных элементов) стоимость которых определена по соответствующим сборникам ФЕР, кроме сборника № 46 «Работы при реконструкции зданий и сооружений» | CO37: 0 | CP37: =(P37+Q37+S37) -> 283.84 | CQ37: =AC37*BC37 -> 12.0546 | CR37: =AD37*BB37 -> 198.3348 | CS37: =AE37*BS37 -> 120.8124 | CT37: =AF37*BA37 -> 5466.3282 | CU37: =AG37 -> 0 | CV37: =AH37 -> 96.2205 | CW37: =AI37 -> 1.675 | CX37: =AJ37 -> 0 | CY37: =(((S37+R37)*AT37)/100) -> 265.392 | CZ37: =(((S37+R37)*AU37)/100) -> 131.2992 | DE37: )*1,25 | DF37: )*1,25 | DG37: )*1,15 | DI37: )*1,15 | DJ37: )*1,25 | DN37: 0 | DO37: 0 | DP37: 1 | DQ37: 1 | DU37: 1005 | DV37: 100 м2 | DW37: 100 м2 | DX37: 100 | EE37: 39174529 | EF37: 2 | EG37: Общестроительные работы | EH37: 0 | EJ37: 1 | EK37: 15001 | EL37: Отделочные работы | EM37: ФЕР-15 | EO37: Поправка: МДС 81-35.2004, п.4.7 | EQ37: 0 | ER37: 739.34 | ES37: 1.81 | ET37: 23.82 | EU37: 14.51 | EV37: 713.71 | EW37: 83.67 | EX37: 1.34 | EY37: 0 | FQ37: 0 | FR37: =ROUND(IF(AND(BH37=3,BI37=3),P37,0),2) -> 0 | FS37: 0 | FT37: *0,9 | FU37: *0,85 | FX37: 94.5 | FY37: 46.75 | GD37: 0 | GF37: -195782614 | GG37: 1 | GH37: 1 | GI37: 4 | GJ37: 0 | GK37: =ROUND(R37*(S12)/100,2) -> 0 | GL37: =ROUND(IF(AND(BH37=3,BI37=3,FS37<>0),P37,0),2) -> 0 | GM37: =ROUND(O37+X37+Y37+GK37,2)+GX37 -> 680.53 | GN37: =IF(OR(BI37=0,BI37=1),ROUND(O37+X37+Y37+GK37,2),0) -> 680.53 | GO37: =IF(BI37=2,ROUND(O37+X37+Y37+GK37,2),0) -> 0 | GP37: =IF(BI37=4,ROUND(O37+X37+Y37+GK37,2)+GX37,0) -> 0 | GR37: 0 | GS37: 3 | GT37: 0 | GV37: =ROUND(GT37,2) -> 0 | GW37: 1 | GX37: =ROUND(GV37*GW37*I37,2) -> 0 | HA37: 0 | HB37: 0 | IK37: 0
A38: 18 | B38: 1 | C38: 41 | E38: 4,1 | F38: 04.3.02.05-0001 | G38: Смесь штукатурная «Гольдбанд», КНАУФ | H38: кг | I38: =I36*J38 -> 61.5 | J38: 1230 | O38: =ROUND(CP38,2) -> 111.93 | P38: =ROUND(CQ38*I38,2) -> 111.93 | Q38: =ROUND(CR38*I38,2) -> 0 | R38: =ROUND(CS38*I38,2) -> 0 | S38: =ROUND(CT38*I38,2) -> 0 | T38: =ROUND(CU38*I38,2) -> 0 | U38: =CV38*I38 -> 0 | V38: =CW38*I38 -> 0 | W38: =ROUND(CX38*I38,2) -> 0 | X38: =ROUND(CY38,2) -> 0 | Y38: =ROUND(CZ38,2) -> 0 | AA38: 39500385 | AB38: =ROUND((AC38+AD38+AF38),2) -> 1.82 | AC38: =ROUND((ES38),2) -> 1.82 | AD38: =ROUND((((ET38)-(EU38))+AE38),2) -> 0 | AE38: =ROUND((EU38),2) -> 0 | AF38: =ROUND((EV38),2) -> 0 | AG38: =ROUND((AP38),2) -> 0 | AH38: =(EW38) -> 0 | AI38: =(EX38) -> 0 | AJ38: =ROUND((AS38),2) -> 0 | AK38: 1.82 | AL38: 1.82 | AM38: 0 | AN38: 0 | AO38: 0 | AP38: 0 | AQ38: 0 | AR38: 0 | AS38: 0 | AT38: 95 | AU38: 47 | AV38: 1 | AW38: 1 | AZ38: 1 | BA38: 1 | BB38: 1 | BC38: 1 | BH38: 3 | BI38: 1 | BJ38: ФССЦ-2001, 04.3.02.05-0001, приказ Минстроя России №1039/пр от 30.12.2016г. | BM38: 15001 | BN38: 0 | BP38: 0 | BQ38: 2 | BR38: 0 | BS38: 1 | BT38: 1 | BU38: 1 | BV38: 1 | BW38: 1 | BX38: 1 | BZ38: 105 | CA38: 55 | CF38: 0 | CG38: 0 | CM38: 0 | CO38: 0 | CP38: =(P38+Q38+S38) -> 111.93 | CQ38: =AC38*BC38 -> 1.82 | CR38: =AD38*BB38 -> 0 | CS38: =AE38*BS38 -> 0 | CT38: =AF38*BA38 -> 0 | CU38: =AG38 -> 0 | CV38: =AH38 -> 0 | CW38: =AI38 -> 0 | CX38: =AJ38 -> 0 | CY38: =(((S38+R38)*AT38)/100) -> 0 | CZ38: =(((S38+R38)*AU38)/100) -> 0 | DN38: 0 | DO38: 0 | DP38: 1 | DQ38: 1 | DU38: 1009 | DV38: кг | DW38: кг | DX38: 1 | EE38: 39174529 | EF38: 2 | EG38: Общестроительные работы | EH38: 0 | EJ38: 1 | EK38: 15001 | EL38: Отделочные работы | EM38: ФЕР-15 | EQ38: 0 | ER38: 1.82 | ES38: 1.82 | ET38: 0 | EU38: 0 | EV38: 0 | EW38: 0 | EX38: 0 | FQ38: 0 | FR38: =ROUND(IF(AND(BH38=3,BI38=3),P38,0),2) -> 0 | FS38: 0 | FT38: *0,9 | FU38: *0,85 | FX38: 94.5 | FY38: 46.75 | GD38: 0 | GF38: 697700617 | GG38: 2 | GH38: 1 | GI38: -2 | GJ38: 0 | GK38: =ROUND(R38*(R12)/100,2) -> 0 | GL38: =ROUND(IF(AND(BH38=3,BI38=3,FS38<>0),P38,0),2) -> 0 | GM38: =ROUND(O38+X38+Y38+GK38,2)+GX38 -> 111.93 | GN38: =IF(OR(BI38=0,BI38=1),ROUND(O38+X38+Y38+GK38,2),0) -> 111.93 | GO38: =IF(BI38=2,ROUND(O38+X38+Y38+GK38,2),0) -> 0 | GP38: =IF(BI38=4,ROUND(O38+X38+Y38+GK38,2)+GX38,0) -> 0 | GR38: 0 | GS38: 3 | GT38: 0 | GV38: =ROUND(GT38,2) -> 0 | GW38: 1 | GX38: =ROUND(GV38*GW38*I38,2) -> 0 | HA38: 0 | HB38: 0 | IK38: 0
A39: 18 | B39: 1 | C39: 49 | E39: 4,1 | F39: 04.3.02.05-0001 | G39: Смесь штукатурная «Гольдбанд», КНАУФ | H39: кг | I39: =I37*J39 -> 61.5 | J39: 1230 | O39: =ROUND(CP39,2) -> 745.45 | P39: =ROUND(CQ39*I39,2) -> 745.45 | Q39: =ROUND(CR39*I39,2) -> 0 | R39: =ROUND(CS39*I39,2) -> 0 | S39: =ROUND(CT39*I39,2) -> 0 | T39: =ROUND(CU39*I39,2) -> 0 | U39: =CV39*I39 -> 0 | V39: =CW39*I39 -> 0 | W39: =ROUND(CX39*I39,2) -> 0 | X39: =ROUND(CY39,2) -> 0 | Y39: =ROUND(CZ39,2) -> 0 | AA39: 39500386 | AB39: =ROUND((AC39+AD39+AF39),2) -> 1.82 | AC39: =ROUND((ES39),2) -> 1.82 | AD39: =ROUND((((ET39)-(EU39))+AE39),2) -> 0 | AE39: =ROUND((EU39),2) -> 0 | AF39: =ROUND((EV39),2) -> 0 | AG39: =ROUND((AP39),2) -> 0 | AH39: =(EW39) -> 0 | AI39: =(EX39) -> 0 | AJ39: =ROUND((AS39),2) -> 0 | AK39: 1.82 | AL39: 1.82 | AM39: 0 | AN39: 0 | AO39: 0 | AP39: 0 | AQ39: 0 | AR39: 0 | AS39: 0 | AT39: 95 | AU39: 47 | AV39: 1 | AW39: 1 | AZ39: 6.66 | BA39: 1 | BB39: 1 | BC39: 6.66 | BH39: 3 | BI39: 1 | BJ39: ФССЦ-2001, 04.3.02.05-0001, приказ Минстроя России №1039/пр от 30.12.2016г. | BM39: 15001 | BN39: 0 | BP39: 0 | BQ39: 2 | BR39: 0 | BS39: 1 | BT39: 1 | BU39: 1 | BV39: 1 | BW39: 1 | BX39: 1 | BZ39: 105 | CA39: 55 | CF39: 0 | CG39: 0 | CM39: 0 | CO39: 0 | CP39: =(P39+Q39+S39) -> 745.45 | CQ39: =AC39*BC39 -> 12.1212 | CR39: =AD39*BB39 -> 0 | CS39: =AE39*BS39 -> 0 | CT39: =AF39*BA39 -> 0 | CU39: =AG39 -> 0 | CV39: =AH39 -> 0 | CW39: =AI39 -> 0 | CX39: =AJ39 -> 0 | CY39: =(((S39+R39)*AT39)/100) -> 0 | CZ39: =(((S39+R39)*AU39)/100) -> 0 | DN39: 0 | DO39: 0 | DP39: 1 | DQ39: 1 | DU39: 1009 | DV39: кг | DW39: кг | DX39: 1 | EE39: 39174529 | EF39: 2 | EG39: Общестроительные работы | EH39: 0 | EJ39: 1 | EK39: 15001 | EL39: Отделочные работы | EM39: ФЕР-15 | EQ39: 0 | ER39: 1.82 | ES39: 1.82 | ET39: 0 | EU39: 0 | EV39: 0 | EW39: 0 | EX39: 0 | FQ39: 0 | FR39: =ROUND(IF(AND(BH39=3,BI39=3),P39,0),2) -> 0 | FS39: 0 | FT39: *0,9 | FU39: *0,85 | FX39: 94.5 | FY39: 46.75 | GD39: 0 | GF39: 697700617 | GG39: 1 | GH39: 1 | GI39: 4 | GJ39: 0 | GK39: =ROUND(R39*(S12)/100,2) -> 0 | GL39: =ROUND(IF(AND(BH39=3,BI39=3,FS39<>0),P39,0),2) -> 0 | GM39: =ROUND(O39+X39+Y39+GK39,2)+GX39 -> 745.45 | GN39: =IF(OR(BI39=0,BI39=1),ROUND(O39+X39+Y39+GK39,2),0) -> 745.45 | GO39: =IF(BI39=2,ROUND(O39+X39+Y39+GK39,2),0) -> 0 | GP39: =IF(BI39=4,ROUND(O39+X39+Y39+GK39,2)+GX39,0) -> 0 | GR39: 0 | GS39: 3 | GT39: 0 | GV39: =ROUND(GT39,2) -> 0 | GW39: 1 | GX39: =ROUND(GV39*GW39*I39,2) -> 0 | HA39: 0 | HB39: 0 | IK39: 0
A40: 18 | B40: 1 | C40: 42 | E40: 4,2 | F40: 04.3.02.09 | G40: Смеси на цементной основе | H40: т | I40: =I36*J40 -> 0.0615 | J40: 1.23 | O40: =ROUND(CP40,2) -> 0 | P40: =ROUND(CQ40*I40,2) -> 0 | Q40: =ROUND(CR40*I40,2) -> 0 | R40: =ROUND(CS40*I40,2) -> 0 | S40: =ROUND(CT40*I40,2) -> 0 | T40: =ROUND(CU40*I40,2) -> 0 | U40: =CV40*I40 -> 0 | V40: =CW40*I40 -> 0 | W40: =ROUND(CX40*I40,2) -> 0 | X40: =ROUND(CY40,2) -> 0 | Y40: =ROUND(CZ40,2) -> 0 | AA40: 39500385 | AB40: =ROUND((AC40+AD40+AF40),2) -> 0 | AC40: =ROUND((ES40),2) -> 0 | AD40: =ROUND((((ET40)-(EU40))+AE40),2) -> 0 | AE40: =ROUND((EU40),2) -> 0 | AF40: =ROUND((EV40),2) -> 0 | AG40: =ROUND((AP40),2) -> 0 | AH40: =(EW40) -> 0 | AI40: =(EX40) -> 0 | AJ40: =ROUND((AS40),2) -> 0 | AK40: 0 | AL40: 0 | AM40: 0 | AN40: 0 | AO40: 0 | AP40: 0 | AQ40: 0 | AR40: 0 | AS40: 0 | AT40: 95 | AU40: 47 | AV40: 1 | AW40: 1 | AZ40: 1 | BA40: 1 | BB40: 1 | BC40: 1 | BH40: 3 | BI40: 1 | BM40: 15001 | BN40: 0 | BP40: 0 | BQ40: 2 | BR40: 0 | BS40: 1 | BT40: 1 | BU40: 1 | BV40: 1 | BW40: 1 | BX40: 1 | BZ40: 105 | CA40: 55 | CF40: 0 | CG40: 0 | CM40: 0 | CO40: 0 | CP40: =(P40+Q40+S40) -> 0 | CQ40: =AC40*BC40 -> 0 | CR40: =AD40*BB40 -> 0 | CS40: =AE40*BS40 -> 0 | CT40: =AF40*BA40 -> 0 | CU40: =AG40 -> 0 | CV40: =AH40 -> 0 | CW40: =AI40 -> 0 | CX40: =AJ40 -> 0 | CY40: =(((S40+R40)*AT40)/100) -> 0 | CZ40: =(((S40+R40)*AU40)/100) -> 0 | DN40: 0 | DO40: 0 | DP40: 1 | DQ40: 1 | DU40: 1009 | DV40: т | DW40: т | DX40: 1000 | EE40: 39174529 | EF40: 2 | EG40: Общестроительные работы | EH40: 0 | EJ40: 1 | EK40: 15001 | EL40: Отделочные работы | EM40: ФЕР-15 | EQ40: 0 | ER40: 0 | ES40: 0 | ET40: 0 | EU40: 0 | EV40: 0 | EW40: 0 | EX40: 0 | FQ40: 0 | FR40: =ROUND(IF(AND(BH40=3,BI40=3),P40,0),2) -> 0 | FS40: 0 | FT40: *0,9 | FU40: *0,85 | FX40: 94.5 | FY40: 46.75 | GD40: 0 | GF40: 1880203204 | GG40: 2 | GH40: 1 | GI40: -2 | GJ40: 0 | GK40: =ROUND(R40*(R12)/100,2) -> 0 | GL40: =ROUND(IF(AND(BH40=3,BI40=3,FS40<>0),P40,0),2) -> 0 | GM40: =ROUND(O40+X40+Y40+GK40,2)+GX40 -> 0 | GN40: =IF(OR(BI40=0,BI40=1),ROUND(O40+X40+Y40+GK40,2),0) -> 0 | GO40: =IF(BI40=2,ROUND(O40+X40+Y40+GK40,2),0) -> 0 | GP40: =IF(BI40=4,ROUND(O40+X40+Y40+GK40,2)+GX40,0) -> 0 | GR40: 0 | GS40: 3 | GT40: 0 | GV40: =ROUND(GT40,2) -> 0 | GW40: 1 | GX40: =ROUND(GV40*GW40*I40,2) -> 0 | HA40: 0 | HB40: 0 | IK40: 0
A41: 18 | B41: 1 | C41: 50 | E41: 4,2 | F41: 04.3.02.09 | G41: Смеси на цементной основе | H41: т | I41: =I37*J41 -> 0.0615 | J41: 1.23 | O41: =ROUND(CP41,2) -> 0 | P41: =ROUND(CQ41*I41,2) -> 0 | Q41: =ROUND(CR41*I41,2) -> 0 | R41: =ROUND(CS41*I41,2) -> 0 | S41: =ROUND(CT41*I41,2) -> 0 | T41: =ROUND(CU41*I41,2) -> 0 | U41: =CV41*I41 -> 0 | V41: =CW41*I41 -> 0 | W41: =ROUND(CX41*I41,2) -> 0 | X41: =ROUND(CY41,2) -> 0 | Y41: =ROUND(CZ41,2) -> 0 | AA41: 39500386 | AB41: =ROUND((AC41+AD41+AF41),2) -> 0 | AC41: =ROUND((ES41),2) -> 0 | AD41: =ROUND((((ET41)-(EU41))+AE41),2) -> 0 | AE41: =ROUND((EU41),2) -> 0 | AF41: =ROUND((EV41),2) -> 0 | AG41: =ROUND((AP41),2) -> 0 | AH41: =(EW41) -> 0 | AI41: =(EX41) -> 0 | AJ41: =ROUND((AS41),2) -> 0 | AK41: 0 | AL41: 0 | AM41: 0 | AN41: 0 | AO41: 0 | AP41: 0 | AQ41: 0 | AR41: 0 | AS41: 0 | AT41: 95 | AU41: 47 | AV41: 1 | AW41: 1 | AZ41: 6.66 | BA41: 1 | BB41: 1 | BC41: 6.66 | BH41: 3 | BI41: 1 | BM41: 15001 | BN41: 0 | BP41: 0 | BQ41: 2 | BR41: 0 | BS41: 1 | BT41: 1 | BU41: 1 | BV41: 1 | BW41: 1 | BX41: 1 | BZ41: 105 | CA41: 55 | CF41: 0 | CG41: 0 | CM41: 0 | CO41: 0 | CP41: =(P41+Q41+S41) -> 0 | CQ41: =AC41*BC41 -> 0 | CR41: =AD41*BB41 -> 0 | CS41: =AE41*BS41 -> 0 | CT41: =AF41*BA41 -> 0 | CU41: =AG41 -> 0 | CV41: =AH41 -> 0 | CW41: =AI41 -> 0 | CX41: =AJ41 -> 0 | CY41: =(((S41+R41)*AT41)/100) -> 0 | CZ41: =(((S41+R41)*AU41)/100) -> 0 | DN41: 0 | DO41: 0 | DP41: 1 | DQ41: 1 | DU41: 1009 | DV41: т | DW41: т | DX41: 1000 | EE41: 39174529 | EF41: 2 | EG41: Общестроительные работы | EH41: 0 | EJ41: 1 | EK41: 15001 | EL41: Отделочные работы | EM41: ФЕР-15 | EQ41: 0 | ER41: 0 | ES41: 0 | ET41: 0 | EU41: 0 | EV41: 0 | EW41: 0 | EX41: 0 | FQ41: 0 | FR41: =ROUND(IF(AND(BH41=3,BI41=3),P41,0),2) -> 0 | FS41: 0 | FT41: *0,9 | FU41: *0,85 | FX41: 94.5 | FY41: 46.75 | GD41: 0 | GF41: 1880203204 | GG41: 1 | GH41: 1 | GI41: 4 | GJ41: 0 | GK41: =ROUND(R41*(S12)/100,2) -> 0 | GL41: =ROUND(IF(AND(BH41=3,BI41=3,FS41<>0),P41,0),2) -> 0 | GM41: =ROUND(O41+X41+Y41+GK41,2)+GX41 -> 0 | GN41: =IF(OR(BI41=0,BI41=1),ROUND(O41+X41+Y41+GK41,2),0) -> 0 | GO41: =IF(BI41=2,ROUND(O41+X41+Y41+GK41,2),0) -> 0 | GP41: =IF(BI41=4,ROUND(O41+X41+Y41+GK41,2)+GX41,0) -> 0 | GR41: 0 | GS41: 3 | GT41: 0 | GV41: =ROUND(GT41,2) -> 0 | GW41: 1 | GX41: =ROUND(GV41*GW41*I41,2) -> 0 | HA41: 0 | HB41: 0 | IK41: 0
A42: 17 | B42: 1 | C42: =ROW(SmtRes!A57) -> 57 | D42: =ROW(EtalonRes!A57) -> 57 | E42: 5 | F42: 10-01-035-03 | G42: Установка подоконных досок из ПВХ в каменных стенах толщиной свыше 0,51 м | H42: 100 м | I42: =ROUND(10.15/100,9) -> 0.1015 | J42: 0 | O42: =ROUND(CP42,2) -> 661.18 | P42: =ROUND(CQ42*I42,2) -> 637.11 | Q42: =ROUND(CR42*I42,2) -> 2.78 | R42: =ROUND(CS42*I42,2) -> 0.56 | S42: =ROUND(CT42*I42,2) -> 21.29 | T42: =ROUND(CU42*I42,2) -> 0 | U42: =CV42*I42 -> 2.4955805 | V42: =CW42*I42 -> 0.04694375 | W42: =ROUND(CX42*I42,2) -> 0 | X42: =ROUND(CY42,2) -> 23.16 | Y42: =ROUND(CZ42,2) -> 11.8 | AA42: 39500385 | AB42: =ROUND((AC42+AD42+AF42),2) -> 6514.01 | AC42: =ROUND((ES42),2) -> 6276.9 | AD42: =ROUND(((((ET42*1.25))-((EU42*1.25)))+AE42),2) -> 27.38 | AE42: =ROUND(((EU42*1.25)),2) -> 5.54 | AF42: =ROUND(((EV42*1.15)),2) -> 209.73 | AG42: =ROUND((AP42),2) -> 0 | AH42: =((EW42*1.15)) -> 24.587 | AI42: =((EX42*1.25)) -> 0.4625 | AJ42: =ROUND((AS42),2) -> 0 | AK42: 6481.17 | AL42: 6276.9 | AM42: 21.9 | AN42: 4.43 | AO42: 182.37 | AP42: 0 | AQ42: 21.38 | AR42: 0.37 | AS42: 0 | AT42: 106 | AU42: 54 | AV42: 1 | AW42: 1 | AZ42: 1 | BA42: 1 | BB42: 1 | BC42: 1 | BH42: 0 | BI42: 1 | BJ42: ФЕР-2001, 10-01-035-03, приказ Минстроя России №1039/пр от 30.12.2016г. | BM42: 10001 | BN42: 0 | BP42: 0 | BQ42: 2 | BR42: 0 | BS42: 1 | BT42: 1 | BU42: 1 | BV42: 1 | BW42: 1 | BX42: 1 | BZ42: 118 | CA42: 63 | CF42: 0 | CG42: 0 | CM42: 0 | CN42: Поправка: МДС 81-35.2004, п.4.7 Наименование: Работы, выполняемые при реконструкции зданий и сооружений работы, аналогичные технологическим процессам в новом строительстве (в том числе возведение новых конструктивных элементов) стоимость которых определена по соответствующим сборникам ФЕР, кроме сборника № 46 «Работы при реконструкции зданий и сооружений» | CO42: 0 | CP42: =(P42+Q42+S42) -> 661.18 | CQ42: =AC42*BC42 -> 6276.9 | CR42: =AD42*BB42 -> 27.38 | CS42: =AE42*BS42 -> 5.54 | CT42: =AF42*BA42 -> 209.73 | CU42: =AG42 -> 0 | CV42: =AH42 -> 24.587 | CW42: =AI42 -> 0.4625 | CX42: =AJ42 -> 0 | CY42: =(((S42+R42)*AT42)/100) -> 23.161 | CZ42: =(((S42+R42)*AU42)/100) -> 11.799 | DE42: )*1,25 | DF42: )*1,25 | DG42: )*1,15 | DI42: )*1,15 | DJ42: )*1,25 | DN42: 0 | DO42: 0 | DP42: 1 | DQ42: 1 | DU42: 1003 | DV42: 100 м | DW42: 100 м | DX42: 100 | EE42: 39174503 | EF42: 2 | EG42: Общестроительные работы | EH42: 0 | EJ42: 1 | EK42: 10001 | EL42: Деревянные конструкции | EM42: ФЕР-10 | EO42: Поправка: МДС 81-35.2004, п.4.7 | EQ42: 0 | ER42: 6481.17 | ES42: 6276.9 | ET42: 21.9 | EU42: 4.43 | EV42: 182.37 | EW42: 21.38 | EX42: 0.37 | EY42: 0 | FQ42: 0 | FR42: =ROUND(IF(AND(BH42=3,BI42=3),P42,0),2) -> 0 | FS42: 0 | FT42: *0,9 | FU42: *0,85 | FX42: 106.2 | FY42: 53.55 | GD42: 0 | GF42: -1968498593 | GG42: 2 | GH42: 1 | GI42: -2 | GJ42: 0 | GK42: =ROUND(R42*(R12)/100,2) -> 0 | GL42: =ROUND(IF(AND(BH42=3,BI42=3,FS42<>0),P42,0),2) -> 0 | GM42: =ROUND(O42+X42+Y42+GK42,2)+GX42 -> 696.14 | GN42: =IF(OR(BI42=0,BI42=1),ROUND(O42+X42+Y42+GK42,2),0) -> 696.14 | GO42: =IF(BI42=2,ROUND(O42+X42+Y42+GK42,2),0) -> 0 | GP42: =IF(BI42=4,ROUND(O42+X42+Y42+GK42,2)+GX42,0) -> 0 | GR42: 0 | GS42: 3 | GT42: 0 | GV42: =ROUND(GT42,2) -> 0 | GW42: 1 | GX42: =ROUND(GV42*GW42*I42,2) -> 0 | HA42: 0 | HB42: 0 | IK42: 0
A43: 17 | B43: 1 | C43: =ROW(SmtRes!A64) -> 64 | D43: =ROW(EtalonRes!A64) -> 64 | E43: 5 | F43: 10-01-035-03 | G43: Установка подоконных досок из ПВХ в каменных стенах толщиной свыше 0,51 м | H43: 100 м | I43: =ROUND(10.15/100,9) -> 0.1015 | J43: 0 | O43: =ROUND(CP43,2) -> 4403.41 | P43: =ROUND(CQ43*I43,2) -> 4243.12 | Q43: =ROUND(CR43*I43,2) -> 18.51 | R43: =ROUND(CS43*I43,2) -> 3.74 | S43: =ROUND(CT43*I43,2) -> 141.78 | T43: =ROUND(CU43*I43,2) -> 0 | U43: =CV43*I43 -> 2.4955805 | V43: =CW43*I43 -> 0.04694375 | W43: =ROUND(CX43*I43,2) -> 0 | X43: =ROUND(CY43,2) -> 154.25 | Y43: =ROUND(CZ43,2) -> 78.58 | AA43: 39500386 | AB43: =ROUND((AC43+AD43+AF43),2) -> 6514.01 | AC43: =ROUND((ES43),2) -> 6276.9 | AD43: =ROUND(((((ET43*1.25))-((EU43*1.25)))+AE43),2) -> 27.38 | AE43: =ROUND(((EU43*1.25)),2) -> 5.54 | AF43: =ROUND(((EV43*1.15)),2) -> 209.73 | AG43: =ROUND((AP43),2) -> 0 | AH43: =((EW43*1.15)) -> 24.587 | AI43: =((EX43*1.25)) -> 0.4625 | AJ43: =ROUND((AS43),2) -> 0 | AK43: 6481.17 | AL43: 6276.9 | AM43: 21.9 | AN43: 4.43 | AO43: 182.37 | AP43: 0 | AQ43: 21.38 | AR43: 0.37 | AS43: 0 | AT43: 106 | AU43: 54 | AV43: 1 | AW43: 1 | AZ43: 6.66 | BA43: 6.66 | BB43: 6.66 | BC43: 6.66 | BH43: 0 | BI43: 1 | BJ43: ФЕР-2001, 10-01-035-03, приказ Минстроя России №1039/пр от 30.12.2016г. | BM43: 10001 | BN43: 0 | BP43: 0 | BQ43: 2 | BR43: 0 | BS43: 6.66 | BT43: 1 | BU43: 1 | BV43: 1 | BW43: 1 | BX43: 1 | BZ43: 118 | CA43: 63 | CF43: 0 | CG43: 0 | CM43: 0 | CN43: Поправка: МДС 81-35.2004, п.4.7 Наименование: Работы, выполняемые при реконструкции зданий и сооружений работы, аналогичные технологическим процессам в новом строительстве (в том числе возведение новых конструктивных элементов) стоимость которых определена по соответствующим сборникам ФЕР, кроме сборника № 46 «Работы при реконструкции зданий и сооружений» | CO43: 0 | CP43: =(P43+Q43+S43) -> 4403.41 | CQ43: =AC43*BC43 -> 41804.154 | CR43: =AD43*BB43 -> 182.3508 | CS43: =AE43*BS43 -> 36.8964 | CT43: =AF43*BA43 -> 1396.8018 | CU43: =AG43 -> 0 | CV43: =AH43 -> 24.587 | CW43: =AI43 -> 0.4625 | CX43: =AJ43 -> 0 | CY43: =(((S43+R43)*AT43)/100) -> 154.2512 | CZ43: =(((S43+R43)*AU43)/100) -> 78.5808 | DE43: )*1,25 | DF43: )*1,25 | DG43: )*1,15 | DI43: )*1,15 | DJ43: )*1,25 | DN43: 0 | DO43: 0 | DP43: 1 | DQ43: 1 | DU43: 1003 | DV43: 100 м | DW43: 100 м | DX43: 100 | EE43: 39174503 | EF43: 2 | EG43: Общестроительные работы | EH43: 0 | EJ43: 1 | EK43: 10001 | EL43: Деревянные конструкции | EM43: ФЕР-10 | EO43: Поправка: МДС 81-35.2004, п.4.7 | EQ43: 0 | ER43: 6481.17 | ES43: 6276.9 | ET43: 21.9 | EU43: 4.43 | EV43: 182.37 | EW43: 21.38 | EX43: 0.37 | EY43: 0 | FQ43: 0 | FR43: =ROUND(IF(AND(BH43=3,BI43=3),P43,0),2) -> 0 | FS43: 0 | FT43: *0,9 | FU43: *0,85 | FX43: 106.2 | FY43: 53.55 | GD43: 0 | GF43: -1968498593 | GG43: 1 | GH43: 1 | GI43: 4 | GJ43: 0 | GK43: =ROUND(R43*(S12)/100,2) -> 0 | GL43: =ROUND(IF(AND(BH43=3,BI43=3,FS43<>0),P43,0),2) -> 0 | GM43: =ROUND(O43+X43+Y43+GK43,2)+GX43 -> 4636.24 | GN43: =IF(OR(BI43=0,BI43=1),ROUND(O43+X43+Y43+GK43,2),0) -> 4636.24 | GO43: =IF(BI43=2,ROUND(O43+X43+Y43+GK43,2),0) -> 0 | GP43: =IF(BI43=4,ROUND(O43+X43+Y43+GK43,2)+GX43,0) -> 0 | GR43: 0 | GS43: 3 | GT43: 0 | GV43: =ROUND(GT43,2) -> 0 | GW43: 1 | GX43: =ROUND(GV43*GW43*I43,2) -> 0 | HA43: 0 | HB43: 0 | IK43: 0
A44: 18 | B44: 1 | C44: 55 | E44: 5,1 | F44: 11.3.03.01-0011 | G44: Доски подоконные ПВХ, шириной 600 мм | H44: м | I44: =I42*J44 -> 10.15 | J44: 100 | O44: =ROUND(CP44,2) -> 760.34 | P44: =ROUND(CQ44*I44,2) -> 760.34 | Q44: =ROUND(CR44*I44,2) -> 0 | R44: =ROUND(CS44*I44,2) -> 0 | S44: =ROUND(CT44*I44,2) -> 0 | T44: =ROUND(CU44*I44,2) -> 0 | U44: =CV44*I44 -> 0 | V44: =CW44*I44 -> 0 | W44: =ROUND(CX44*I44,2) -> 0 | X44: =ROUND(CY44,2) -> 0 | Y44: =ROUND(CZ44,2) -> 0 | AA44: 39500385 | AB44: =ROUND((AC44+AD44+AF44),2) -> 74.91 | AC44: =ROUND((ES44),2) -> 74.91 | AD44: =ROUND((((ET44)-(EU44))+AE44),2) -> 0 | AE44: =ROUND((EU44),2) -> 0 | AF44: =ROUND((EV44),2) -> 0 | AG44: =ROUND((AP44),2) -> 0 | AH44: =(EW44) -> 0 | AI44: =(EX44) -> 0 | AJ44: =ROUND((AS44),2) -> 0 | AK44: 74.91 | AL44: 74.91 | AM44: 0 | AN44: 0 | AO44: 0 | AP44: 0 | AQ44: 0 | AR44: 0 | AS44: 0 | AT44: 106 | AU44: 54 | AV44: 1 | AW44: 1 | AZ44: 1 | BA44: 1 | BB44: 1 | BC44: 1 | BH44: 3 | BI44: 1 | BJ44: ФССЦ-2001, 11.3.03.01-0011, приказ Минстроя России №1039/пр от 30.12.2016г. | BM44: 10001 | BN44: 0 | BP44: 0 | BQ44: 2 | BR44: 0 | BS44: 1 | BT44: 1 | BU44: 1 | BV44: 1 | BW44: 1 | BX44: 1 | BZ44: 118 | CA44: 63 | CF44: 0 | CG44: 0 | CM44: 0 | CO44: 0 | CP44: =(P44+Q44+S44) -> 760.34 | CQ44: =AC44*BC44 -> 74.91 | CR44: =AD44*BB44 -> 0 | CS44: =AE44*BS44 -> 0 | CT44: =AF44*BA44 -> 0 | CU44: =AG44 -> 0 | CV44: =AH44 -> 0 | CW44: =AI44 -> 0 | CX44: =AJ44 -> 0 | CY44: =(((S44+R44)*AT44)/100) -> 0 | CZ44: =(((S44+R44)*AU44)/100) -> 0 | DN44: 0 | DO44: 0 | DP44: 1 | DQ44: 1 | DU44: 1003 | DV44: м | DW44: м | DX44: 1 | EE44: 39174503 | EF44: 2 | EG44: Общестроительные работы | EH44: 0 | EJ44: 1 | EK44: 10001 | EL44: Деревянные конструкции | EM44: ФЕР-10 | EQ44: 0 | ER44: 74.91 | ES44: 74.91 | ET44: 0 | EU44: 0 | EV44: 0 | EW44: 0 | EX44: 0 | FQ44: 0 | FR44: =ROUND(IF(AND(BH44=3,BI44=3),P44,0),2) -> 0 | FS44: 0 | FT44: *0,9 | FU44: *0,85 | FX44: 106.2 | FY44: 53.55 | GD44: 0 | GF44: -1117643773 | GG44: 2 | GH44: 1 | GI44: -2 | GJ44: 0 | GK44: =ROUND(R44*(R12)/100,2) -> 0 | GL44: =ROUND(IF(AND(BH44=3,BI44=3,FS44<>0),P44,0),2) -> 0 | GM44: =ROUND(O44+X44+Y44+GK44,2)+GX44 -> 760.34 | GN44: =IF(OR(BI44=0,BI44=1),ROUND(O44+X44+Y44+GK44,2),0) -> 760.34 | GO44: =IF(BI44=2,ROUND(O44+X44+Y44+GK44,2),0) -> 0 | GP44: =IF(BI44=4,ROUND(O44+X44+Y44+GK44,2)+GX44,0) -> 0 | GR44: 0 | GS44: 3 | GT44: 0 | GV44: =ROUND(GT44,2) -> 0 | GW44: 1 | GX44: =ROUND(GV44*GW44*I44,2) -> 0 | HA44: 0 | HB44: 0 | IK44: 0
A45: 18 | B45: 1 | C45: 62 | E45: 5,1 | F45: 11.3.03.01-0011 | G45: Доски подоконные ПВХ, шириной 600 мм | H45: м | I45: =I43*J45 -> 10.15 | J45: 100 | O45: =ROUND(CP45,2) -> 5063.84 | P45: =ROUND(CQ45*I45,2) -> 5063.84 | Q45: =ROUND(CR45*I45,2) -> 0 | R45: =ROUND(CS45*I45,2) -> 0 | S45: =ROUND(CT45*I45,2) -> 0 | T45: =ROUND(CU45*I45,2) -> 0 | U45: =CV45*I45 -> 0 | V45: =CW45*I45 -> 0 | W45: =ROUND(CX45*I45,2) -> 0 | X45: =ROUND(CY45,2) -> 0 | Y45: =ROUND(CZ45,2) -> 0 | AA45: 39500386 | AB45: =ROUND((AC45+AD45+AF45),2) -> 74.91 | AC45: =ROUND((ES45),2) -> 74.91 | AD45: =ROUND((((ET45)-(EU45))+AE45),2) -> 0 | AE45: =ROUND((EU45),2) -> 0 | AF45: =ROUND((EV45),2) -> 0 | AG45: =ROUND((AP45),2) -> 0 | AH45: =(EW45) -> 0 | AI45: =(EX45) -> 0 | AJ45: =ROUND((AS45),2) -> 0 | AK45: 74.91 | AL45: 74.91 | AM45: 0 | AN45: 0 | AO45: 0 | AP45: 0 | AQ45: 0 | AR45: 0 | AS45: 0 | AT45: 106 | AU45: 54 | AV45: 1 | AW45: 1 | AZ45: 6.66 | BA45: 1 | BB45: 1 | BC45: 6.66 | BH45: 3 | BI45: 1 | BJ45: ФССЦ-2001, 11.3.03.01-0011, приказ Минстроя России №1039/пр от 30.12.2016г. | BM45: 10001 | BN45: 0 | BP45: 0 | BQ45: 2 | BR45: 0 | BS45: 1 | BT45: 1 | BU45: 1 | BV45: 1 | BW45: 1 | BX45: 1 | BZ45: 118 | CA45: 63 | CF45: 0 | CG45: 0 | CM45: 0 | CO45: 0 | CP45: =(P45+Q45+S45) -> 5063.84 | CQ45: =AC45*BC45 -> 498.9006 | CR45: =AD45*BB45 -> 0 | CS45: =AE45*BS45 -> 0 | CT45: =AF45*BA45 -> 0 | CU45: =AG45 -> 0 | CV45: =AH45 -> 0 | CW45: =AI45 -> 0 | CX45: =AJ45 -> 0 | CY45: =(((S45+R45)*AT45)/100) -> 0 | CZ45: =(((S45+R45)*AU45)/100) -> 0 | DN45: 0 | DO45: 0 | DP45: 1 | DQ45: 1 | DU45: 1003 | DV45: м | DW45: м | DX45: 1 | EE45: 39174503 | EF45: 2 | EG45: Общестроительные работы | EH45: 0 | EJ45: 1 | EK45: 10001 | EL45: Деревянные конструкции | EM45: ФЕР-10 | EQ45: 0 | ER45: 74.91 | ES45: 74.91 | ET45: 0 | EU45: 0 | EV45: 0 | EW45: 0 | EX45: 0 | FQ45: 0 | FR45: =ROUND(IF(AND(BH45=3,BI45=3),P45,0),2) -> 0 | FS45: 0 | FT45: *0,9 | FU45: *0,85 | FX45: 106.2 | FY45: 53.55 | GD45: 0 | GF45: -1117643773 | GG45: 1 | GH45: 1 | GI45: 4 | GJ45: 0 | GK45: =ROUND(R45*(S12)/100,2) -> 0 | GL45: =ROUND(IF(AND(BH45=3,BI45=3,FS45<>0),P45,0),2) -> 0 | GM45: =ROUND(O45+X45+Y45+GK45,2)+GX45 -> 5063.84 | GN45: =IF(OR(BI45=0,BI45=1),ROUND(O45+X45+Y45+GK45,2),0) -> 5063.84 | GO45: =IF(BI45=2,ROUND(O45+X45+Y45+GK45,2),0) -> 0 | GP45: =IF(BI45=4,ROUND(O45+X45+Y45+GK45,2)+GX45,0) -> 0 | GR45: 0 | GS45: 3 | GT45: 0 | GV45: =ROUND(GT45,2) -> 0 | GW45: 1 | GX45: =ROUND(GV45*GW45*I45,2) -> 0 | HA45: 0 | HB45: 0 | IK45: 0
A46: 17 | B46: 1 | C46: =ROW(SmtRes!A75) -> 75 | D46: =ROW(EtalonRes!A72) -> 72 | E46: 6 | F46: 15-01-050-04 | G46: Облицовка оконных и дверных откосов декоративным бумажно-слоистым пластиком или листами из синтетических материалов на клее | H46: 100 м2 | I46: =ROUND(17.33/100,9) -> 0.1733 | J46: 0 | O46: =ROUND(CP46,2) -> 312.28 | P46: =ROUND(CQ46*I46,2) -> 0.06 | Q46: =ROUND(CR46*I46,2) -> 7.66 | R46: =ROUND(CS46*I46,2) -> 1.49 | S46: =ROUND(CT46*I46,2) -> 304.56 | T46: =ROUND(CU46*I46,2) -> 0 | U46: =CV46*I46 -> 33.176639 | V46: =CW46*I46 -> 0.1256425 | W46: =ROUND(CX46*I46,2) -> 0 | X46: =ROUND(CY46,2) -> 290.75 | Y46: =ROUND(CZ46,2) -> 143.84 | AA46: 39500385 | AB46: =ROUND((AC46+AD46+AF46),2) -> 1801.98 | AC46: =ROUND((ES46),2) -> 0.36 | AD46: =ROUND(((((ET46*1.25))-((EU46*1.25)))+AE46),2) -> 44.2 | AE46: =ROUND(((EU46*1.25)),2) -> 8.6 | AF46: =ROUND(((EV46*1.15)),2) -> 1757.42 | AG46: =ROUND((AP46),2) -> 0 | AH46: =((EW46*1.15)) -> 191.4405 | AI46: =((EX46*1.25)) -> 0.725 | AJ46: =ROUND((AS46),2) -> 0 | AK46: 1563.91 | AL46: 0.36 | AM46: 35.36 | AN46: 6.88 | AO46: 1528.19 | AP46: 0 | AQ46: 166.47 | AR46: 0.58 | AS46: 0 | AT46: 95 | AU46: 47 | AV46: 1 | AW46: 1 | AZ46: 1 | BA46: 1 | BB46: 1 | BC46: 1 | BH46: 0 | BI46: 1 | BJ46: ФЕР-2001, 15-01-050-04, приказ Минстроя России №1039/пр от 30.12.2016г. | BM46: 15001 | BN46: 0 | BP46: 0 | BQ46: 2 | BR46: 0 | BS46: 1 | BT46: 1 | BU46: 1 | BV46: 1 | BW46: 1 | BX46: 1 | BZ46: 105 | CA46: 55 | CF46: 0 | CG46: 0 | CM46: 0 | CN46: Поправка: МДС 81-35.2004, п.4.7 Наименование: Работы, выполняемые при реконструкции зданий и сооружений работы, аналогичные технологическим процессам в новом строительстве (в том числе возведение новых конструктивных элементов) стоимость которых определена по соответствующим сборникам ФЕР, кроме сборника № 46 «Работы при реконструкции зданий и сооружений» | CO46: 0 | CP46: =(P46+Q46+S46) -> 312.28 | CQ46: =AC46*BC46 -> 0.36 | CR46: =AD46*BB46 -> 44.2 | CS46: =AE46*BS46 -> 8.6 | CT46: =AF46*BA46 -> 1757.42 | CU46: =AG46 -> 0 | CV46: =AH46 -> 191.4405 | CW46: =AI46 -> 0.725 | CX46: =AJ46 -> 0 | CY46: =(((S46+R46)*AT46)/100) -> 290.7475 | CZ46: =(((S46+R46)*AU46)/100) -> 143.8435 | DE46: )*1,25 | DF46: )*1,25 | DG46: )*1,15 | DI46: )*1,15 | DJ46: )*1,25 | DN46: 0 | DO46: 0 | DP46: 1 | DQ46: 1 | DU46: 1005 | DV46: 100 м2 | DW46: 100 м2 | DX46: 100 | EE46: 39174529 | EF46: 2 | EG46: Общестроительные работы | EH46: 0 | EJ46: 1 | EK46: 15001 | EL46: Отделочные работы | EM46: ФЕР-15 | EO46: Поправка: МДС 81-35.2004, п.4.7 | EQ46: 0 | ER46: 1563.91 | ES46: 0.36 | ET46: 35.36 | EU46: 6.88 | EV46: 1528.19 | EW46: 166.47 | EX46: 0.58 | EY46: 0 | FQ46: 0 | FR46: =ROUND(IF(AND(BH46=3,BI46=3),P46,0),2) -> 0 | FS46: 0 | FT46: *0,9 | FU46: *0,85 | FX46: 94.5 | FY46: 46.75 | GD46: 0 | GF46: 251333065 | GG46: 2 | GH46: 1 | GI46: -2 | GJ46: 0 | GK46: =ROUND(R46*(R12)/100,2) -> 0 | GL46: =ROUND(IF(AND(BH46=3,BI46=3,FS46<>0),P46,0),2) -> 0 | GM46: =ROUND(O46+X46+Y46+GK46,2)+GX46 -> 746.87 | GN46: =IF(OR(BI46=0,BI46=1),ROUND(O46+X46+Y46+GK46,2),0) -> 746.87 | GO46: =IF(BI46=2,ROUND(O46+X46+Y46+GK46,2),0) -> 0 | GP46: =IF(BI46=4,ROUND(O46+X46+Y46+GK46,2)+GX46,0) -> 0 | GR46: 0 | GS46: 3 | GT46: 0 | GV46: =ROUND(GT46,2) -> 0 | GW46: 1 | GX46: =ROUND(GV46*GW46*I46,2) -> 0 | HA46: 0 | HB46: 0 | IK46: 0
A47: 17 | B47: 1 | C47: =ROW(SmtRes!A86) -> 86 | D47: =ROW(EtalonRes!A80) -> 80 | E47: 6 | F47: 15-01-050-04 | G47: Облицовка оконных и дверных откосов декоративным бумажно-слоистым пластиком или листами из синтетических материалов на клее | H47: 100 м2 | I47: =ROUND(17.33/100,9) -> 0.1733 | J47: 0 | O47: =ROUND(CP47,2) -> 2079.81 | P47: =ROUND(CQ47*I47,2) -> 0.42 | Q47: =ROUND(CR47*I47,2) -> 51.01 | R47: =ROUND(CS47*I47,2) -> 9.93 | S47: =ROUND(CT47*I47,2) -> 2028.38 | T47: =ROUND(CU47*I47,2) -> 0 | U47: =CV47*I47 -> 33.176639 | V47: =CW47*I47 -> 0.1256425 | W47: =ROUND(CX47*I47,2) -> 0 | X47: =ROUND(CY47,2) -> 1936.39 | Y47: =ROUND(CZ47,2) -> 958.01 | AA47: 39500386 | AB47: =ROUND((AC47+AD47+AF47),2) -> 1801.98 | AC47: =ROUND((ES47),2) -> 0.36 | AD47: =ROUND(((((ET47*1.25))-((EU47*1.25)))+AE47),2) -> 44.2 | AE47: =ROUND(((EU47*1.25)),2) -> 8.6 | AF47: =ROUND(((EV47*1.15)),2) -> 1757.42 | AG47: =ROUND((AP47),2) -> 0 | AH47: =((EW47*1.15)) -> 191.4405 | AI47: =((EX47*1.25)) -> 0.725 | AJ47: =ROUND((AS47),2) -> 0 | AK47: 1563.91 | AL47: 0.36 | AM47: 35.36 | AN47: 6.88 | AO47: 1528.19 | AP47: 0 | AQ47: 166.47 | AR47: 0.58 | AS47: 0 | AT47: 95 | AU47: 47 | AV47: 1 | AW47: 1 | AZ47: 6.66 | BA47: 6.66 | BB47: 6.66 | BC47: 6.66 | BH47: 0 | BI47: 1 | BJ47: ФЕР-2001, 15-01-050-04, приказ Минстроя России №1039/пр от 30.12.2016г. | BM47: 15001 | BN47: 0 | BP47: 0 | BQ47: 2 | BR47: 0 | BS47: 6.66 | BT47: 1 | BU47: 1 | BV47: 1 | BW47: 1 | BX47: 1 | BZ47: 105 | CA47: 55 | CF47: 0 | CG47: 0 | CM47: 0 | CN47: Поправка: МДС 81-35.2004, п.4.7 Наименование: Работы, выполняемые при реконструкции зданий и сооружений работы, аналогичные технологическим процессам в новом строительстве (в том числе возведение новых конструктивных элементов) стоимость которых определена по соответствующим сборникам ФЕР, кроме сборника № 46 «Работы при реконструкции зданий и сооружений» | CO47: 0 | CP47: =(P47+Q47+S47) -> 2079.81 | CQ47: =AC47*BC47 -> 2.3976 | CR47: =AD47*BB47 -> 294.372 | CS47: =AE47*BS47 -> 57.276 | CT47: =AF47*BA47 -> 11704.417 | CU47: =AG47 -> 0 | CV47: =AH47 -> 191.4405 | CW47: =AI47 -> 0.725 | CX47: =AJ47 -> 0 | CY47: =(((S47+R47)*AT47)/100) -> 1936.3945 | CZ47: =(((S47+R47)*AU47)/100) -> 958.0057 | DE47: )*1,25 | DF47: )*1,25 | DG47: )*1,15 | DI47: )*1,15 | DJ47: )*1,25 | DN47: 0 | DO47: 0 | DP47: 1 | DQ47: 1 | DU47: 1005 | DV47: 100 м2 | DW47: 100 м2 | DX47: 100 | EE47: 39174529 | EF47: 2 | EG47: Общестроительные работы | EH47: 0 | EJ47: 1 | EK47: 15001 | EL47: Отделочные работы | EM47: ФЕР-15 | EO47: Поправка: МДС 81-35.2004, п.4.7 | EQ47: 0 | ER47: 1563.91 | ES47: 0.36 | ET47: 35.36 | EU47: 6.88 | EV47: 1528.19 | EW47: 166.47 | EX47: 0.58 | EY47: 0 | FQ47: 0 | FR47: =ROUND(IF(AND(BH47=3,BI47=3),P47,0),2) -> 0 | FS47: 0 | FT47: *0,9 | FU47: *0,85 | FX47: 94.5 | FY47: 46.75 | GD47: 0 | GF47: 251333065 | GG47: 1 | GH47: 1 | GI47: 4 | GJ47: 0 | GK47: =ROUND(R47*(S12)/100,2) -> 0 | GL47: =ROUND(IF(AND(BH47=3,BI47=3,FS47<>0),P47,0),2) -> 0 | GM47: =ROUND(O47+X47+Y47+GK47,2)+GX47 -> 4974.21 | GN47: =IF(OR(BI47=0,BI47=1),ROUND(O47+X47+Y47+GK47,2),0) -> 4974.21 | GO47: =IF(BI47=2,ROUND(O47+X47+Y47+GK47,2),0) -> 0 | GP47: =IF(BI47=4,ROUND(O47+X47+Y47+GK47,2)+GX47,0) -> 0 | GR47: 0 | GS47: 3 | GT47: 0 | GV47: =ROUND(GT47,2) -> 0 | GW47: 1 | GX47: =ROUND(GV47*GW47*I47,2) -> 0 | HA47: 0 | HB47: 0 | IK47: 0
A48: 18 | B48: 1 | C48: 71 | E48: 6,1 | F48: 11.3.03.05-0001 | G48: Панели пластиковые для откосов "Реас Пласт" шириной 0,5 м, длиной 3,0 м, белые матовые, лакированные | H48: м2 | I48: =I46*J48 -> 18.1965 | J48: 105 | O48: =ROUND(CP48,2) -> 625.6 | P48: =ROUND(CQ48*I48,2) -> 625.6 | Q48: =ROUND(CR48*I48,2) -> 0 | R48: =ROUND(CS48*I48,2) -> 0 | S48: =ROUND(CT48*I48,2) -> 0 | T48: =ROUND(CU48*I48,2) -> 0 | U48: =CV48*I48 -> 0 | V48: =CW48*I48 -> 0 | W48: =ROUND(CX48*I48,2) -> 0 | X48: =ROUND(CY48,2) -> 0 | Y48: =ROUND(CZ48,2) -> 0 | AA48: 39500385 | AB48: =ROUND((AC48+AD48+AF48),2) -> 34.38 | AC48: =ROUND((ES48),2) -> 34.38 | AD48: =ROUND((((ET48)-(EU48))+AE48),2) -> 0 | AE48: =ROUND((EU48),2) -> 0 | AF48: =ROUND((EV48),2) -> 0 | AG48: =ROUND((AP48),2) -> 0 | AH48: =(EW48) -> 0 | AI48: =(EX48) -> 0 | AJ48: =ROUND((AS48),2) -> 0 | AK48: 34.38 | AL48: 34.38 | AM48: 0 | AN48: 0 | AO48: 0 | AP48: 0 | AQ48: 0 | AR48: 0 | AS48: 0 | AT48: 95 | AU48: 47 | AV48: 1 | AW48: 1 | AZ48: 1 | BA48: 1 | BB48: 1 | BC48: 1 | BH48: 3 | BI48: 1 | BJ48: ФССЦ-2001, 11.3.03.05-0001, приказ Минстроя России №1039/пр от 30.12.2016г. | BM48: 15001 | BN48: 0 | BP48: 0 | BQ48: 2 | BR48: 0 | BS48: 1 | BT48: 1 | BU48: 1 | BV48: 1 | BW48: 1 | BX48: 1 | BZ48: 105 | CA48: 55 | CF48: 0 | CG48: 0 | CM48: 0 | CO48: 0 | CP48: =(P48+Q48+S48) -> 625.6 | CQ48: =AC48*BC48 -> 34.38 | CR48: =AD48*BB48 -> 0 | CS48: =AE48*BS48 -> 0 | CT48: =AF48*BA48 -> 0 | CU48: =AG48 -> 0 | CV48: =AH48 -> 0 | CW48: =AI48 -> 0 | CX48: =AJ48 -> 0 | CY48: =(((S48+R48)*AT48)/100) -> 0 | CZ48: =(((S48+R48)*AU48)/100) -> 0 | DN48: 0 | DO48: 0 | DP48: 1 | DQ48: 1 | DU48: 1005 | DV48: м2 | DW48: м2 | DX48: 1 | EE48: 39174529 | EF48: 2 | EG48: Общестроительные работы | EH48: 0 | EJ48: 1 | EK48: 15001 | EL48: Отделочные работы | EM48: ФЕР-15 | EQ48: 0 | ER48: 34.38 | ES48: 34.38 | ET48: 0 | EU48: 0 | EV48: 0 | EW48: 0 | EX48: 0 | FQ48: 0 | FR48: =ROUND(IF(AND(BH48=3,BI48=3),P48,0),2) -> 0 | FS48: 0 | FT48: *0,9 | FU48: *0,85 | FX48: 94.5 | FY48: 46.75 | GD48: 0 | GF48: 623962426 | GG48: 2 | GH48: 1 | GI48: -2 | GJ48: 0 | GK48: =ROUND(R48*(R12)/100,2) -> 0 | GL48: =ROUND(IF(AND(BH48=3,BI48=3,FS48<>0),P48,0),2) -> 0 | GM48: =ROUND(O48+X48+Y48+GK48,2)+GX48 -> 625.6 | GN48: =IF(OR(BI48=0,BI48=1),ROUND(O48+X48+Y48+GK48,2),0) -> 625.6 | GO48: =IF(BI48=2,ROUND(O48+X48+Y48+GK48,2),0) -> 0 | GP48: =IF(BI48=4,ROUND(O48+X48+Y48+GK48,2)+GX48,0) -> 0 | GR48: 0 | GS48: 3 | GT48: 0 | GV48: =ROUND(GT48,2) -> 0 | GW48: 1 | GX48: =ROUND(GV48*GW48*I48,2) -> 0 | HA48: 0 | HB48: 0 | IK48: 0
A49: 18 | B49: 1 | C49: 82 | E49: 6,1 | F49: 11.3.03.05-0001 | G49: Панели пластиковые для откосов "Реас Пласт" шириной 0,5 м, длиной 3,0 м, белые матовые, лакированные | H49: м2 | I49: =I47*J49 -> 18.1965 | J49: 105 | O49: =ROUND(CP49,2) -> 4166.47 | P49: =ROUND(CQ49*I49,2) -> 4166.47 | Q49: =ROUND(CR49*I49,2) -> 0 | R49: =ROUND(CS49*I49,2) -> 0 | S49: =ROUND(CT49*I49,2) -> 0 | T49: =ROUND(CU49*I49,2) -> 0 | U49: =CV49*I49 -> 0 | V49: =CW49*I49 -> 0 | W49: =ROUND(CX49*I49,2) -> 0 | X49: =ROUND(CY49,2) -> 0 | Y49: =ROUND(CZ49,2) -> 0 | AA49: 39500386 | AB49: =ROUND((AC49+AD49+AF49),2) -> 34.38 | AC49: =ROUND((ES49),2) -> 34.38 | AD49: =ROUND((((ET49)-(EU49))+AE49),2) -> 0 | AE49: =ROUND((EU49),2) -> 0 | AF49: =ROUND((EV49),2) -> 0 | AG49: =ROUND((AP49),2) -> 0 | AH49: =(EW49) -> 0 | AI49: =(EX49) -> 0 | AJ49: =ROUND((AS49),2) -> 0 | AK49: 34.38 | AL49: 34.38 | AM49: 0 | AN49: 0 | AO49: 0 | AP49: 0 | AQ49: 0 | AR49: 0 | AS49: 0 | AT49: 95 | AU49: 47 | AV49: 1 | AW49: 1 | AZ49: 6.66 | BA49: 1 | BB49: 1 | BC49: 6.66 | BH49: 3 | BI49: 1 | BJ49: ФССЦ-2001, 11.3.03.05-0001, приказ Минстроя России №1039/пр от 30.12.2016г. | BM49: 15001 | BN49: 0 | BP49: 0 | BQ49: 2 | BR49: 0 | BS49: 1 | BT49: 1 | BU49: 1 | BV49: 1 | BW49: 1 | BX49: 1 | BZ49: 105 | CA49: 55 | CF49: 0 | CG49: 0 | CM49: 0 | CO49: 0 | CP49: =(P49+Q49+S49) -> 4166.47 | CQ49: =AC49*BC49 -> 228.9708 | CR49: =AD49*BB49 -> 0 | CS49: =AE49*BS49 -> 0 | CT49: =AF49*BA49 -> 0 | CU49: =AG49 -> 0 | CV49: =AH49 -> 0 | CW49: =AI49 -> 0 | CX49: =AJ49 -> 0 | CY49: =(((S49+R49)*AT49)/100) -> 0 | CZ49: =(((S49+R49)*AU49)/100) -> 0 | DN49: 0 | DO49: 0 | DP49: 1 | DQ49: 1 | DU49: 1005 | DV49: м2 | DW49: м2 | DX49: 1 | EE49: 39174529 | EF49: 2 | EG49: Общестроительные работы | EH49: 0 | EJ49: 1 | EK49: 15001 | EL49: Отделочные работы | EM49: ФЕР-15 | EQ49: 0 | ER49: 34.38 | ES49: 34.38 | ET49: 0 | EU49: 0 | EV49: 0 | EW49: 0 | EX49: 0 | FQ49: 0 | FR49: =ROUND(IF(AND(BH49=3,BI49=3),P49,0),2) -> 0 | FS49: 0 | FT49: *0,9 | FU49: *0,85 | FX49: 94.5 | FY49: 46.75 | GD49: 0 | GF49: 623962426 | GG49: 1 | GH49: 1 | GI49: 4 | GJ49: 0 | GK49: =ROUND(R49*(S12)/100,2) -> 0 | GL49: =ROUND(IF(AND(BH49=3,BI49=3,FS49<>0),P49,0),2) -> 0 | GM49: =ROUND(O49+X49+Y49+GK49,2)+GX49 -> 4166.47 | GN49: =IF(OR(BI49=0,BI49=1),ROUND(O49+X49+Y49+GK49,2),0) -> 4166.47 | GO49: =IF(BI49=2,ROUND(O49+X49+Y49+GK49,2),0) -> 0 | GP49: =IF(BI49=4,ROUND(O49+X49+Y49+GK49,2)+GX49,0) -> 0 | GR49: 0 | GS49: 3 | GT49: 0 | GV49: =ROUND(GT49,2) -> 0 | GW49: 1 | GX49: =ROUND(GV49*GW49*I49,2) -> 0 | HA49: 0 | HB49: 0 | IK49: 0
A50: 18 | B50: 1 | C50: 72 | E50: 6,2 | F50: 14.1.02.04-0102 | G50: Клей Forbo 522, для укладки ПВХ-покрытий | H50: кг | I50: =I46*J50 -> 5.199 | J50: 30 | O50: =ROUND(CP50,2) -> 132.89 | P50: =ROUND(CQ50*I50,2) -> 132.89 | Q50: =ROUND(CR50*I50,2) -> 0 | R50: =ROUND(CS50*I50,2) -> 0 | S50: =ROUND(CT50*I50,2) -> 0 | T50: =ROUND(CU50*I50,2) -> 0 | U50: =CV50*I50 -> 0 | V50: =CW50*I50 -> 0 | W50: =ROUND(CX50*I50,2) -> 0 | X50: =ROUND(CY50,2) -> 0 | Y50: =ROUND(CZ50,2) -> 0 | AA50: 39500385 | AB50: =ROUND((AC50+AD50+AF50),2) -> 25.56 | AC50: =ROUND((ES50),2) -> 25.56 | AD50: =ROUND((((ET50)-(EU50))+AE50),2) -> 0 | AE50: =ROUND((EU50),2) -> 0 | AF50: =ROUND((EV50),2) -> 0 | AG50: =ROUND((AP50),2) -> 0 | AH50: =(EW50) -> 0 | AI50: =(EX50) -> 0 | AJ50: =ROUND((AS50),2) -> 0 | AK50: 25.56 | AL50: 25.56 | AM50: 0 | AN50: 0 | AO50: 0 | AP50: 0 | AQ50: 0 | AR50: 0 | AS50: 0 | AT50: 95 | AU50: 47 | AV50: 1 | AW50: 1 | AZ50: 1 | BA50: 1 | BB50: 1 | BC50: 1 | BH50: 3 | BI50: 1 | BJ50: ФССЦ-2001, 14.1.02.04-0102, приказ Минстроя России №1039/пр от 30.12.2016г. | BM50: 15001 | BN50: 0 | BP50: 0 | BQ50: 2 | BR50: 0 | BS50: 1 | BT50: 1 | BU50: 1 | BV50: 1 | BW50: 1 | BX50: 1 | BZ50: 105 | CA50: 55 | CF50: 0 | CG50: 0 | CM50: 0 | CO50: 0 | CP50: =(P50+Q50+S50) -> 132.89 | CQ50: =AC50*BC50 -> 25.56 | CR50: =AD50*BB50 -> 0 | CS50: =AE50*BS50 -> 0 | CT50: =AF50*BA50 -> 0 | CU50: =AG50 -> 0 | CV50: =AH50 -> 0 | CW50: =AI50 -> 0 | CX50: =AJ50 -> 0 | CY50: =(((S50+R50)*AT50)/100) -> 0 | CZ50: =(((S50+R50)*AU50)/100) -> 0 | DN50: 0 | DO50: 0 | DP50: 1 | DQ50: 1 | DU50: 1009 | DV50: кг | DW50: кг | DX50: 1 | EE50: 39174529 | EF50: 2 | EG50: Общестроительные работы | EH50: 0 | EJ50: 1 | EK50: 15001 | EL50: Отделочные работы | EM50: ФЕР-15 | EQ50: 0 | ER50: 25.56 | ES50: 25.56 | ET50: 0 | EU50: 0 | EV50: 0 | EW50: 0 | EX50: 0 | FQ50: 0 | FR50: =ROUND(IF(AND(BH50=3,BI50=3),P50,0),2) -> 0 | FS50: 0 | FT50: *0,9 | FU50: *0,85 | FX50: 94.5 | FY50: 46.75 | GD50: 0 | GF50: -89726692 | GG50: 2 | GH50: 1 | GI50: -2 | GJ50: 0 | GK50: =ROUND(R50*(R12)/100,2) -> 0 | GL50: =ROUND(IF(AND(BH50=3,BI50=3,FS50<>0),P50,0),2) -> 0 | GM50: =ROUND(O50+X50+Y50+GK50,2)+GX50 -> 132.89 | GN50: =IF(OR(BI50=0,BI50=1),ROUND(O50+X50+Y50+GK50,2),0) -> 132.89 | GO50: =IF(BI50=2,ROUND(O50+X50+Y50+GK50,2),0) -> 0 | GP50: =IF(BI50=4,ROUND(O50+X50+Y50+GK50,2)+GX50,0) -> 0 | GR50: 0 | GS50: 3 | GT50: 0 | GV50: =ROUND(GT50,2) -> 0 | GW50: 1 | GX50: =ROUND(GV50*GW50*I50,2) -> 0 | HA50: 0 | HB50: 0 | IK50: 0
A51: 18 | B51: 1 | C51: 83 | E51: 6,2 | F51: 14.1.02.04-0102 | G51: Клей Forbo 522, для укладки ПВХ-покрытий | H51: кг | I51: =I47*J51 -> 5.199 | J51: 30 | O51: =ROUND(CP51,2) -> 885.02 | P51: =ROUND(CQ51*I51,2) -> 885.02 | Q51: =ROUND(CR51*I51,2) -> 0 | R51: =ROUND(CS51*I51,2) -> 0 | S51: =ROUND(CT51*I51,2) -> 0 | T51: =ROUND(CU51*I51,2) -> 0 | U51: =CV51*I51 -> 0 | V51: =CW51*I51 -> 0 | W51: =ROUND(CX51*I51,2) -> 0 | X51: =ROUND(CY51,2) -> 0 | Y51: =ROUND(CZ51,2) -> 0 | AA51: 39500386 | AB51: =ROUND((AC51+AD51+AF51),2) -> 25.56 | AC51: =ROUND((ES51),2) -> 25.56 | AD51: =ROUND((((ET51)-(EU51))+AE51),2) -> 0 | AE51: =ROUND((EU51),2) -> 0 | AF51: =ROUND((EV51),2) -> 0 | AG51: =ROUND((AP51),2) -> 0 | AH51: =(EW51) -> 0 | AI51: =(EX51) -> 0 | AJ51: =ROUND((AS51),2) -> 0 | AK51: 25.56 | AL51: 25.56 | AM51: 0 | AN51: 0 | AO51: 0 | AP51: 0 | AQ51: 0 | AR51: 0 | AS51: 0 | AT51: 95 | AU51: 47 | AV51: 1 | AW51: 1 | AZ51: 6.66 | BA51: 1 | BB51: 1 | BC51: 6.66 | BH51: 3 | BI51: 1 | BJ51: ФССЦ-2001, 14.1.02.04-0102, приказ Минстроя России №1039/пр от 30.12.2016г. | BM51: 15001 | BN51: 0 | BP51: 0 | BQ51: 2 | BR51: 0 | BS51: 1 | BT51: 1 | BU51: 1 | BV51: 1 | BW51: 1 | BX51: 1 | BZ51: 105 | CA51: 55 | CF51: 0 | CG51: 0 | CM51: 0 | CO51: 0 | CP51: =(P51+Q51+S51) -> 885.02 | CQ51: =AC51*BC51 -> 170.2296 | CR51: =AD51*BB51 -> 0 | CS51: =AE51*BS51 -> 0 | CT51: =AF51*BA51 -> 0 | CU51: =AG51 -> 0 | CV51: =AH51 -> 0 | CW51: =AI51 -> 0 | CX51: =AJ51 -> 0 | CY51: =(((S51+R51)*AT51)/100) -> 0 | CZ51: =(((S51+R51)*AU51)/100) -> 0 | DN51: 0 | DO51: 0 | DP51: 1 | DQ51: 1 | DU51: 1009 | DV51: кг | DW51: кг | DX51: 1 | EE51: 39174529 | EF51: 2 | EG51: Общестроительные работы | EH51: 0 | EJ51: 1 | EK51: 15001 | EL51: Отделочные работы | EM51: ФЕР-15 | EQ51: 0 | ER51: 25.56 | ES51: 25.56 | ET51: 0 | EU51: 0 | EV51: 0 | EW51: 0 | EX51: 0 | FQ51: 0 | FR51: =ROUND(IF(AND(BH51=3,BI51=3),P51,0),2) -> 0 | FS51: 0 | FT51: *0,9 | FU51: *0,85 | FX51: 94.5 | FY51: 46.75 | GD51: 0 | GF51: -89726692 | GG51: 1 | GH51: 1 | GI51: 4 | GJ51: 0 | GK51: =ROUND(R51*(S12)/100,2) -> 0 | GL51: =ROUND(IF(AND(BH51=3,BI51=3,FS51<>0),P51,0),2) -> 0 | GM51: =ROUND(O51+X51+Y51+GK51,2)+GX51 -> 885.02 | GN51: =IF(OR(BI51=0,BI51=1),ROUND(O51+X51+Y51+GK51,2),0) -> 885.02 | GO51: =IF(BI51=2,ROUND(O51+X51+Y51+GK51,2),0) -> 0 | GP51: =IF(BI51=4,ROUND(O51+X51+Y51+GK51,2)+GX51,0) -> 0 | GR51: 0 | GS51: 3 | GT51: 0 | GV51: =ROUND(GT51,2) -> 0 | GW51: 1 | GX51: =ROUND(GV51*GW51*I51,2) -> 0 | HA51: 0 | HB51: 0 | IK51: 0
A52: 18 | B52: 1 | C52: 74 | E52: 6,3 | F52: 14.3.01.01-0001 | G52: Грунтовка: «Бетоконтакт», КНАУФ | H52: кг | I52: =I46*J52 -> 1.542 | J52: 8.897865 | O52: =ROUND(CP52,2) -> 23.27 | P52: =ROUND(CQ52*I52,2) -> 23.27 | Q52: =ROUND(CR52*I52,2) -> 0 | R52: =ROUND(CS52*I52,2) -> 0 | S52: =ROUND(CT52*I52,2) -> 0 | T52: =ROUND(CU52*I52,2) -> 0 | U52: =CV52*I52 -> 0 | V52: =CW52*I52 -> 0 | W52: =ROUND(CX52*I52,2) -> 0 | X52: =ROUND(CY52,2) -> 0 | Y52: =ROUND(CZ52,2) -> 0 | AA52: 39500385 | AB52: =ROUND((AC52+AD52+AF52),2) -> 15.09 | AC52: =ROUND((ES52),2) -> 15.09 | AD52: =ROUND((((ET52)-(EU52))+AE52),2) -> 0 | AE52: =ROUND((EU52),2) -> 0 | AF52: =ROUND((EV52),2) -> 0 | AG52: =ROUND((AP52),2) -> 0 | AH52: =(EW52) -> 0 | AI52: =(EX52) -> 0 | AJ52: =ROUND((AS52),2) -> 0 | AK52: 15.09 | AL52: 15.09 | AM52: 0 | AN52: 0 | AO52: 0 | AP52: 0 | AQ52: 0 | AR52: 0 | AS52: 0 | AT52: 95 | AU52: 47 | AV52: 1 | AW52: 1 | AZ52: 1 | BA52: 1 | BB52: 1 | BC52: 1 | BH52: 3 | BI52: 1 | BJ52: ФССЦ-2001, 14.3.01.01-0001, приказ Минстроя России №1039/пр от 30.12.2016г. | BM52: 15001 | BN52: 0 | BP52: 0 | BQ52: 2 | BR52: 0 | BS52: 1 | BT52: 1 | BU52: 1 | BV52: 1 | BW52: 1 | BX52: 1 | BZ52: 105 | CA52: 55 | CF52: 0 | CG52: 0 | CM52: 0 | CO52: 0 | CP52: =(P52+Q52+S52) -> 23.27 | CQ52: =AC52*BC52 -> 15.09 | CR52: =AD52*BB52 -> 0 | CS52: =AE52*BS52 -> 0 | CT52: =AF52*BA52 -> 0 | CU52: =AG52 -> 0 | CV52: =AH52 -> 0 | CW52: =AI52 -> 0 | CX52: =AJ52 -> 0 | CY52: =(((S52+R52)*AT52)/100) -> 0 | CZ52: =(((S52+R52)*AU52)/100) -> 0 | DN52: 0 | DO52: 0 | DP52: 1 | DQ52: 1 | DU52: 1009 | DV52: кг | DW52: кг | DX52: 1 | EE52: 39174529 | EF52: 2 | EG52: Общестроительные работы | EH52: 0 | EJ52: 1 | EK52: 15001 | EL52: Отделочные работы | EM52: ФЕР-15 | EQ52: 0 | ER52: 15.09 | ES52: 15.09 | ET52: 0 | EU52: 0 | EV52: 0 | EW52: 0 | EX52: 0 | FQ52: 0 | FR52: =ROUND(IF(AND(BH52=3,BI52=3),P52,0),2) -> 0 | FS52: 0 | FT52: *0,9 | FU52: *0,85 | FX52: 94.5 | FY52: 46.75 | GD52: 0 | GF52: 1453462043 | GG52: 2 | GH52: 1 | GI52: -2 | GJ52: 0 | GK52: =ROUND(R52*(R12)/100,2) -> 0 | GL52: =ROUND(IF(AND(BH52=3,BI52=3,FS52<>0),P52,0),2) -> 0 | GM52: =ROUND(O52+X52+Y52+GK52,2)+GX52 -> 23.27 | GN52: =IF(OR(BI52=0,BI52=1),ROUND(O52+X52+Y52+GK52,2),0) -> 23.27 | GO52: =IF(BI52=2,ROUND(O52+X52+Y52+GK52,2),0) -> 0 | GP52: =IF(BI52=4,ROUND(O52+X52+Y52+GK52,2)+GX52,0) -> 0 | GR52: 0 | GS52: 3 | GT52: 0 | GV52: =ROUND(GT52,2) -> 0 | GW52: 1 | GX52: =ROUND(GV52*GW52*I52,2) -> 0 | HA52: 0 | HB52: 0 | IK52: 0
A53: 18 | B53: 1 | C53: 85 | E53: 6,3 | F53: 14.3.01.01-0001 | G53: Грунтовка: «Бетоконтакт», КНАУФ | H53: кг | I53: =I47*J53 -> 1.542 | J53: 8.897865 | O53: =ROUND(CP53,2) -> 154.97 | P53: =ROUND(CQ53*I53,2) -> 154.97 | Q53: =ROUND(CR53*I53,2) -> 0 | R53: =ROUND(CS53*I53,2) -> 0 | S53: =ROUND(CT53*I53,2) -> 0 | T53: =ROUND(CU53*I53,2) -> 0 | U53: =CV53*I53 -> 0 | V53: =CW53*I53 -> 0 | W53: =ROUND(CX53*I53,2) -> 0 | X53: =ROUND(CY53,2) -> 0 | Y53: =ROUND(CZ53,2) -> 0 | AA53: 39500386 | AB53: =ROUND((AC53+AD53+AF53),2) -> 15.09 | AC53: =ROUND((ES53),2) -> 15.09 | AD53: =ROUND((((ET53)-(EU53))+AE53),2) -> 0 | AE53: =ROUND((EU53),2) -> 0 | AF53: =ROUND((EV53),2) -> 0 | AG53: =ROUND((AP53),2) -> 0 | AH53: =(EW53) -> 0 | AI53: =(EX53) -> 0 | AJ53: =ROUND((AS53),2) -> 0 | AK53: 15.09 | AL53: 15.09 | AM53: 0 | AN53: 0 | AO53: 0 | AP53: 0 | AQ53: 0 | AR53: 0 | AS53: 0 | AT53: 95 | AU53: 47 | AV53: 1 | AW53: 1 | AZ53: 6.66 | BA53: 1 | BB53: 1 | BC53: 6.66 | BH53: 3 | BI53: 1 | BJ53: ФССЦ-2001, 14.3.01.01-0001, приказ Минстроя России №1039/пр от 30.12.2016г. | BM53: 15001 | BN53: 0 | BP53: 0 | BQ53: 2 | BR53: 0 | BS53: 1 | BT53: 1 | BU53: 1 | BV53: 1 | BW53: 1 | BX53: 1 | BZ53: 105 | CA53: 55 | CF53: 0 | CG53: 0 | CM53: 0 | CO53: 0 | CP53: =(P53+Q53+S53) -> 154.97 | CQ53: =AC53*BC53 -> 100.4994 | CR53: =AD53*BB53 -> 0 | CS53: =AE53*BS53 -> 0 | CT53: =AF53*BA53 -> 0 | CU53: =AG53 -> 0 | CV53: =AH53 -> 0 | CW53: =AI53 -> 0 | CX53: =AJ53 -> 0 | CY53: =(((S53+R53)*AT53)/100) -> 0 | CZ53: =(((S53+R53)*AU53)/100) -> 0 | DN53: 0 | DO53: 0 | DP53: 1 | DQ53: 1 | DU53: 1009 | DV53: кг | DW53: кг | DX53: 1 | EE53: 39174529 | EF53: 2 | EG53: Общестроительные работы | EH53: 0 | EJ53: 1 | EK53: 15001 | EL53: Отделочные работы | EM53: ФЕР-15 | EQ53: 0 | ER53: 15.09 | ES53: 15.09 | ET53: 0 | EU53: 0 | EV53: 0 | EW53: 0 | EX53: 0 | FQ53: 0 | FR53: =ROUND(IF(AND(BH53=3,BI53=3),P53,0),2) -> 0 | FS53: 0 | FT53: *0,9 | FU53: *0,85 | FX53: 94.5 | FY53: 46.75 | GD53: 0 | GF53: 1453462043 | GG53: 1 | GH53: 1 | GI53: 4 | GJ53: 0 | GK53: =ROUND(R53*(S12)/100,2) -> 0 | GL53: =ROUND(IF(AND(BH53=3,BI53=3,FS53<>0),P53,0),2) -> 0 | GM53: =ROUND(O53+X53+Y53+GK53,2)+GX53 -> 154.97 | GN53: =IF(OR(BI53=0,BI53=1),ROUND(O53+X53+Y53+GK53,2),0) -> 154.97 | GO53: =IF(BI53=2,ROUND(O53+X53+Y53+GK53,2),0) -> 0 | GP53: =IF(BI53=4,ROUND(O53+X53+Y53+GK53,2)+GX53,0) -> 0 | GR53: 0 | GS53: 3 | GT53: 0 | GV53: =ROUND(GT53,2) -> 0 | GW53: 1 | GX53: =ROUND(GV53*GW53*I53,2) -> 0 | HA53: 0 | HB53: 0 | IK53: 0
A54: 18 | B54: 1 | C54: 69 | E54: 6,4 | F54: 01.6.01.11 | G54: Листы облицовочные декоративные | H54: м2 | I54: =I46*J54 -> 18.1965 | J54: 105 | O54: =ROUND(CP54,2) -> 0 | P54: =ROUND(CQ54*I54,2) -> 0 | Q54: =ROUND(CR54*I54,2) -> 0 | R54: =ROUND(CS54*I54,2) -> 0 | S54: =ROUND(CT54*I54,2) -> 0 | T54: =ROUND(CU54*I54,2) -> 0 | U54: =CV54*I54 -> 0 | V54: =CW54*I54 -> 0 | W54: =ROUND(CX54*I54,2) -> 0 | X54: =ROUND(CY54,2) -> 0 | Y54: =ROUND(CZ54,2) -> 0 | AA54: 39500385 | AB54: =ROUND((AC54+AD54+AF54),2) -> 0 | AC54: =ROUND((ES54),2) -> 0 | AD54: =ROUND((((ET54)-(EU54))+AE54),2) -> 0 | AE54: =ROUND((EU54),2) -> 0 | AF54: =ROUND((EV54),2) -> 0 | AG54: =ROUND((AP54),2) -> 0 | AH54: =(EW54) -> 0 | AI54: =(EX54) -> 0 | AJ54: =ROUND((AS54),2) -> 0 | AK54: 0 | AL54: 0 | AM54: 0 | AN54: 0 | AO54: 0 | AP54: 0 | AQ54: 0 | AR54: 0 | AS54: 0 | AT54: 95 | AU54: 47 | AV54: 1 | AW54: 1 | AZ54: 1 | BA54: 1 | BB54: 1 | BC54: 1 | BH54: 3 | BI54: 1 | BM54: 15001 | BN54: 0 | BP54: 0 | BQ54: 2 | BR54: 0 | BS54: 1 | BT54: 1 | BU54: 1 | BV54: 1 | BW54: 1 | BX54: 1 | BZ54: 105 | CA54: 55 | CF54: 0 | CG54: 0 | CM54: 0 | CO54: 0 | CP54: =(P54+Q54+S54) -> 0 | CQ54: =AC54*BC54 -> 0 | CR54: =AD54*BB54 -> 0 | CS54: =AE54*BS54 -> 0 | CT54: =AF54*BA54 -> 0 | CU54: =AG54 -> 0 | CV54: =AH54 -> 0 | CW54: =AI54 -> 0 | CX54: =AJ54 -> 0 | CY54: =(((S54+R54)*AT54)/100) -> 0 | CZ54: =(((S54+R54)*AU54)/100) -> 0 | DN54: 0 | DO54: 0 | DP54: 1 | DQ54: 1 | DU54: 1005 | DV54: м2 | DW54: м2 | DX54: 1 | EE54: 39174529 | EF54: 2 | EG54: Общестроительные работы | EH54: 0 | EJ54: 1 | EK54: 15001 | EL54: Отделочные работы | EM54: ФЕР-15 | EQ54: 0 | ER54: 0 | ES54: 0 | ET54: 0 | EU54: 0 | EV54: 0 | EW54: 0 | EX54: 0 | FQ54: 0 | FR54: =ROUND(IF(AND(BH54=3,BI54=3),P54,0),2) -> 0 | FS54: 0 | FT54: *0,9 | FU54: *0,85 | FX54: 94.5 | FY54: 46.75 | GD54: 0 | GF54: -112006704 | GG54: 2 | GH54: 1 | GI54: -2 | GJ54: 0 | GK54: =ROUND(R54*(R12)/100,2) -> 0 | GL54: =ROUND(IF(AND(BH54=3,BI54=3,FS54<>0),P54,0),2) -> 0 | GM54: =ROUND(O54+X54+Y54+GK54,2)+GX54 -> 0 | GN54: =IF(OR(BI54=0,BI54=1),ROUND(O54+X54+Y54+GK54,2),0) -> 0 | GO54: =IF(BI54=2,ROUND(O54+X54+Y54+GK54,2),0) -> 0 | GP54: =IF(BI54=4,ROUND(O54+X54+Y54+GK54,2)+GX54,0) -> 0 | GR54: 0 | GS54: 3 | GT54: 0 | GV54: =ROUND(GT54,2) -> 0 | GW54: 1 | GX54: =ROUND(GV54*GW54*I54,2) -> 0 | HA54: 0 | HB54: 0 | IK54: 0
A55: 18 | B55: 1 | C55: 80 | E55: 6,4 | F55: 01.6.01.11 | G55: Листы облицовочные декоративные | H55: м2 | I55: =I47*J55 -> 18.1965 | J55: 105 | O55: =ROUND(CP55,2) -> 0 | P55: =ROUND(CQ55*I55,2) -> 0 | Q55: =ROUND(CR55*I55,2) -> 0 | R55: =ROUND(CS55*I55,2) -> 0 | S55: =ROUND(CT55*I55,2) -> 0 | T55: =ROUND(CU55*I55,2) -> 0 | U55: =CV55*I55 -> 0 | V55: =CW55*I55 -> 0 | W55: =ROUND(CX55*I55,2) -> 0 | X55: =ROUND(CY55,2) -> 0 | Y55: =ROUND(CZ55,2) -> 0 | AA55: 39500386 | AB55: =ROUND((AC55+AD55+AF55),2) -> 0 | AC55: =ROUND((ES55),2) -> 0 | AD55: =ROUND((((ET55)-(EU55))+AE55),2) -> 0 | AE55: =ROUND((EU55),2) -> 0 | AF55: =ROUND((EV55),2) -> 0 | AG55: =ROUND((AP55),2) -> 0 | AH55: =(EW55) -> 0 | AI55: =(EX55) -> 0 | AJ55: =ROUND((AS55),2) -> 0 | AK55: 0 | AL55: 0 | AM55: 0 | AN55: 0 | AO55: 0 | AP55: 0 | AQ55: 0 | AR55: 0 | AS55: 0 | AT55: 95 | AU55: 47 | AV55: 1 | AW55: 1 | AZ55: 6.66 | BA55: 1 | BB55: 1 | BC55: 6.66 | BH55: 3 | BI55: 1 | BM55: 15001 | BN55: 0 | BP55: 0 | BQ55: 2 | BR55: 0 | BS55: 1 | BT55: 1 | BU55: 1 | BV55: 1 | BW55: 1 | BX55: 1 | BZ55: 105 | CA55: 55 | CF55: 0 | CG55: 0 | CM55: 0 | CO55: 0 | CP55: =(P55+Q55+S55) -> 0 | CQ55: =AC55*BC55 -> 0 | CR55: =AD55*BB55 -> 0 | CS55: =AE55*BS55 -> 0 | CT55: =AF55*BA55 -> 0 | CU55: =AG55 -> 0 | CV55: =AH55 -> 0 | CW55: =AI55 -> 0 | CX55: =AJ55 -> 0 | CY55: =(((S55+R55)*AT55)/100) -> 0 | CZ55: =(((S55+R55)*AU55)/100) -> 0 | DN55: 0 | DO55: 0 | DP55: 1 | DQ55: 1 | DU55: 1005 | DV55: м2 | DW55: м2 | DX55: 1 | EE55: 39174529 | EF55: 2 | EG55: Общестроительные работы | EH55: 0 | EJ55: 1 | EK55: 15001 | EL55: Отделочные работы | EM55: ФЕР-15 | EQ55: 0 | ER55: 0 | ES55: 0 | ET55: 0 | EU55: 0 | EV55: 0 | EW55: 0 | EX55: 0 | FQ55: 0 | FR55: =ROUND(IF(AND(BH55=3,BI55=3),P55,0),2) -> 0 | FS55: 0 | FT55: *0,9 | FU55: *0,85 | FX55: 94.5 | FY55: 46.75 | GD55: 0 | GF55: -112006704 | GG55: 1 | GH55: 1 | GI55: 4 | GJ55: 0 | GK55: =ROUND(R55*(S12)/100,2) -> 0 | GL55: =ROUND(IF(AND(BH55=3,BI55=3,FS55<>0),P55,0),2) -> 0 | GM55: =ROUND(O55+X55+Y55+GK55,2)+GX55 -> 0 | GN55: =IF(OR(BI55=0,BI55=1),ROUND(O55+X55+Y55+GK55,2),0) -> 0 | GO55: =IF(BI55=2,ROUND(O55+X55+Y55+GK55,2),0) -> 0 | GP55: =IF(BI55=4,ROUND(O55+X55+Y55+GK55,2)+GX55,0) -> 0 | GR55: 0 | GS55: 3 | GT55: 0 | GV55: =ROUND(GT55,2) -> 0 | GW55: 1 | GX55: =ROUND(GV55*GW55*I55,2) -> 0 | HA55: 0 | HB55: 0 | IK55: 0
A56: 18 | B56: 1 | C56: 73 | E56: 6,5 | F56: 14.1.06.05 | G56: Клей | H56: кг | I56: =I46*J56 -> 5.199 | J56: 30 | O56: =ROUND(CP56,2) -> 0 | P56: =ROUND(CQ56*I56,2) -> 0 | Q56: =ROUND(CR56*I56,2) -> 0 | R56: =ROUND(CS56*I56,2) -> 0 | S56: =ROUND(CT56*I56,2) -> 0 | T56: =ROUND(CU56*I56,2) -> 0 | U56: =CV56*I56 -> 0 | V56: =CW56*I56 -> 0 | W56: =ROUND(CX56*I56,2) -> 0 | X56: =ROUND(CY56,2) -> 0 | Y56: =ROUND(CZ56,2) -> 0 | AA56: 39500385 | AB56: =ROUND((AC56+AD56+AF56),2) -> 0 | AC56: =ROUND((ES56),2) -> 0 | AD56: =ROUND((((ET56)-(EU56))+AE56),2) -> 0 | AE56: =ROUND((EU56),2) -> 0 | AF56: =ROUND((EV56),2) -> 0 | AG56: =ROUND((AP56),2) -> 0 | AH56: =(EW56) -> 0 | AI56: =(EX56) -> 0 | AJ56: =ROUND((AS56),2) -> 0 | AK56: 0 | AL56: 0 | AM56: 0 | AN56: 0 | AO56: 0 | AP56: 0 | AQ56: 0 | AR56: 0 | AS56: 0 | AT56: 95 | AU56: 47 | AV56: 1 | AW56: 1 | AZ56: 1 | BA56: 1 | BB56: 1 | BC56: 1 | BH56: 3 | BI56: 1 | BM56: 15001 | BN56: 0 | BP56: 0 | BQ56: 2 | BR56: 0 | BS56: 1 | BT56: 1 | BU56: 1 | BV56: 1 | BW56: 1 | BX56: 1 | BZ56: 105 | CA56: 55 | CF56: 0 | CG56: 0 | CM56: 0 | CO56: 0 | CP56: =(P56+Q56+S56) -> 0 | CQ56: =AC56*BC56 -> 0 | CR56: =AD56*BB56 -> 0 | CS56: =AE56*BS56 -> 0 | CT56: =AF56*BA56 -> 0 | CU56: =AG56 -> 0 | CV56: =AH56 -> 0 | CW56: =AI56 -> 0 | CX56: =AJ56 -> 0 | CY56: =(((S56+R56)*AT56)/100) -> 0 | CZ56: =(((S56+R56)*AU56)/100) -> 0 | DN56: 0 | DO56: 0 | DP56: 1 | DQ56: 1 | DU56: 1009 | DV56: кг | DW56: кг | DX56: 1 | EE56: 39174529 | EF56: 2 | EG56: Общестроительные работы | EH56: 0 | EJ56: 1 | EK56: 15001 | EL56: Отделочные работы | EM56: ФЕР-15 | EQ56: 0 | ER56: 0 | ES56: 0 | ET56: 0 | EU56: 0 | EV56: 0 | EW56: 0 | EX56: 0 | FQ56: 0 | FR56: =ROUND(IF(AND(BH56=3,BI56=3),P56,0),2) -> 0 | FS56: 0 | FT56: *0,9 | FU56: *0,85 | FX56: 94.5 | FY56: 46.75 | GD56: 0 | GF56: -1516100259 | GG56: 2 | GH56: 1 | GI56: -2 | GJ56: 0 | GK56: =ROUND(R56*(R12)/100,2) -> 0 | GL56: =ROUND(IF(AND(BH56=3,BI56=3,FS56<>0),P56,0),2) -> 0 | GM56: =ROUND(O56+X56+Y56+GK56,2)+GX56 -> 0 | GN56: =IF(OR(BI56=0,BI56=1),ROUND(O56+X56+Y56+GK56,2),0) -> 0 | GO56: =IF(BI56=2,ROUND(O56+X56+Y56+GK56,2),0) -> 0 | GP56: =IF(BI56=4,ROUND(O56+X56+Y56+GK56,2)+GX56,0) -> 0 | GR56: 0 | GS56: 3 | GT56: 0 | GV56: =ROUND(GT56,2) -> 0 | GW56: 1 | GX56: =ROUND(GV56*GW56*I56,2) -> 0 | HA56: 0 | HB56: 0 | IK56: 0
A57: 18 | B57: 1 | C57: 84 | E57: 6,5 | F57: 14.1.06.05 | G57: Клей | H57: кг | I57: =I47*J57 -> 5.199 | J57: 30 | O57: =ROUND(CP57,2) -> 0 | P57: =ROUND(CQ57*I57,2) -> 0 | Q57: =ROUND(CR57*I57,2) -> 0 | R57: =ROUND(CS57*I57,2) -> 0 | S57: =ROUND(CT57*I57,2) -> 0 | T57: =ROUND(CU57*I57,2) -> 0 | U57: =CV57*I57 -> 0 | V57: =CW57*I57 -> 0 | W57: =ROUND(CX57*I57,2) -> 0 | X57: =ROUND(CY57,2) -> 0 | Y57: =ROUND(CZ57,2) -> 0 | AA57: 39500386 | AB57: =ROUND((AC57+AD57+AF57),2) -> 0 | AC57: =ROUND((ES57),2) -> 0 | AD57: =ROUND((((ET57)-(EU57))+AE57),2) -> 0 | AE57: =ROUND((EU57),2) -> 0 | AF57: =ROUND((EV57),2) -> 0 | AG57: =ROUND((AP57),2) -> 0 | AH57: =(EW57) -> 0 | AI57: =(EX57) -> 0 | AJ57: =ROUND((AS57),2) -> 0 | AK57: 0 | AL57: 0 | AM57: 0 | AN57: 0 | AO57: 0 | AP57: 0 | AQ57: 0 | AR57: 0 | AS57: 0 | AT57: 95 | AU57: 47 | AV57: 1 | AW57: 1 | AZ57: 6.66 | BA57: 1 | BB57: 1 | BC57: 6.66 | BH57: 3 | BI57: 1 | BM57: 15001 | BN57: 0 | BP57: 0 | BQ57: 2 | BR57: 0 | BS57: 1 | BT57: 1 | BU57: 1 | BV57: 1 | BW57: 1 | BX57: 1 | BZ57: 105 | CA57: 55 | CF57: 0 | CG57: 0 | CM57: 0 | CO57: 0 | CP57: =(P57+Q57+S57) -> 0 | CQ57: =AC57*BC57 -> 0 | CR57: =AD57*BB57 -> 0 | CS57: =AE57*BS57 -> 0 | CT57: =AF57*BA57 -> 0 | CU57: =AG57 -> 0 | CV57: =AH57 -> 0 | CW57: =AI57 -> 0 | CX57: =AJ57 -> 0 | CY57: =(((S57+R57)*AT57)/100) -> 0 | CZ57: =(((S57+R57)*AU57)/100) -> 0 | DN57: 0 | DO57: 0 | DP57: 1 | DQ57: 1 | DU57: 1009 | DV57: кг | DW57: кг | DX57: 1 | EE57: 39174529 | EF57: 2 | EG57: Общестроительные работы | EH57: 0 | EJ57: 1 | EK57: 15001 | EL57: Отделочные работы | EM57: ФЕР-15 | EQ57: 0 | ER57: 0 | ES57: 0 | ET57: 0 | EU57: 0 | EV57: 0 | EW57: 0 | EX57: 0 | FQ57: 0 | FR57: =ROUND(IF(AND(BH57=3,BI57=3),P57,0),2) -> 0 | FS57: 0 | FT57: *0,9 | FU57: *0,85 | FX57: 94.5 | FY57: 46.75 | GD57: 0 | GF57: -1516100259 | GG57: 1 | GH57: 1 | GI57: 4 | GJ57: 0 | GK57: =ROUND(R57*(S12)/100,2) -> 0 | GL57: =ROUND(IF(AND(BH57=3,BI57=3,FS57<>0),P57,0),2) -> 0 | GM57: =ROUND(O57+X57+Y57+GK57,2)+GX57 -> 0 | GN57: =IF(OR(BI57=0,BI57=1),ROUND(O57+X57+Y57+GK57,2),0) -> 0 | GO57: =IF(BI57=2,ROUND(O57+X57+Y57+GK57,2),0) -> 0 | GP57: =IF(BI57=4,ROUND(O57+X57+Y57+GK57,2)+GX57,0) -> 0 | GR57: 0 | GS57: 3 | GT57: 0 | GV57: =ROUND(GT57,2) -> 0 | GW57: 1 | GX57: =ROUND(GV57*GW57*I57,2) -> 0 | HA57: 0 | HB57: 0 | IK57: 0
A58: 18 | B58: 1 | C58: 75 | E58: 6,6 | F58: 14.4.01.21 | G58: Грунтовка | H58: т | I58: =I46*J58 -> 0.001542 | J58: 0.008897865 | O58: =ROUND(CP58,2) -> 0 | P58: =ROUND(CQ58*I58,2) -> 0 | Q58: =ROUND(CR58*I58,2) -> 0 | R58: =ROUND(CS58*I58,2) -> 0 | S58: =ROUND(CT58*I58,2) -> 0 | T58: =ROUND(CU58*I58,2) -> 0 | U58: =CV58*I58 -> 0 | V58: =CW58*I58 -> 0 | W58: =ROUND(CX58*I58,2) -> 0 | X58: =ROUND(CY58,2) -> 0 | Y58: =ROUND(CZ58,2) -> 0 | AA58: 39500385 | AB58: =ROUND((AC58+AD58+AF58),2) -> 0 | AC58: =ROUND((ES58),2) -> 0 | AD58: =ROUND((((ET58)-(EU58))+AE58),2) -> 0 | AE58: =ROUND((EU58),2) -> 0 | AF58: =ROUND((EV58),2) -> 0 | AG58: =ROUND((AP58),2) -> 0 | AH58: =(EW58) -> 0 | AI58: =(EX58) -> 0 | AJ58: =ROUND((AS58),2) -> 0 | AK58: 0 | AL58: 0 | AM58: 0 | AN58: 0 | AO58: 0 | AP58: 0 | AQ58: 0 | AR58: 0 | AS58: 0 | AT58: 95 | AU58: 47 | AV58: 1 | AW58: 1 | AZ58: 1 | BA58: 1 | BB58: 1 | BC58: 1 | BH58: 3 | BI58: 1 | BM58: 15001 | BN58: 0 | BP58: 0 | BQ58: 2 | BR58: 0 | BS58: 1 | BT58: 1 | BU58: 1 | BV58: 1 | BW58: 1 | BX58: 1 | BZ58: 105 | CA58: 55 | CF58: 0 | CG58: 0 | CM58: 0 | CO58: 0 | CP58: =(P58+Q58+S58) -> 0 | CQ58: =AC58*BC58 -> 0 | CR58: =AD58*BB58 -> 0 | CS58: =AE58*BS58 -> 0 | CT58: =AF58*BA58 -> 0 | CU58: =AG58 -> 0 | CV58: =AH58 -> 0 | CW58: =AI58 -> 0 | CX58: =AJ58 -> 0 | CY58: =(((S58+R58)*AT58)/100) -> 0 | CZ58: =(((S58+R58)*AU58)/100) -> 0 | DN58: 0 | DO58: 0 | DP58: 1 | DQ58: 1 | DU58: 1009 | DV58: т | DW58: т | DX58: 1000 | EE58: 39174529 | EF58: 2 | EG58: Общестроительные работы | EH58: 0 | EJ58: 1 | EK58: 15001 | EL58: Отделочные работы | EM58: ФЕР-15 | EQ58: 0 | ER58: 0 | ES58: 0 | ET58: 0 | EU58: 0 | EV58: 0 | EW58: 0 | EX58: 0 | FQ58: 0 | FR58: =ROUND(IF(AND(BH58=3,BI58=3),P58,0),2) -> 0 | FS58: 0 | FT58: *0,9 | FU58: *0,85 | FX58: 94.5 | FY58: 46.75 | GD58: 0 | GF58: -1212923053 | GG58: 2 | GH58: 1 | GI58: -2 | GJ58: 0 | GK58: =ROUND(R58*(R12)/100,2) -> 0 | GL58: =ROUND(IF(AND(BH58=3,BI58=3,FS58<>0),P58,0),2) -> 0 | GM58: =ROUND(O58+X58+Y58+GK58,2)+GX58 -> 0 | GN58: =IF(OR(BI58=0,BI58=1),ROUND(O58+X58+Y58+GK58,2),0) -> 0 | GO58: =IF(BI58=2,ROUND(O58+X58+Y58+GK58,2),0) -> 0 | GP58: =IF(BI58=4,ROUND(O58+X58+Y58+GK58,2)+GX58,0) -> 0 | GR58: 0 | GS58: 3 | GT58: 0 | GV58: =ROUND(GT58,2) -> 0 | GW58: 1 | GX58: =ROUND(GV58*GW58*I58,2) -> 0 | HA58: 0 | HB58: 0 | IK58: 0
A59: 18 | B59: 1 | C59: 86 | E59: 6,6 | F59: 14.4.01.21 | G59: Грунтовка | H59: т | I59: =I47*J59 -> 0.001542 | J59: 0.008897865 | O59: =ROUND(CP59,2) -> 0 | P59: =ROUND(CQ59*I59,2) -> 0 | Q59: =ROUND(CR59*I59,2) -> 0 | R59: =ROUND(CS59*I59,2) -> 0 | S59: =ROUND(CT59*I59,2) -> 0 | T59: =ROUND(CU59*I59,2) -> 0 | U59: =CV59*I59 -> 0 | V59: =CW59*I59 -> 0 | W59: =ROUND(CX59*I59,2) -> 0 | X59: =ROUND(CY59,2) -> 0 | Y59: =ROUND(CZ59,2) -> 0 | AA59: 39500386 | AB59: =ROUND((AC59+AD59+AF59),2) -> 0 | AC59: =ROUND((ES59),2) -> 0 | AD59: =ROUND((((ET59)-(EU59))+AE59),2) -> 0 | AE59: =ROUND((EU59),2) -> 0 | AF59: =ROUND((EV59),2) -> 0 | AG59: =ROUND((AP59),2) -> 0 | AH59: =(EW59) -> 0 | AI59: =(EX59) -> 0 | AJ59: =ROUND((AS59),2) -> 0 | AK59: 0 | AL59: 0 | AM59: 0 | AN59: 0 | AO59: 0 | AP59: 0 | AQ59: 0 | AR59: 0 | AS59: 0 | AT59: 95 | AU59: 47 | AV59: 1 | AW59: 1 | AZ59: 6.66 | BA59: 1 | BB59: 1 | BC59: 6.66 | BH59: 3 | BI59: 1 | BM59: 15001 | BN59: 0 | BP59: 0 | BQ59: 2 | BR59: 0 | BS59: 1 | BT59: 1 | BU59: 1 | BV59: 1 | BW59: 1 | BX59: 1 | BZ59: 105 | CA59: 55 | CF59: 0 | CG59: 0 | CM59: 0 | CO59: 0 | CP59: =(P59+Q59+S59) -> 0 | CQ59: =AC59*BC59 -> 0 | CR59: =AD59*BB59 -> 0 | CS59: =AE59*BS59 -> 0 | CT59: =AF59*BA59 -> 0 | CU59: =AG59 -> 0 | CV59: =AH59 -> 0 | CW59: =AI59 -> 0 | CX59: =AJ59 -> 0 | CY59: =(((S59+R59)*AT59)/100) -> 0 | CZ59: =(((S59+R59)*AU59)/100) -> 0 | DN59: 0 | DO59: 0 | DP59: 1 | DQ59: 1 | DU59: 1009 | DV59: т | DW59: т | DX59: 1000 | EE59: 39174529 | EF59: 2 | EG59: Общестроительные работы | EH59: 0 | EJ59: 1 | EK59: 15001 | EL59: Отделочные работы | EM59: ФЕР-15 | EQ59: 0 | ER59: 0 | ES59: 0 | ET59: 0 | EU59: 0 | EV59: 0 | EW59: 0 | EX59: 0 | FQ59: 0 | FR59: =ROUND(IF(AND(BH59=3,BI59=3),P59,0),2) -> 0 | FS59: 0 | FT59: *0,9 | FU59: *0,85 | FX59: 94.5 | FY59: 46.75 | GD59: 0 | GF59: -1212923053 | GG59: 1 | GH59: 1 | GI59: 4 | GJ59: 0 | GK59: =ROUND(R59*(S12)/100,2) -> 0 | GL59: =ROUND(IF(AND(BH59=3,BI59=3,FS59<>0),P59,0),2) -> 0 | GM59: =ROUND(O59+X59+Y59+GK59,2)+GX59 -> 0 | GN59: =IF(OR(BI59=0,BI59=1),ROUND(O59+X59+Y59+GK59,2),0) -> 0 | GO59: =IF(BI59=2,ROUND(O59+X59+Y59+GK59,2),0) -> 0 | GP59: =IF(BI59=4,ROUND(O59+X59+Y59+GK59,2)+GX59,0) -> 0 | GR59: 0 | GS59: 3 | GT59: 0 | GV59: =ROUND(GT59,2) -> 0 | GW59: 1 | GX59: =ROUND(GV59*GW59*I59,2) -> 0 | HA59: 0 | HB59: 0 | IK59: 0
A60: 17 | B60: 1 | C60: =ROW(SmtRes!A94) -> 94 | D60: =ROW(EtalonRes!A87) -> 87 | E60: 7 | F60: 12-01-010-01 | G60: Устройство мелких покрытий (брандмауэры, парапеты, свесы и т.п.) из листовой оцинкованной стали (отливы) | H60: 100 м2 | I60: =ROUND(2.54/100,9) -> 0.0254 | J60: 0 | O60: =ROUND(CP60,2) -> 254.6 | P60: =ROUND(CQ60*I60,2) -> 225.82 | Q60: =ROUND(CR60*I60,2) -> 0.69 | R60: =ROUND(CS60*I60,2) -> 0.11 | S60: =ROUND(CT60*I60,2) -> 28.09 | T60: =ROUND(CU60*I60,2) -> 0 | U60: =CV60*I60 -> 3.2934275 | V60: =CW60*I60 -> 0.0085725 | W60: =ROUND(CX60*I60,2) -> 0 | X60: =ROUND(CY60,2) -> 30.46 | Y60: =ROUND(CZ60,2) -> 15.51 | AA60: 39500385 | AB60: =ROUND((AC60+AD60+AF60),2) -> 10023.95 | AC60: =ROUND((ES60),2) -> 8890.58 | AD60: =ROUND(((((ET60*1.25))-((EU60*1.25)))+AE60),2) -> 27.35 | AE60: =ROUND(((EU60*1.25)),2) -> 4.39 | AF60: =ROUND(((EV60*1.15)),2) -> 1106.02 | AG60: =ROUND((AP60),2) -> 0 | AH60: =((EW60*1.15)) -> 129.6625 | AI60: =((EX60*1.25)) -> 0.3375 | AJ60: =ROUND((AS60),2) -> 0 | AK60: 9874.22 | AL60: 8890.58 | AM60: 21.88 | AN60: 3.51 | AO60: 961.76 | AP60: 0 | AQ60: 112.75 | AR60: 0.27 | AS60: 0 | AT60: 108 | AU60: 55 | AV60: 1 | AW60: 1 | AZ60: 1 | BA60: 1 | BB60: 1 | BC60: 1 | BH60: 0 | BI60: 1 | BJ60: ФЕР-2001, 12-01-010-01, приказ Минстроя России №1039/пр от 30.12.2016г. | BM60: 12001 | BN60: 0 | BP60: 0 | BQ60: 2 | BR60: 0 | BS60: 1 | BT60: 1 | BU60: 1 | BV60: 1 | BW60: 1 | BX60: 1 | BZ60: 120 | CA60: 65 | CF60: 0 | CG60: 0 | CM60: 0 | CN60: Поправка: МДС 81-35.2004, п.4.7 Наименование: Работы, выполняемые при реконструкции зданий и сооружений работы, аналогичные технологическим процессам в новом строительстве (в том числе возведение новых конструктивных элементов) стоимость которых определена по соответствующим сборникам ФЕР, кроме сборника № 46 «Работы при реконструкции зданий и сооружений» | CO60: 0 | CP60: =(P60+Q60+S60) -> 254.6 | CQ60: =AC60*BC60 -> 8890.58 | CR60: =AD60*BB60 -> 27.35 | CS60: =AE60*BS60 -> 4.39 | CT60: =AF60*BA60 -> 1106.02 | CU60: =AG60 -> 0 | CV60: =AH60 -> 129.6625 | CW60: =AI60 -> 0.3375 | CX60: =AJ60 -> 0 | CY60: =(((S60+R60)*AT60)/100) -> 30.456 | CZ60: =(((S60+R60)*AU60)/100) -> 15.51 | DE60: )*1,25 | DF60: )*1,25 | DG60: )*1,15 | DI60: )*1,15 | DJ60: )*1,25 | DN60: 0 | DO60: 0 | DP60: 1 | DQ60: 1 | DU60: 1005 | DV60: 100 м2 | DW60: 100 м2 | DX60: 100 | EE60: 39174505 | EF60: 2 | EG60: Общестроительные работы | EH60: 0 | EJ60: 1 | EK60: 12001 | EL60: Кровли | EM60: ФЕР-12 | EO60: Поправка: МДС 81-35.2004, п.4.7 | EQ60: 0 | ER60: 9874.22 | ES60: 8890.58 | ET60: 21.88 | EU60: 3.51 | EV60: 961.76 | EW60: 112.75 | EX60: 0.27 | EY60: 0 | FQ60: 0 | FR60: =ROUND(IF(AND(BH60=3,BI60=3),P60,0),2) -> 0 | FS60: 0 | FT60: *0,9 | FU60: *0,85 | FX60: 108 | FY60: 55.25 | GD60: 0 | GF60: 1968937096 | GG60: 2 | GH60: 1 | GI60: -2 | GJ60: 0 | GK60: =ROUND(R60*(R12)/100,2) -> 0 | GL60: =ROUND(IF(AND(BH60=3,BI60=3,FS60<>0),P60,0),2) -> 0 | GM60: =ROUND(O60+X60+Y60+GK60,2)+GX60 -> 300.57 | GN60: =IF(OR(BI60=0,BI60=1),ROUND(O60+X60+Y60+GK60,2),0) -> 300.57 | GO60: =IF(BI60=2,ROUND(O60+X60+Y60+GK60,2),0) -> 0 | GP60: =IF(BI60=4,ROUND(O60+X60+Y60+GK60,2)+GX60,0) -> 0 | GR60: 0 | GS60: 3 | GT60: 0 | GV60: =ROUND(GT60,2) -> 0 | GW60: 1 | GX60: =ROUND(GV60*GW60*I60,2) -> 0 | HA60: 0 | HB60: 0 | IK60: 0
A61: 17 | B61: 1 | C61: =ROW(SmtRes!A102) -> 102 | D61: =ROW(EtalonRes!A94) -> 94 | E61: 7 | F61: 12-01-010-01 | G61: Устройство мелких покрытий (брандмауэры, парапеты, свесы и т.п.) из листовой оцинкованной стали (отливы) | H61: 100 м2 | I61: =ROUND(2.54/100,9) -> 0.0254 | J61: 0 | O61: =ROUND(CP61,2) -> 1695.7 | P61: =ROUND(CQ61*I61,2) -> 1503.97 | Q61: =ROUND(CR61*I61,2) -> 4.63 | R61: =ROUND(CS61*I61,2) -> 0.74 | S61: =ROUND(CT61*I61,2) -> 187.1 | T61: =ROUND(CU61*I61,2) -> 0 | U61: =CV61*I61 -> 3.2934275 | V61: =CW61*I61 -> 0.0085725 | W61: =ROUND(CX61*I61,2) -> 0 | X61: =ROUND(CY61,2) -> 202.87 | Y61: =ROUND(CZ61,2) -> 103.31 | AA61: 39500386 | AB61: =ROUND((AC61+AD61+AF61),2) -> 10023.95 | AC61: =ROUND((ES61),2) -> 8890.58 | AD61: =ROUND(((((ET61*1.25))-((EU61*1.25)))+AE61),2) -> 27.35 | AE61: =ROUND(((EU61*1.25)),2) -> 4.39 | AF61: =ROUND(((EV61*1.15)),2) -> 1106.02 | AG61: =ROUND((AP61),2) -> 0 | AH61: =((EW61*1.15)) -> 129.6625 | AI61: =((EX61*1.25)) -> 0.3375 | AJ61: =ROUND((AS61),2) -> 0 | AK61: 9874.22 | AL61: 8890.58 | AM61: 21.88 | AN61: 3.51 | AO61: 961.76 | AP61: 0 | AQ61: 112.75 | AR61: 0.27 | AS61: 0 | AT61: 108 | AU61: 55 | AV61: 1 | AW61: 1 | AZ61: 6.66 | BA61: 6.66 | BB61: 6.66 | BC61: 6.66 | BH61: 0 | BI61: 1 | BJ61: ФЕР-2001, 12-01-010-01, приказ Минстроя России №1039/пр от 30.12.2016г. | BM61: 12001 | BN61: 0 | BP61: 0 | BQ61: 2 | BR61: 0 | BS61: 6.66 | BT61: 1 | BU61: 1 | BV61: 1 | BW61: 1 | BX61: 1 | BZ61: 120 | CA61: 65 | CF61: 0 | CG61: 0 | CM61: 0 | CN61: Поправка: МДС 81-35.2004, п.4.7 Наименование: Работы, выполняемые при реконструкции зданий и сооружений работы, аналогичные технологическим процессам в новом строительстве (в том числе возведение новых конструктивных элементов) стоимость которых определена по соответствующим сборникам ФЕР, кроме сборника № 46 «Работы при реконструкции зданий и сооружений» | CO61: 0 | CP61: =(P61+Q61+S61) -> 1695.7 | CQ61: =AC61*BC61 -> 59211.263 | CR61: =AD61*BB61 -> 182.151 | CS61: =AE61*BS61 -> 29.2374 | CT61: =AF61*BA61 -> 7366.0932 | CU61: =AG61 -> 0 | CV61: =AH61 -> 129.6625 | CW61: =AI61 -> 0.3375 | CX61: =AJ61 -> 0 | CY61: =(((S61+R61)*AT61)/100) -> 202.8672 | CZ61: =(((S61+R61)*AU61)/100) -> 103.312 | DE61: )*1,25 | DF61: )*1,25 | DG61: )*1,15 | DI61: )*1,15 | DJ61: )*1,25 | DN61: 0 | DO61: 0 | DP61: 1 | DQ61: 1 | DU61: 1005 | DV61: 100 м2 | DW61: 100 м2 | DX61: 100 | EE61: 39174505 | EF61: 2 | EG61: Общестроительные работы | EH61: 0 | EJ61: 1 | EK61: 12001 | EL61: Кровли | EM61: ФЕР-12 | EO61: Поправка: МДС 81-35.2004, п.4.7 | EQ61: 0 | ER61: 9874.22 | ES61: 8890.58 | ET61: 21.88 | EU61: 3.51 | EV61: 961.76 | EW61: 112.75 | EX61: 0.27 | EY61: 0 | FQ61: 0 | FR61: =ROUND(IF(AND(BH61=3,BI61=3),P61,0),2) -> 0 | FS61: 0 | FT61: *0,9 | FU61: *0,85 | FX61: 108 | FY61: 55.25 | GD61: 0 | GF61: 1968937096 | GG61: 1 | GH61: 1 | GI61: 4 | GJ61: 0 | GK61: =ROUND(R61*(S12)/100,2) -> 0 | GL61: =ROUND(IF(AND(BH61=3,BI61=3,FS61<>0),P61,0),2) -> 0 | GM61: =ROUND(O61+X61+Y61+GK61,2)+GX61 -> 2001.88 | GN61: =IF(OR(BI61=0,BI61=1),ROUND(O61+X61+Y61+GK61,2),0) -> 2001.88 | GO61: =IF(BI61=2,ROUND(O61+X61+Y61+GK61,2),0) -> 0 | GP61: =IF(BI61=4,ROUND(O61+X61+Y61+GK61,2)+GX61,0) -> 0 | GR61: 0 | GS61: 3 | GT61: 0 | GV61: =ROUND(GT61,2) -> 0 | GW61: 1 | GX61: =ROUND(GV61*GW61*I61,2) -> 0 | HA61: 0 | HB61: 0 | IK61: 0
A62: 18 | B62: 1 | C62: 94 | E62: 7,1 | F62: 08.3.05.05-0053 | G62: Сталь листовая оцинкованная толщиной листа 0,7 мм | H62: т | I62: =I60*J62 -> -0.019863 | J62: -0.78200787 | O62: =ROUND(CP62,2) -> -222.47 | P62: =ROUND(CQ62*I62,2) -> -222.47 | Q62: =ROUND(CR62*I62,2) -> 0 | R62: =ROUND(CS62*I62,2) -> 0 | S62: =ROUND(CT62*I62,2) -> 0 | T62: =ROUND(CU62*I62,2) -> 0 | U62: =CV62*I62 -> 0 | V62: =CW62*I62 -> 0 | W62: =ROUND(CX62*I62,2) -> 0 | X62: =ROUND(CY62,2) -> 0 | Y62: =ROUND(CZ62,2) -> 0 | AA62: 39500385 | AB62: =ROUND((AC62+AD62+AF62),2) -> 11200 | AC62: =ROUND((ES62),2) -> 11200 | AD62: =ROUND((((ET62)-(EU62))+AE62),2) -> 0 | AE62: =ROUND((EU62),2) -> 0 | AF62: =ROUND((EV62),2) -> 0 | AG62: =ROUND((AP62),2) -> 0 | AH62: =(EW62) -> 0 | AI62: =(EX62) -> 0 | AJ62: =ROUND((AS62),2) -> 0 | AK62: 11200 | AL62: 11200 | AM62: 0 | AN62: 0 | AO62: 0 | AP62: 0 | AQ62: 0 | AR62: 0 | AS62: 0 | AT62: 108 | AU62: 55 | AV62: 1 | AW62: 1 | AZ62: 1 | BA62: 1 | BB62: 1 | BC62: 1 | BH62: 3 | BI62: 1 | BJ62: ФССЦ-2001, 08.3.05.05-0053, приказ Минстроя России №1039/пр от 30.12.2016г. | BM62: 12001 | BN62: 0 | BP62: 0 | BQ62: 2 | BR62: 1 | BS62: 1 | BT62: 1 | BU62: 1 | BV62: 1 | BW62: 1 | BX62: 1 | BZ62: 120 | CA62: 65 | CF62: 0 | CG62: 0 | CM62: 0 | CO62: 0 | CP62: =(P62+Q62+S62) -> -222.47 | CQ62: =AC62*BC62 -> 11200 | CR62: =AD62*BB62 -> 0 | CS62: =AE62*BS62 -> 0 | CT62: =AF62*BA62 -> 0 | CU62: =AG62 -> 0 | CV62: =AH62 -> 0 | CW62: =AI62 -> 0 | CX62: =AJ62 -> 0 | CY62: =(((S62+R62)*AT62)/100) -> 0 | CZ62: =(((S62+R62)*AU62)/100) -> 0 | DN62: 0 | DO62: 0 | DP62: 1 | DQ62: 1 | DU62: 1009 | DV62: т | DW62: т | DX62: 1000 | EE62: 39174505 | EF62: 2 | EG62: Общестроительные работы | EH62: 0 | EJ62: 1 | EK62: 12001 | EL62: Кровли | EM62: ФЕР-12 | EQ62: 0 | ER62: 11200 | ES62: 11200 | ET62: 0 | EU62: 0 | EV62: 0 | EW62: 0 | EX62: 0 | FQ62: 0 | FR62: =ROUND(IF(AND(BH62=3,BI62=3),P62,0),2) -> 0 | FS62: 0 | FT62: *0,9 | FU62: *0,85 | FX62: 108 | FY62: 55.25 | GD62: 0 | GF62: -272931147 | GG62: 2 | GH62: 1 | GI62: -2 | GJ62: 0 | GK62: =ROUND(R62*(R12)/100,2) -> 0 | GL62: =ROUND(IF(AND(BH62=3,BI62=3,FS62<>0),P62,0),2) -> 0 | GM62: =ROUND(O62+X62+Y62+GK62,2)+GX62 -> -222.47 | GN62: =IF(OR(BI62=0,BI62=1),ROUND(O62+X62+Y62+GK62,2),0) -> -222.47 | GO62: =IF(BI62=2,ROUND(O62+X62+Y62+GK62,2),0) -> 0 | GP62: =IF(BI62=4,ROUND(O62+X62+Y62+GK62,2)+GX62,0) -> 0 | GR62: 0 | GS62: 3 | GT62: 0 | GV62: =ROUND(GT62,2) -> 0 | GW62: 1 | GX62: =ROUND(GV62*GW62*I62,2) -> 0 | HA62: 0 | HB62: 0 | IK62: 0
A63: 18 | B63: 1 | C63: 102 | E63: 7,1 | F63: 08.3.05.05-0053 | G63: Сталь листовая оцинкованная толщиной листа 0,7 мм | H63: т | I63: =I61*J63 -> -0.019863 | J63: -0.78200787 | O63: =ROUND(CP63,2) -> -1481.62 | P63: =ROUND(CQ63*I63,2) -> -1481.62 | Q63: =ROUND(CR63*I63,2) -> 0 | R63: =ROUND(CS63*I63,2) -> 0 | S63: =ROUND(CT63*I63,2) -> 0 | T63: =ROUND(CU63*I63,2) -> 0 | U63: =CV63*I63 -> 0 | V63: =CW63*I63 -> 0 | W63: =ROUND(CX63*I63,2) -> 0 | X63: =ROUND(CY63,2) -> 0 | Y63: =ROUND(CZ63,2) -> 0 | AA63: 39500386 | AB63: =ROUND((AC63+AD63+AF63),2) -> 11200 | AC63: =ROUND((ES63),2) -> 11200 | AD63: =ROUND((((ET63)-(EU63))+AE63),2) -> 0 | AE63: =ROUND((EU63),2) -> 0 | AF63: =ROUND((EV63),2) -> 0 | AG63: =ROUND((AP63),2) -> 0 | AH63: =(EW63) -> 0 | AI63: =(EX63) -> 0 | AJ63: =ROUND((AS63),2) -> 0 | AK63: 11200 | AL63: 11200 | AM63: 0 | AN63: 0 | AO63: 0 | AP63: 0 | AQ63: 0 | AR63: 0 | AS63: 0 | AT63: 108 | AU63: 55 | AV63: 1 | AW63: 1 | AZ63: 6.66 | BA63: 1 | BB63: 1 | BC63: 6.66 | BH63: 3 | BI63: 1 | BJ63: ФССЦ-2001, 08.3.05.05-0053, приказ Минстроя России №1039/пр от 30.12.2016г. | BM63: 12001 | BN63: 0 | BP63: 0 | BQ63: 2 | BR63: 1 | BS63: 1 | BT63: 1 | BU63: 1 | BV63: 1 | BW63: 1 | BX63: 1 | BZ63: 120 | CA63: 65 | CF63: 0 | CG63: 0 | CM63: 0 | CO63: 0 | CP63: =(P63+Q63+S63) -> -1481.62 | CQ63: =AC63*BC63 -> 74592 | CR63: =AD63*BB63 -> 0 | CS63: =AE63*BS63 -> 0 | CT63: =AF63*BA63 -> 0 | CU63: =AG63 -> 0 | CV63: =AH63 -> 0 | CW63: =AI63 -> 0 | CX63: =AJ63 -> 0 | CY63: =(((S63+R63)*AT63)/100) -> 0 | CZ63: =(((S63+R63)*AU63)/100) -> 0 | DN63: 0 | DO63: 0 | DP63: 1 | DQ63: 1 | DU63: 1009 | DV63: т | DW63: т | DX63: 1000 | EE63: 39174505 | EF63: 2 | EG63: Общестроительные работы | EH63: 0 | EJ63: 1 | EK63: 12001 | EL63: Кровли | EM63: ФЕР-12 | EQ63: 0 | ER63: 11200 | ES63: 11200 | ET63: 0 | EU63: 0 | EV63: 0 | EW63: 0 | EX63: 0 | FQ63: 0 | FR63: =ROUND(IF(AND(BH63=3,BI63=3),P63,0),2) -> 0 | FS63: 0 | FT63: *0,9 | FU63: *0,85 | FX63: 108 | FY63: 55.25 | GD63: 0 | GF63: -272931147 | GG63: 1 | GH63: 1 | GI63: 4 | GJ63: 0 | GK63: =ROUND(R63*(S12)/100,2) -> 0 | GL63: =ROUND(IF(AND(BH63=3,BI63=3,FS63<>0),P63,0),2) -> 0 | GM63: =ROUND(O63+X63+Y63+GK63,2)+GX63 -> -1481.62 | GN63: =IF(OR(BI63=0,BI63=1),ROUND(O63+X63+Y63+GK63,2),0) -> -1481.62 | GO63: =IF(BI63=2,ROUND(O63+X63+Y63+GK63,2),0) -> 0 | GP63: =IF(BI63=4,ROUND(O63+X63+Y63+GK63,2)+GX63,0) -> 0 | GR63: 0 | GS63: 3 | GT63: 0 | GV63: =ROUND(GT63,2) -> 0 | GW63: 1 | GX63: =ROUND(GV63*GW63*I63,2) -> 0 | HA63: 0 | HB63: 0 | IK63: 0
A64: 18 | B64: 1 | C64: 92 | E64: 7,2 | F64: 08.1.02.03-0021 | G64: Водоотлив оконный шириной планки 250 мм из оцинкованной стали с полимерным покрытием (согласно тех.заданию) | H64: П.М | I64: =I60*J64 -> 10.15 | J64: 399.6063 | O64: =ROUND(CP64,2) -> 268.06 | P64: =ROUND(CQ64*I64,2) -> 268.06 | Q64: =ROUND(CR64*I64,2) -> 0 | R64: =ROUND(CS64*I64,2) -> 0 | S64: =ROUND(CT64*I64,2) -> 0 | T64: =ROUND(CU64*I64,2) -> 0 | U64: =CV64*I64 -> 0 | V64: =CW64*I64 -> 0 | W64: =ROUND(CX64*I64,2) -> 0 | X64: =ROUND(CY64,2) -> 0 | Y64: =ROUND(CZ64,2) -> 0 | AA64: 39500385 | AB64: =ROUND((AC64+AD64+AF64),2) -> 26.41 | AC64: =ROUND((ES64),2) -> 26.41 | AD64: =ROUND((((ET64)-(EU64))+AE64),2) -> 0 | AE64: =ROUND((EU64),2) -> 0 | AF64: =ROUND((EV64),2) -> 0 | AG64: =ROUND((AP64),2) -> 0 | AH64: =(EW64) -> 0 | AI64: =(EX64) -> 0 | AJ64: =ROUND((AS64),2) -> 0 | AK64: 26.41 | AL64: 26.41 | AM64: 0 | AN64: 0 | AO64: 0 | AP64: 0 | AQ64: 0 | AR64: 0 | AS64: 0 | AT64: 108 | AU64: 55 | AV64: 1 | AW64: 1 | AZ64: 1 | BA64: 1 | BB64: 1 | BC64: 1 | BH64: 3 | BI64: 1 | BJ64: ФССЦ-2001, 08.1.02.03-0021, приказ Минстроя России №1039/пр от 30.12.2016г. | BM64: 12001 | BN64: 0 | BP64: 0 | BQ64: 2 | BR64: 0 | BS64: 1 | BT64: 1 | BU64: 1 | BV64: 1 | BW64: 1 | BX64: 1 | BZ64: 120 | CA64: 65 | CF64: 0 | CG64: 0 | CM64: 0 | CO64: 0 | CP64: =(P64+Q64+S64) -> 268.06 | CQ64: =AC64*BC64 -> 26.41 | CR64: =AD64*BB64 -> 0 | CS64: =AE64*BS64 -> 0 | CT64: =AF64*BA64 -> 0 | CU64: =AG64 -> 0 | CV64: =AH64 -> 0 | CW64: =AI64 -> 0 | CX64: =AJ64 -> 0 | CY64: =(((S64+R64)*AT64)/100) -> 0 | CZ64: =(((S64+R64)*AU64)/100) -> 0 | DN64: 0 | DO64: 0 | DP64: 1 | DQ64: 1 | DU64: 1013 | DV64: П.М | DW64: П.М | DX64: 1 | EE64: 39174505 | EF64: 2 | EG64: Общестроительные работы | EH64: 0 | EJ64: 1 | EK64: 12001 | EL64: Кровли | EM64: ФЕР-12 | EQ64: 0 | ER64: 26.41 | ES64: 26.41 | ET64: 0 | EU64: 0 | EV64: 0 | EW64: 0 | EX64: 0 | FQ64: 0 | FR64: =ROUND(IF(AND(BH64=3,BI64=3),P64,0),2) -> 0 | FS64: 0 | FT64: *0,9 | FU64: *0,85 | FX64: 108 | FY64: 55.25 | GD64: 0 | GF64: -911501914 | GG64: 2 | GH64: 1 | GI64: -2 | GJ64: 0 | GK64: =ROUND(R64*(R12)/100,2) -> 0 | GL64: =ROUND(IF(AND(BH64=3,BI64=3,FS64<>0),P64,0),2) -> 0 | GM64: =ROUND(O64+X64+Y64+GK64,2)+GX64 -> 268.06 | GN64: =IF(OR(BI64=0,BI64=1),ROUND(O64+X64+Y64+GK64,2),0) -> 268.06 | GO64: =IF(BI64=2,ROUND(O64+X64+Y64+GK64,2),0) -> 0 | GP64: =IF(BI64=4,ROUND(O64+X64+Y64+GK64,2)+GX64,0) -> 0 | GR64: 0 | GS64: 3 | GT64: 0 | GV64: =ROUND(GT64,2) -> 0 | GW64: 1 | GX64: =ROUND(GV64*GW64*I64,2) -> 0 | HA64: 0 | HB64: 0 | IK64: 0
A65: 18 | B65: 1 | C65: 100 | E65: 7,2 | F65: 08.1.02.03-0021 | G65: Водоотлив оконный шириной планки 250 мм из оцинкованной стали с полимерным покрытием (согласно тех.заданию) | H65: П.М | I65: =I61*J65 -> 10.15 | J65: 399.6063 | O65: =ROUND(CP65,2) -> 1785.29 | P65: =ROUND(CQ65*I65,2) -> 1785.29 | Q65: =ROUND(CR65*I65,2) -> 0 | R65: =ROUND(CS65*I65,2) -> 0 | S65: =ROUND(CT65*I65,2) -> 0 | T65: =ROUND(CU65*I65,2) -> 0 | U65: =CV65*I65 -> 0 | V65: =CW65*I65 -> 0 | W65: =ROUND(CX65*I65,2) -> 0 | X65: =ROUND(CY65,2) -> 0 | Y65: =ROUND(CZ65,2) -> 0 | AA65: 39500386 | AB65: =ROUND((AC65+AD65+AF65),2) -> 26.41 | AC65: =ROUND((ES65),2) -> 26.41 | AD65: =ROUND((((ET65)-(EU65))+AE65),2) -> 0 | AE65: =ROUND((EU65),2) -> 0 | AF65: =ROUND((EV65),2) -> 0 | AG65: =ROUND((AP65),2) -> 0 | AH65: =(EW65) -> 0 | AI65: =(EX65) -> 0 | AJ65: =ROUND((AS65),2) -> 0 | AK65: 26.41 | AL65: 26.41 | AM65: 0 | AN65: 0 | AO65: 0 | AP65: 0 | AQ65: 0 | AR65: 0 | AS65: 0 | AT65: 108 | AU65: 55 | AV65: 1 | AW65: 1 | AZ65: 6.66 | BA65: 1 | BB65: 1 | BC65: 6.66 | BH65: 3 | BI65: 1 | BJ65: ФССЦ-2001, 08.1.02.03-0021, приказ Минстроя России №1039/пр от 30.12.2016г. | BM65: 12001 | BN65: 0 | BP65: 0 | BQ65: 2 | BR65: 0 | BS65: 1 | BT65: 1 | BU65: 1 | BV65: 1 | BW65: 1 | BX65: 1 | BZ65: 120 | CA65: 65 | CF65: 0 | CG65: 0 | CM65: 0 | CO65: 0 | CP65: =(P65+Q65+S65) -> 1785.29 | CQ65: =AC65*BC65 -> 175.8906 | CR65: =AD65*BB65 -> 0 | CS65: =AE65*BS65 -> 0 | CT65: =AF65*BA65 -> 0 | CU65: =AG65 -> 0 | CV65: =AH65 -> 0 | CW65: =AI65 -> 0 | CX65: =AJ65 -> 0 | CY65: =(((S65+R65)*AT65)/100) -> 0 | CZ65: =(((S65+R65)*AU65)/100) -> 0 | DN65: 0 | DO65: 0 | DP65: 1 | DQ65: 1 | DU65: 1013 | DV65: П.М | DW65: П.М | DX65: 1 | EE65: 39174505 | EF65: 2 | EG65: Общестроительные работы | EH65: 0 | EJ65: 1 | EK65: 12001 | EL65: Кровли | EM65: ФЕР-12 | EQ65: 0 | ER65: 26.41 | ES65: 26.41 | ET65: 0 | EU65: 0 | EV65: 0 | EW65: 0 | EX65: 0 | FQ65: 0 | FR65: =ROUND(IF(AND(BH65=3,BI65=3),P65,0),2) -> 0 | FS65: 0 | FT65: *0,9 | FU65: *0,85 | FX65: 108 | FY65: 55.25 | GD65: 0 | GF65: -911501914 | GG65: 1 | GH65: 1 | GI65: 4 | GJ65: 0 | GK65: =ROUND(R65*(S12)/100,2) -> 0 | GL65: =ROUND(IF(AND(BH65=3,BI65=3,FS65<>0),P65,0),2) -> 0 | GM65: =ROUND(O65+X65+Y65+GK65,2)+GX65 -> 1785.29 | GN65: =IF(OR(BI65=0,BI65=1),ROUND(O65+X65+Y65+GK65,2),0) -> 1785.29 | GO65: =IF(BI65=2,ROUND(O65+X65+Y65+GK65,2),0) -> 0 | GP65: =IF(BI65=4,ROUND(O65+X65+Y65+GK65,2)+GX65,0) -> 0 | GR65: 0 | GS65: 3 | GT65: 0 | GV65: =ROUND(GT65,2) -> 0 | GW65: 1 | GX65: =ROUND(GV65*GW65*I65,2) -> 0 | HA65: 0 | HB65: 0 | IK65: 0
A66: 17 | B66: 1 | C66: =ROW(SmtRes!A107) -> 107 | D66: =ROW(EtalonRes!A99) -> 99 | E66: 8 | F66: 15-02-031-01 | G66: Штукатурка поверхностей оконных и дверных откосов по бетону и камню плоских | H66: 100 м2 | I66: =ROUND(6.5/100,9) -> 0.065 | J66: 0 | O66: =ROUND(CP66,2) -> 273.43 | P66: =ROUND(CQ66*I66,2) -> 146.02 | Q66: =ROUND(CR66*I66,2) -> 4.19 | R66: =ROUND(CS66*I66,2) -> 1.81 | S66: =ROUND(CT66*I66,2) -> 123.22 | T66: =ROUND(CU66*I66,2) -> 0 | U66: =CV66*I66 -> 13.2639 | V66: =CW66*I66 -> 0.1339 | W66: =ROUND(CX66*I66,2) -> 0 | X66: =ROUND(CY66,2) -> 118.78 | Y66: =ROUND(CZ66,2) -> 58.76 | AA66: 39500385 | AB66: =ROUND((AC66+AD66+AF66),2) -> 4206.63 | AC66: =ROUND((ES66),2) -> 2246.51 | AD66: =ROUND((((ET66)-(EU66))+AE66),2) -> 64.4 | AE66: =ROUND((EU66),2) -> 27.81 | AF66: =ROUND((EV66),2) -> 1895.72 | AG66: =ROUND((AP66),2) -> 0 | AH66: =(EW66) -> 204.06 | AI66: =(EX66) -> 2.06 | AJ66: =ROUND((AS66),2) -> 0 | AK66: 4206.63 | AL66: 2246.51 | AM66: 64.4 | AN66: 27.81 | AO66: 1895.72 | AP66: 0 | AQ66: 204.06 | AR66: 2.06 | AS66: 0 | AT66: 95 | AU66: 47 | AV66: 1 | AW66: 1 | AZ66: 1 | BA66: 1 | BB66: 1 | BC66: 1 | BH66: 0 | BI66: 1 | BJ66: ФЕР-2001, 15-02-031-01, приказ Минстроя России №1039/пр от 30.12.2016г. | BM66: 15001 | BN66: 0 | BP66: 0 | BQ66: 2 | BR66: 0 | BS66: 1 | BT66: 1 | BU66: 1 | BV66: 1 | BW66: 1 | BX66: 1 | BZ66: 105 | CA66: 55 | CF66: 0 | CG66: 0 | CM66: 0 | CO66: 0 | CP66: =(P66+Q66+S66) -> 273.43 | CQ66: =AC66*BC66 -> 2246.51 | CR66: =AD66*BB66 -> 64.4 | CS66: =AE66*BS66 -> 27.81 | CT66: =AF66*BA66 -> 1895.72 | CU66: =AG66 -> 0 | CV66: =AH66 -> 204.06 | CW66: =AI66 -> 2.06 | CX66: =AJ66 -> 0 | CY66: =(((S66+R66)*AT66)/100) -> 118.7785 | CZ66: =(((S66+R66)*AU66)/100) -> 58.7641 | DN66: 0 | DO66: 0 | DP66: 1 | DQ66: 1 | DU66: 1005 | DV66: 100 м2 | DW66: 100 м2 | DX66: 100 | EE66: 39174529 | EF66: 2 | EG66: Общестроительные работы | EH66: 0 | EJ66: 1 | EK66: 15001 | EL66: Отделочные работы | EM66: ФЕР-15 | EQ66: 0 | ER66: 4206.63 | ES66: 2246.51 | ET66: 64.4 | EU66: 27.81 | EV66: 1895.72 | EW66: 204.06 | EX66: 2.06 | EY66: 0 | FQ66: 0 | FR66: =ROUND(IF(AND(BH66=3,BI66=3),P66,0),2) -> 0 | FS66: 0 | FT66: *0,9 | FU66: *0,85 | FX66: 94.5 | FY66: 46.75 | GD66: 0 | GF66: -635342655 | GG66: 2 | GH66: 1 | GI66: -2 | GJ66: 0 | GK66: =ROUND(R66*(R12)/100,2) -> 0 | GL66: =ROUND(IF(AND(BH66=3,BI66=3,FS66<>0),P66,0),2) -> 0 | GM66: =ROUND(O66+X66+Y66+GK66,2)+GX66 -> 450.97 | GN66: =IF(OR(BI66=0,BI66=1),ROUND(O66+X66+Y66+GK66,2),0) -> 450.97 | GO66: =IF(BI66=2,ROUND(O66+X66+Y66+GK66,2),0) -> 0 | GP66: =IF(BI66=4,ROUND(O66+X66+Y66+GK66,2)+GX66,0) -> 0 | GR66: 0 | GS66: 3 | GT66: 0 | GV66: =ROUND(GT66,2) -> 0 | GW66: 1 | GX66: =ROUND(GV66*GW66*I66,2) -> 0 | HA66: 0 | HB66: 0 | IK66: 0
A67: 17 | B67: 1 | C67: =ROW(SmtRes!A112) -> 112 | D67: =ROW(EtalonRes!A104) -> 104 | E67: 8 | F67: 15-02-031-01 | G67: Штукатурка поверхностей оконных и дверных откосов по бетону и камню плоских | H67: 100 м2 | I67: =ROUND(6.5/100,9) -> 0.065 | J67: 0 | O67: =ROUND(CP67,2) -> 1821.05 | P67: =ROUND(CQ67*I67,2) -> 972.51 | Q67: =ROUND(CR67*I67,2) -> 27.88 | R67: =ROUND(CS67*I67,2) -> 12.04 | S67: =ROUND(CT67*I67,2) -> 820.66 | T67: =ROUND(CU67*I67,2) -> 0 | U67: =CV67*I67 -> 13.2639 | V67: =CW67*I67 -> 0.1339 | W67: =ROUND(CX67*I67,2) -> 0 | X67: =ROUND(CY67,2) -> 791.07 | Y67: =ROUND(CZ67,2) -> 391.37 | AA67: 39500386 | AB67: =ROUND((AC67+AD67+AF67),2) -> 4206.63 | AC67: =ROUND((ES67),2) -> 2246.51 | AD67: =ROUND((((ET67)-(EU67))+AE67),2) -> 64.4 | AE67: =ROUND((EU67),2) -> 27.81 | AF67: =ROUND((EV67),2) -> 1895.72 | AG67: =ROUND((AP67),2) -> 0 | AH67: =(EW67) -> 204.06 | AI67: =(EX67) -> 2.06 | AJ67: =ROUND((AS67),2) -> 0 | AK67: 4206.63 | AL67: 2246.51 | AM67: 64.4 | AN67: 27.81 | AO67: 1895.72 | AP67: 0 | AQ67: 204.06 | AR67: 2.06 | AS67: 0 | AT67: 95 | AU67: 47 | AV67: 1 | AW67: 1 | AZ67: 6.66 | BA67: 6.66 | BB67: 6.66 | BC67: 6.66 | BH67: 0 | BI67: 1 | BJ67: ФЕР-2001, 15-02-031-01, приказ Минстроя России №1039/пр от 30.12.2016г. | BM67: 15001 | BN67: 0 | BP67: 0 | BQ67: 2 | BR67: 0 | BS67: 6.66 | BT67: 1 | BU67: 1 | BV67: 1 | BW67: 1 | BX67: 1 | BZ67: 105 | CA67: 55 | CF67: 0 | CG67: 0 | CM67: 0 | CO67: 0 | CP67: =(P67+Q67+S67) -> 1821.05 | CQ67: =AC67*BC67 -> 14961.757 | CR67: =AD67*BB67 -> 428.904 | CS67: =AE67*BS67 -> 185.2146 | CT67: =AF67*BA67 -> 12625.495 | CU67: =AG67 -> 0 | CV67: =AH67 -> 204.06 | CW67: =AI67 -> 2.06 | CX67: =AJ67 -> 0 | CY67: =(((S67+R67)*AT67)/100) -> 791.065 | CZ67: =(((S67+R67)*AU67)/100) -> 391.369 | DN67: 0 | DO67: 0 | DP67: 1 | DQ67: 1 | DU67: 1005 | DV67: 100 м2 | DW67: 100 м2 | DX67: 100 | EE67: 39174529 | EF67: 2 | EG67: Общестроительные работы | EH67: 0 | EJ67: 1 | EK67: 15001 | EL67: Отделочные работы | EM67: ФЕР-15 | EQ67: 0 | ER67: 4206.63 | ES67: 2246.51 | ET67: 64.4 | EU67: 27.81 | EV67: 1895.72 | EW67: 204.06 | EX67: 2.06 | EY67: 0 | FQ67: 0 | FR67: =ROUND(IF(AND(BH67=3,BI67=3),P67,0),2) -> 0 | FS67: 0 | FT67: *0,9 | FU67: *0,85 | FX67: 94.5 | FY67: 46.75 | GD67: 0 | GF67: -635342655 | GG67: 1 | GH67: 1 | GI67: 4 | GJ67: 0 | GK67: =ROUND(R67*(S12)/100,2) -> 0 | GL67: =ROUND(IF(AND(BH67=3,BI67=3,FS67<>0),P67,0),2) -> 0 | GM67: =ROUND(O67+X67+Y67+GK67,2)+GX67 -> 3003.49 | GN67: =IF(OR(BI67=0,BI67=1),ROUND(O67+X67+Y67+GK67,2),0) -> 3003.49 | GO67: =IF(BI67=2,ROUND(O67+X67+Y67+GK67,2),0) -> 0 | GP67: =IF(BI67=4,ROUND(O67+X67+Y67+GK67,2)+GX67,0) -> 0 | GR67: 0 | GS67: 3 | GT67: 0 | GV67: =ROUND(GT67,2) -> 0 | GW67: 1 | GX67: =ROUND(GV67*GW67*I67,2) -> 0 | HA67: 0 | HB67: 0 | IK67: 0
A68: 17 | B68: 1 | C68: =ROW(SmtRes!A121) -> 121 | D68: =ROW(EtalonRes!A112) -> 112 | E68: 9 | F68: 15-04-012-03 | G68: Окраска фасадов с лесов с подготовкой поверхности поливинилацетатная | H68: 100 м2 | I68: =ROUND(6.5/100,9) -> 0.065 | J68: 0 | O68: =ROUND(CP68,2) -> 8.82 | P68: =ROUND(CQ68*I68,2) -> 2.02 | Q68: =ROUND(CR68*I68,2) -> 0.3 | R68: =ROUND(CS68*I68,2) -> 0.05 | S68: =ROUND(CT68*I68,2) -> 6.5 | T68: =ROUND(CU68*I68,2) -> 0 | U68: =CV68*I68 -> 0.7168525 | V68: =CW68*I68 -> 0.0040625 | W68: =ROUND(CX68*I68,2) -> 0 | X68: =ROUND(CY68,2) -> 6.22 | Y68: =ROUND(CZ68,2) -> 3.08 | AA68: 39500385 | AB68: =ROUND((AC68+AD68+AF68),2) -> 135.68 | AC68: =ROUND((ES68),2) -> 31.11 | AD68: =ROUND(((((ET68*1.25))-((EU68*1.25)))+AE68),2) -> 4.54 | AE68: =ROUND(((EU68*1.25)),2) -> 0.73 | AF68: =ROUND(((EV68*1.15)),2) -> 100.03 | AG68: =ROUND((AP68),2) -> 0 | AH68: =((EW68*1.15)) -> 11.0285 | AI68: =((EX68*1.25)) -> 0.0625 | AJ68: =ROUND((AS68),2) -> 0 | AK68: 121.72 | AL68: 31.11 | AM68: 3.63 | AN68: 0.58 | AO68: 86.98 | AP68: 0 | AQ68: 9.59 | AR68: 0.05 | AS68: 0 | AT68: 95 | AU68: 47 | AV68: 1 | AW68: 1 | AZ68: 1 | BA68: 1 | BB68: 1 | BC68: 1 | BH68: 0 | BI68: 1 | BJ68: ФЕР-2001, 15-04-012-03, приказ Минстроя России №1039/пр от 30.12.2016г. | BM68: 15001 | BN68: 0 | BP68: 0 | BQ68: 2 | BR68: 0 | BS68: 1 | BT68: 1 | BU68: 1 | BV68: 1 | BW68: 1 | BX68: 1 | BZ68: 105 | CA68: 55 | CF68: 0 | CG68: 0 | CM68: 0 | CN68: Поправка: МДС 81-35.2004, п.4.7 Наименование: Работы, выполняемые при реконструкции зданий и сооружений работы, аналогичные технологическим процессам в новом строительстве (в том числе возведение новых конструктивных элементов) стоимость которых определена по соответствующим сборникам ФЕР, кроме сборника № 46 «Работы при реконструкции зданий и сооружений» | CO68: 0 | CP68: =(P68+Q68+S68) -> 8.82 | CQ68: =AC68*BC68 -> 31.11 | CR68: =AD68*BB68 -> 4.54 | CS68: =AE68*BS68 -> 0.73 | CT68: =AF68*BA68 -> 100.03 | CU68: =AG68 -> 0 | CV68: =AH68 -> 11.0285 | CW68: =AI68 -> 0.0625 | CX68: =AJ68 -> 0 | CY68: =(((S68+R68)*AT68)/100) -> 6.2225 | CZ68: =(((S68+R68)*AU68)/100) -> 3.0785 | DE68: )*1,25 | DF68: )*1,25 | DG68: )*1,15 | DI68: )*1,15 | DJ68: )*1,25 | DN68: 0 | DO68: 0 | DP68: 1 | DQ68: 1 | DU68: 1005 | DV68: 100 м2 | DW68: 100 м2 | DX68: 100 | EE68: 39174529 | EF68: 2 | EG68: Общестроительные работы | EH68: 0 | EJ68: 1 | EK68: 15001 | EL68: Отделочные работы | EM68: ФЕР-15 | EO68: Поправка: МДС 81-35.2004, п.4.7 | EQ68: 0 | ER68: 121.72 | ES68: 31.11 | ET68: 3.63 | EU68: 0.58 | EV68: 86.98 | EW68: 9.59 | EX68: 0.05 | EY68: 0 | FQ68: 0 | FR68: =ROUND(IF(AND(BH68=3,BI68=3),P68,0),2) -> 0 | FS68: 0 | FT68: *0,9 | FU68: *0,85 | FX68: 94.5 | FY68: 46.75 | GD68: 0 | GF68: 138033033 | GG68: 2 | GH68: 1 | GI68: -2 | GJ68: 0 | GK68: =ROUND(R68*(R12)/100,2) -> 0 | GL68: =ROUND(IF(AND(BH68=3,BI68=3,FS68<>0),P68,0),2) -> 0 | GM68: =ROUND(O68+X68+Y68+GK68,2)+GX68 -> 18.12 | GN68: =IF(OR(BI68=0,BI68=1),ROUND(O68+X68+Y68+GK68,2),0) -> 18.12 | GO68: =IF(BI68=2,ROUND(O68+X68+Y68+GK68,2),0) -> 0 | GP68: =IF(BI68=4,ROUND(O68+X68+Y68+GK68,2)+GX68,0) -> 0 | GR68: 0 | GS68: 3 | GT68: 0 | GV68: =ROUND(GT68,2) -> 0 | GW68: 1 | GX68: =ROUND(GV68*GW68*I68,2) -> 0 | HA68: 0 | HB68: 0 | IK68: 0
A69: 17 | B69: 1 | C69: =ROW(SmtRes!A130) -> 130 | D69: =ROW(EtalonRes!A120) -> 120 | E69: 9 | F69: 15-04-012-03 | G69: Окраска фасадов с лесов с подготовкой поверхности поливинилацетатная | H69: 100 м2 | I69: =ROUND(6.5/100,9) -> 0.065 | J69: 0 | O69: =ROUND(CP69,2) -> 58.74 | P69: =ROUND(CQ69*I69,2) -> 13.47 | Q69: =ROUND(CR69*I69,2) -> 1.97 | R69: =ROUND(CS69*I69,2) -> 0.32 | S69: =ROUND(CT69*I69,2) -> 43.3 | T69: =ROUND(CU69*I69,2) -> 0 | U69: =CV69*I69 -> 0.7168525 | V69: =CW69*I69 -> 0.0040625 | W69: =ROUND(CX69*I69,2) -> 0 | X69: =ROUND(CY69,2) -> 41.44 | Y69: =ROUND(CZ69,2) -> 20.5 | AA69: 39500386 | AB69: =ROUND((AC69+AD69+AF69),2) -> 135.68 | AC69: =ROUND((ES69),2) -> 31.11 | AD69: =ROUND(((((ET69*1.25))-((EU69*1.25)))+AE69),2) -> 4.54 | AE69: =ROUND(((EU69*1.25)),2) -> 0.73 | AF69: =ROUND(((EV69*1.15)),2) -> 100.03 | AG69: =ROUND((AP69),2) -> 0 | AH69: =((EW69*1.15)) -> 11.0285 | AI69: =((EX69*1.25)) -> 0.0625 | AJ69: =ROUND((AS69),2) -> 0 | AK69: 121.72 | AL69: 31.11 | AM69: 3.63 | AN69: 0.58 | AO69: 86.98 | AP69: 0 | AQ69: 9.59 | AR69: 0.05 | AS69: 0 | AT69: 95 | AU69: 47 | AV69: 1 | AW69: 1 | AZ69: 6.66 | BA69: 6.66 | BB69: 6.66 | BC69: 6.66 | BH69: 0 | BI69: 1 | BJ69: ФЕР-2001, 15-04-012-03, приказ Минстроя России №1039/пр от 30.12.2016г. | BM69: 15001 | BN69: 0 | BP69: 0 | BQ69: 2 | BR69: 0 | BS69: 6.66 | BT69: 1 | BU69: 1 | BV69: 1 | BW69: 1 | BX69: 1 | BZ69: 105 | CA69: 55 | CF69: 0 | CG69: 0 | CM69: 0 | CN69: Поправка: МДС 81-35.2004, п.4.7 Наименование: Работы, выполняемые при реконструкции зданий и сооружений работы, аналогичные технологическим процессам в новом строительстве (в том числе возведение новых конструктивных элементов) стоимость которых определена по соответствующим сборникам ФЕР, кроме сборника № 46 «Работы при реконструкции зданий и сооружений» | CO69: 0 | CP69: =(P69+Q69+S69) -> 58.74 | CQ69: =AC69*BC69 -> 207.1926 | CR69: =AD69*BB69 -> 30.2364 | CS69: =AE69*BS69 -> 4.8618 | CT69: =AF69*BA69 -> 666.1998 | CU69: =AG69 -> 0 | CV69: =AH69 -> 11.0285 | CW69: =AI69 -> 0.0625 | CX69: =AJ69 -> 0 | CY69: =(((S69+R69)*AT69)/100) -> 41.439 | CZ69: =(((S69+R69)*AU69)/100) -> 20.5014 | DE69: )*1,25 | DF69: )*1,25 | DG69: )*1,15 | DI69: )*1,15 | DJ69: )*1,25 | DN69: 0 | DO69: 0 | DP69: 1 | DQ69: 1 | DU69: 1005 | DV69: 100 м2 | DW69: 100 м2 | DX69: 100 | EE69: 39174529 | EF69: 2 | EG69: Общестроительные работы | EH69: 0 | EJ69: 1 | EK69: 15001 | EL69: Отделочные работы | EM69: ФЕР-15 | EO69: Поправка: МДС 81-35.2004, п.4.7 | EQ69: 0 | ER69: 121.72 | ES69: 31.11 | ET69: 3.63 | EU69: 0.58 | EV69: 86.98 | EW69: 9.59 | EX69: 0.05 | EY69: 0 | FQ69: 0 | FR69: =ROUND(IF(AND(BH69=3,BI69=3),P69,0),2) -> 0 | FS69: 0 | FT69: *0,9 | FU69: *0,85 | FX69: 94.5 | FY69: 46.75 | GD69: 0 | GF69: 138033033 | GG69: 1 | GH69: 1 | GI69: 4 | GJ69: 0 | GK69: =ROUND(R69*(S12)/100,2) -> 0 | GL69: =ROUND(IF(AND(BH69=3,BI69=3,FS69<>0),P69,0),2) -> 0 | GM69: =ROUND(O69+X69+Y69+GK69,2)+GX69 -> 120.68 | GN69: =IF(OR(BI69=0,BI69=1),ROUND(O69+X69+Y69+GK69,2),0) -> 120.68 | GO69: =IF(BI69=2,ROUND(O69+X69+Y69+GK69,2),0) -> 0 | GP69: =IF(BI69=4,ROUND(O69+X69+Y69+GK69,2)+GX69,0) -> 0 | GR69: 0 | GS69: 3 | GT69: 0 | GV69: =ROUND(GT69,2) -> 0 | GW69: 1 | GX69: =ROUND(GV69*GW69*I69,2) -> 0 | HA69: 0 | HB69: 0 | IK69: 0
A70: 18 | B70: 1 | C70: 121 | E70: 9,1 | F70: 14.3.02.03-0015 | G70: Краски водно-дисперсионные поливинилацетатные ВД-ВА-27А | H70: т | I70: =I68*J70 -> 0.00247 | J70: 0.038 | O70: =ROUND(CP70,2) -> 70.47 | P70: =ROUND(CQ70*I70,2) -> 70.47 | Q70: =ROUND(CR70*I70,2) -> 0 | R70: =ROUND(CS70*I70,2) -> 0 | S70: =ROUND(CT70*I70,2) -> 0 | T70: =ROUND(CU70*I70,2) -> 0 | U70: =CV70*I70 -> 0 | V70: =CW70*I70 -> 0 | W70: =ROUND(CX70*I70,2) -> 0 | X70: =ROUND(CY70,2) -> 0 | Y70: =ROUND(CZ70,2) -> 0 | AA70: 39500385 | AB70: =ROUND((AC70+AD70+AF70),2) -> 28531.05 | AC70: =ROUND((ES70),2) -> 28531.05 | AD70: =ROUND((((ET70)-(EU70))+AE70),2) -> 0 | AE70: =ROUND((EU70),2) -> 0 | AF70: =ROUND((EV70),2) -> 0 | AG70: =ROUND((AP70),2) -> 0 | AH70: =(EW70) -> 0 | AI70: =(EX70) -> 0 | AJ70: =ROUND((AS70),2) -> 0 | AK70: 28531.05 | AL70: 28531.05 | AM70: 0 | AN70: 0 | AO70: 0 | AP70: 0 | AQ70: 0 | AR70: 0 | AS70: 0 | AT70: 95 | AU70: 47 | AV70: 1 | AW70: 1 | AZ70: 1 | BA70: 1 | BB70: 1 | BC70: 1 | BH70: 3 | BI70: 1 | BJ70: ФССЦ-2001, 14.3.02.03-0015, приказ Минстроя России №1039/пр от 30.12.2016г. | BM70: 15001 | BN70: 0 | BP70: 0 | BQ70: 2 | BR70: 0 | BS70: 1 | BT70: 1 | BU70: 1 | BV70: 1 | BW70: 1 | BX70: 1 | BZ70: 105 | CA70: 55 | CF70: 0 | CG70: 0 | CM70: 0 | CO70: 0 | CP70: =(P70+Q70+S70) -> 70.47 | CQ70: =AC70*BC70 -> 28531.05 | CR70: =AD70*BB70 -> 0 | CS70: =AE70*BS70 -> 0 | CT70: =AF70*BA70 -> 0 | CU70: =AG70 -> 0 | CV70: =AH70 -> 0 | CW70: =AI70 -> 0 | CX70: =AJ70 -> 0 | CY70: =(((S70+R70)*AT70)/100) -> 0 | CZ70: =(((S70+R70)*AU70)/100) -> 0 | DN70: 0 | DO70: 0 | DP70: 1 | DQ70: 1 | DU70: 1009 | DV70: т | DW70: т | DX70: 1000 | EE70: 39174529 | EF70: 2 | EG70: Общестроительные работы | EH70: 0 | EJ70: 1 | EK70: 15001 | EL70: Отделочные работы | EM70: ФЕР-15 | EQ70: 0 | ER70: 28531.05 | ES70: 28531.05 | ET70: 0 | EU70: 0 | EV70: 0 | EW70: 0 | EX70: 0 | FQ70: 0 | FR70: =ROUND(IF(AND(BH70=3,BI70=3),P70,0),2) -> 0 | FS70: 0 | FT70: *0,9 | FU70: *0,85 | FX70: 94.5 | FY70: 46.75 | GD70: 0 | GF70: 2023472043 | GG70: 2 | GH70: 1 | GI70: -2 | GJ70: 0 | GK70: =ROUND(R70*(R12)/100,2) -> 0 | GL70: =ROUND(IF(AND(BH70=3,BI70=3,FS70<>0),P70,0),2) -> 0 | GM70: =ROUND(O70+X70+Y70+GK70,2)+GX70 -> 70.47 | GN70: =IF(OR(BI70=0,BI70=1),ROUND(O70+X70+Y70+GK70,2),0) -> 70.47 | GO70: =IF(BI70=2,ROUND(O70+X70+Y70+GK70,2),0) -> 0 | GP70: =IF(BI70=4,ROUND(O70+X70+Y70+GK70,2)+GX70,0) -> 0 | GR70: 0 | GS70: 3 | GT70: 0 | GV70: =ROUND(GT70,2) -> 0 | GW70: 1 | GX70: =ROUND(GV70*GW70*I70,2) -> 0 | HA70: 0 | HB70: 0 | IK70: 0
A71: 18 | B71: 1 | C71: 130 | E71: 9,1 | F71: 14.3.02.03-0015 | G71: Краски водно-дисперсионные поливинилацетатные ВД-ВА-27А | H71: т | I71: =I69*J71 -> 0.00247 | J71: 0.038 | O71: =ROUND(CP71,2) -> 469.34 | P71: =ROUND(CQ71*I71,2) -> 469.34 | Q71: =ROUND(CR71*I71,2) -> 0 | R71: =ROUND(CS71*I71,2) -> 0 | S71: =ROUND(CT71*I71,2) -> 0 | T71: =ROUND(CU71*I71,2) -> 0 | U71: =CV71*I71 -> 0 | V71: =CW71*I71 -> 0 | W71: =ROUND(CX71*I71,2) -> 0 | X71: =ROUND(CY71,2) -> 0 | Y71: =ROUND(CZ71,2) -> 0 | AA71: 39500386 | AB71: =ROUND((AC71+AD71+AF71),2) -> 28531.05 | AC71: =ROUND((ES71),2) -> 28531.05 | AD71: =ROUND((((ET71)-(EU71))+AE71),2) -> 0 | AE71: =ROUND((EU71),2) -> 0 | AF71: =ROUND((EV71),2) -> 0 | AG71: =ROUND((AP71),2) -> 0 | AH71: =(EW71) -> 0 | AI71: =(EX71) -> 0 | AJ71: =ROUND((AS71),2) -> 0 | AK71: 28531.05 | AL71: 28531.05 | AM71: 0 | AN71: 0 | AO71: 0 | AP71: 0 | AQ71: 0 | AR71: 0 | AS71: 0 | AT71: 95 | AU71: 47 | AV71: 1 | AW71: 1 | AZ71: 6.66 | BA71: 1 | BB71: 1 | BC71: 6.66 | BH71: 3 | BI71: 1 | BJ71: ФССЦ-2001, 14.3.02.03-0015, приказ Минстроя России №1039/пр от 30.12.2016г. | BM71: 15001 | BN71: 0 | BP71: 0 | BQ71: 2 | BR71: 0 | BS71: 1 | BT71: 1 | BU71: 1 | BV71: 1 | BW71: 1 | BX71: 1 | BZ71: 105 | CA71: 55 | CF71: 0 | CG71: 0 | CM71: 0 | CO71: 0 | CP71: =(P71+Q71+S71) -> 469.34 | CQ71: =AC71*BC71 -> 190016.79 | CR71: =AD71*BB71 -> 0 | CS71: =AE71*BS71 -> 0 | CT71: =AF71*BA71 -> 0 | CU71: =AG71 -> 0 | CV71: =AH71 -> 0 | CW71: =AI71 -> 0 | CX71: =AJ71 -> 0 | CY71: =(((S71+R71)*AT71)/100) -> 0 | CZ71: =(((S71+R71)*AU71)/100) -> 0 | DN71: 0 | DO71: 0 | DP71: 1 | DQ71: 1 | DU71: 1009 | DV71: т | DW71: т | DX71: 1000 | EE71: 39174529 | EF71: 2 | EG71: Общестроительные работы | EH71: 0 | EJ71: 1 | EK71: 15001 | EL71: Отделочные работы | EM71: ФЕР-15 | EQ71: 0 | ER71: 28531.05 | ES71: 28531.05 | ET71: 0 | EU71: 0 | EV71: 0 | EW71: 0 | EX71: 0 | FQ71: 0 | FR71: =ROUND(IF(AND(BH71=3,BI71=3),P71,0),2) -> 0 | FS71: 0 | FT71: *0,9 | FU71: *0,85 | FX71: 94.5 | FY71: 46.75 | GD71: 0 | GF71: 2023472043 | GG71: 1 | GH71: 1 | GI71: 4 | GJ71: 0 | GK71: =ROUND(R71*(S12)/100,2) -> 0 | GL71: =ROUND(IF(AND(BH71=3,BI71=3,FS71<>0),P71,0),2) -> 0 | GM71: =ROUND(O71+X71+Y71+GK71,2)+GX71 -> 469.34 | GN71: =IF(OR(BI71=0,BI71=1),ROUND(O71+X71+Y71+GK71,2),0) -> 469.34 | GO71: =IF(BI71=2,ROUND(O71+X71+Y71+GK71,2),0) -> 0 | GP71: =IF(BI71=4,ROUND(O71+X71+Y71+GK71,2)+GX71,0) -> 0 | GR71: 0 | GS71: 3 | GT71: 0 | GV71: =ROUND(GT71,2) -> 0 | GW71: 1 | GX71: =ROUND(GV71*GW71*I71,2) -> 0 | HA71: 0 | HB71: 0 | IK71: 0
A72: 18 | B72: 1 | C72: 120 | E72: 9,2 | F72: 14.3.02.01 | G72: Краска водоэмульсионная | H72: т | I72: =I68*J72 -> 0.00247 | J72: 0.038 | O72: =ROUND(CP72,2) -> 0 | P72: =ROUND(CQ72*I72,2) -> 0 | Q72: =ROUND(CR72*I72,2) -> 0 | R72: =ROUND(CS72*I72,2) -> 0 | S72: =ROUND(CT72*I72,2) -> 0 | T72: =ROUND(CU72*I72,2) -> 0 | U72: =CV72*I72 -> 0 | V72: =CW72*I72 -> 0 | W72: =ROUND(CX72*I72,2) -> 0 | X72: =ROUND(CY72,2) -> 0 | Y72: =ROUND(CZ72,2) -> 0 | AA72: 39500385 | AB72: =ROUND((AC72+AD72+AF72),2) -> 0 | AC72: =ROUND((ES72),2) -> 0 | AD72: =ROUND((((ET72)-(EU72))+AE72),2) -> 0 | AE72: =ROUND((EU72),2) -> 0 | AF72: =ROUND((EV72),2) -> 0 | AG72: =ROUND((AP72),2) -> 0 | AH72: =(EW72) -> 0 | AI72: =(EX72) -> 0 | AJ72: =ROUND((AS72),2) -> 0 | AK72: 0 | AL72: 0 | AM72: 0 | AN72: 0 | AO72: 0 | AP72: 0 | AQ72: 0 | AR72: 0 | AS72: 0 | AT72: 95 | AU72: 47 | AV72: 1 | AW72: 1 | AZ72: 1 | BA72: 1 | BB72: 1 | BC72: 1 | BH72: 3 | BI72: 1 | BM72: 15001 | BN72: 0 | BP72: 0 | BQ72: 2 | BR72: 0 | BS72: 1 | BT72: 1 | BU72: 1 | BV72: 1 | BW72: 1 | BX72: 1 | BZ72: 105 | CA72: 55 | CF72: 0 | CG72: 0 | CM72: 0 | CO72: 0 | CP72: =(P72+Q72+S72) -> 0 | CQ72: =AC72*BC72 -> 0 | CR72: =AD72*BB72 -> 0 | CS72: =AE72*BS72 -> 0 | CT72: =AF72*BA72 -> 0 | CU72: =AG72 -> 0 | CV72: =AH72 -> 0 | CW72: =AI72 -> 0 | CX72: =AJ72 -> 0 | CY72: =(((S72+R72)*AT72)/100) -> 0 | CZ72: =(((S72+R72)*AU72)/100) -> 0 | DN72: 0 | DO72: 0 | DP72: 1 | DQ72: 1 | DU72: 1009 | DV72: т | DW72: т | DX72: 1000 | EE72: 39174529 | EF72: 2 | EG72: Общестроительные работы | EH72: 0 | EJ72: 1 | EK72: 15001 | EL72: Отделочные работы | EM72: ФЕР-15 | EQ72: 0 | ER72: 0 | ES72: 0 | ET72: 0 | EU72: 0 | EV72: 0 | EW72: 0 | EX72: 0 | FQ72: 0 | FR72: =ROUND(IF(AND(BH72=3,BI72=3),P72,0),2) -> 0 | FS72: 0 | FT72: *0,9 | FU72: *0,85 | FX72: 94.5 | FY72: 46.75 | GD72: 0 | GF72: 1891904026 | GG72: 2 | GH72: 1 | GI72: -2 | GJ72: 0 | GK72: =ROUND(R72*(R12)/100,2) -> 0 | GL72: =ROUND(IF(AND(BH72=3,BI72=3,FS72<>0),P72,0),2) -> 0 | GM72: =ROUND(O72+X72+Y72+GK72,2)+GX72 -> 0 | GN72: =IF(OR(BI72=0,BI72=1),ROUND(O72+X72+Y72+GK72,2),0) -> 0 | GO72: =IF(BI72=2,ROUND(O72+X72+Y72+GK72,2),0) -> 0 | GP72: =IF(BI72=4,ROUND(O72+X72+Y72+GK72,2)+GX72,0) -> 0 | GR72: 0 | GS72: 3 | GT72: 0 | GV72: =ROUND(GT72,2) -> 0 | GW72: 1 | GX72: =ROUND(GV72*GW72*I72,2) -> 0 | HA72: 0 | HB72: 0 | IK72: 0
A73: 18 | B73: 1 | C73: 129 | E73: 9,2 | F73: 14.3.02.01 | G73: Краска водоэмульсионная | H73: т | I73: =I69*J73 -> 0.00247 | J73: 0.038 | O73: =ROUND(CP73,2) -> 0 | P73: =ROUND(CQ73*I73,2) -> 0 | Q73: =ROUND(CR73*I73,2) -> 0 | R73: =ROUND(CS73*I73,2) -> 0 | S73: =ROUND(CT73*I73,2) -> 0 | T73: =ROUND(CU73*I73,2) -> 0 | U73: =CV73*I73 -> 0 | V73: =CW73*I73 -> 0 | W73: =ROUND(CX73*I73,2) -> 0 | X73: =ROUND(CY73,2) -> 0 | Y73: =ROUND(CZ73,2) -> 0 | AA73: 39500386 | AB73: =ROUND((AC73+AD73+AF73),2) -> 0 | AC73: =ROUND((ES73),2) -> 0 | AD73: =ROUND((((ET73)-(EU73))+AE73),2) -> 0 | AE73: =ROUND((EU73),2) -> 0 | AF73: =ROUND((EV73),2) -> 0 | AG73: =ROUND((AP73),2) -> 0 | AH73: =(EW73) -> 0 | AI73: =(EX73) -> 0 | AJ73: =ROUND((AS73),2) -> 0 | AK73: 0 | AL73: 0 | AM73: 0 | AN73: 0 | AO73: 0 | AP73: 0 | AQ73: 0 | AR73: 0 | AS73: 0 | AT73: 95 | AU73: 47 | AV73: 1 | AW73: 1 | AZ73: 6.66 | BA73: 1 | BB73: 1 | BC73: 6.66 | BH73: 3 | BI73: 1 | BM73: 15001 | BN73: 0 | BP73: 0 | BQ73: 2 | BR73: 0 | BS73: 1 | BT73: 1 | BU73: 1 | BV73: 1 | BW73: 1 | BX73: 1 | BZ73: 105 | CA73: 55 | CF73: 0 | CG73: 0 | CM73: 0 | CO73: 0 | CP73: =(P73+Q73+S73) -> 0 | CQ73: =AC73*BC73 -> 0 | CR73: =AD73*BB73 -> 0 | CS73: =AE73*BS73 -> 0 | CT73: =AF73*BA73 -> 0 | CU73: =AG73 -> 0 | CV73: =AH73 -> 0 | CW73: =AI73 -> 0 | CX73: =AJ73 -> 0 | CY73: =(((S73+R73)*AT73)/100) -> 0 | CZ73: =(((S73+R73)*AU73)/100) -> 0 | DN73: 0 | DO73: 0 | DP73: 1 | DQ73: 1 | DU73: 1009 | DV73: т | DW73: т | DX73: 1000 | EE73: 39174529 | EF73: 2 | EG73: Общестроительные работы | EH73: 0 | EJ73: 1 | EK73: 15001 | EL73: Отделочные работы | EM73: ФЕР-15 | EQ73: 0 | ER73: 0 | ES73: 0 | ET73: 0 | EU73: 0 | EV73: 0 | EW73: 0 | EX73: 0 | FQ73: 0 | FR73: =ROUND(IF(AND(BH73=3,BI73=3),P73,0),2) -> 0 | FS73: 0 | FT73: *0,9 | FU73: *0,85 | FX73: 94.5 | FY73: 46.75 | GD73: 0 | GF73: 1891904026 | GG73: 1 | GH73: 1 | GI73: 4 | GJ73: 0 | GK73: =ROUND(R73*(S12)/100,2) -> 0 | GL73: =ROUND(IF(AND(BH73=3,BI73=3,FS73<>0),P73,0),2) -> 0 | GM73: =ROUND(O73+X73+Y73+GK73,2)+GX73 -> 0 | GN73: =IF(OR(BI73=0,BI73=1),ROUND(O73+X73+Y73+GK73,2),0) -> 0 | GO73: =IF(BI73=2,ROUND(O73+X73+Y73+GK73,2),0) -> 0 | GP73: =IF(BI73=4,ROUND(O73+X73+Y73+GK73,2)+GX73,0) -> 0 | GR73: 0 | GS73: 3 | GT73: 0 | GV73: =ROUND(GT73,2) -> 0 | GW73: 1 | GX73: =ROUND(GV73*GW73*I73,2) -> 0 | HA73: 0 | HB73: 0 | IK73: 0
A74: 17 | B74: 1 | C74: =ROW(SmtRes!A140) -> 140 | D74: =ROW(EtalonRes!A129) -> 129 | E74: 10 | F74: 09-04-012-01 | G74: Установка металлических дверных блоков в готовые проемы | H74: м2 | I74: 6 | J74: 0 | O74: =ROUND(CP74,2) -> 426.66 | P74: =ROUND(CQ74*I74,2) -> 154.32 | Q74: =ROUND(CR74*I74,2) -> 108.06 | R74: =ROUND(CS74*I74,2) -> 14.76 | S74: =ROUND(CT74*I74,2) -> 164.28 | T74: =ROUND(CU74*I74,2) -> 0 | U74: =CV74*I74 -> 16.56 | V74: =CW74*I74 -> 1.275 | W74: =ROUND(CX74*I74,2) -> 0 | X74: =ROUND(CY74,2) -> 145.02 | Y74: =ROUND(CZ74,2) -> 128.91 | AA74: 39500385 | AB74: =ROUND((AC74+AD74+AF74),2) -> 71.11 | AC74: =ROUND((ES74),2) -> 25.72 | AD74: =ROUND(((((ET74*1.25))-((EU74*1.25)))+AE74),2) -> 18.01 | AE74: =ROUND(((EU74*1.25)),2) -> 2.46 | AF74: =ROUND(((EV74*1.15)),2) -> 27.38 | AG74: =ROUND((AP74),2) -> 0 | AH74: =((EW74*1.15)) -> 2.76 | AI74: =((EX74*1.25)) -> 0.2125 | AJ74: =ROUND((AS74),2) -> 0 | AK74: 63.94 | AL74: 25.72 | AM74: 14.41 | AN74: 1.97 | AO74: 23.81 | AP74: 0 | AQ74: 2.4 | AR74: 0.17 | AS74: 0 | AT74: 81 | AU74: 72 | AV74: 1 | AW74: 1 | AZ74: 1 | BA74: 1 | BB74: 1 | BC74: 1 | BH74: 0 | BI74: 1 | BJ74: ФЕР-2001, 09-04-012-01, приказ Минстроя России №1039/пр от 30.12.2016г. | BM74: 9001 | BN74: 0 | BP74: 0 | BQ74: 2 | BR74: 0 | BS74: 1 | BT74: 1 | BU74: 1 | BV74: 1 | BW74: 1 | BX74: 1 | BZ74: 90 | CA74: 85 | CF74: 0 | CG74: 0 | CM74: 0 | CN74: Поправка: МДС 81-35.2004, п.4.7 Наименование: Работы, выполняемые при реконструкции зданий и сооружений работы, аналогичные технологическим процессам в новом строительстве (в том числе возведение новых конструктивных элементов) стоимость которых определена по соответствующим сборникам ФЕР, кроме сборника № 46 «Работы при реконструкции зданий и сооружений» | CO74: 0 | CP74: =(P74+Q74+S74) -> 426.66 | CQ74: =AC74*BC74 -> 25.72 | CR74: =AD74*BB74 -> 18.01 | CS74: =AE74*BS74 -> 2.46 | CT74: =AF74*BA74 -> 27.38 | CU74: =AG74 -> 0 | CV74: =AH74 -> 2.76 | CW74: =AI74 -> 0.2125 | CX74: =AJ74 -> 0 | CY74: =(((S74+R74)*AT74)/100) -> 145.0224 | CZ74: =(((S74+R74)*AU74)/100) -> 128.9088 | DE74: )*1,25 | DF74: )*1,25 | DG74: )*1,15 | DI74: )*1,15 | DJ74: )*1,25 | DN74: 0 | DO74: 0 | DP74: 1 | DQ74: 1 | DU74: 1005 | DV74: м2 | DW74: м2 | DX74: 1 | EE74: 39174502 | EF74: 2 | EG74: Общестроительные работы | EH74: 0 | EJ74: 1 | EK74: 9001 | EL74: Металлические конструкции | EM74: ФЕР-09 | EO74: Поправка: МДС 81-35.2004, п.4.7 | EQ74: 0 | ER74: 63.94 | ES74: 25.72 | ET74: 14.41 | EU74: 1.97 | EV74: 23.81 | EW74: 2.4 | EX74: 0.17 | EY74: 0 | FQ74: 0 | FR74: =ROUND(IF(AND(BH74=3,BI74=3),P74,0),2) -> 0 | FS74: 0 | FT74: *0,9 | FU74: *0,85 | FX74: 81 | FY74: 72.25 | GD74: 0 | GF74: 1555078569 | GG74: 2 | GH74: 1 | GI74: -2 | GJ74: 0 | GK74: =ROUND(R74*(R12)/100,2) -> 0 | GL74: =ROUND(IF(AND(BH74=3,BI74=3,FS74<>0),P74,0),2) -> 0 | GM74: =ROUND(O74+X74+Y74+GK74,2)+GX74 -> 700.59 | GN74: =IF(OR(BI74=0,BI74=1),ROUND(O74+X74+Y74+GK74,2),0) -> 700.59 | GO74: =IF(BI74=2,ROUND(O74+X74+Y74+GK74,2),0) -> 0 | GP74: =IF(BI74=4,ROUND(O74+X74+Y74+GK74,2)+GX74,0) -> 0 | GR74: 0 | GS74: 3 | GT74: 0 | GV74: =ROUND(GT74,2) -> 0 | GW74: 1 | GX74: =ROUND(GV74*GW74*I74,2) -> 0 | HA74: 0 | HB74: 0 | IK74: 0
A75: 17 | B75: 1 | C75: =ROW(SmtRes!A150) -> 150 | D75: =ROW(EtalonRes!A138) -> 138 | E75: 10 | F75: 09-04-012-01 | G75: Установка металлических дверных блоков в готовые проемы | H75: м2 | I75: 6 | J75: 0 | O75: =ROUND(CP75,2) -> 2841.55 | P75: =ROUND(CQ75*I75,2) -> 1027.77 | Q75: =ROUND(CR75*I75,2) -> 719.68 | R75: =ROUND(CS75*I75,2) -> 98.3 | S75: =ROUND(CT75*I75,2) -> 1094.1 | T75: =ROUND(CU75*I75,2) -> 0 | U75: =CV75*I75 -> 16.56 | V75: =CW75*I75 -> 1.275 | W75: =ROUND(CX75*I75,2) -> 0 | X75: =ROUND(CY75,2) -> 965.84 | Y75: =ROUND(CZ75,2) -> 858.53 | AA75: 39500386 | AB75: =ROUND((AC75+AD75+AF75),2) -> 71.11 | AC75: =ROUND((ES75),2) -> 25.72 | AD75: =ROUND(((((ET75*1.25))-((EU75*1.25)))+AE75),2) -> 18.01 | AE75: =ROUND(((EU75*1.25)),2) -> 2.46 | AF75: =ROUND(((EV75*1.15)),2) -> 27.38 | AG75: =ROUND((AP75),2) -> 0 | AH75: =((EW75*1.15)) -> 2.76 | AI75: =((EX75*1.25)) -> 0.2125 | AJ75: =ROUND((AS75),2) -> 0 | AK75: 63.94 | AL75: 25.72 | AM75: 14.41 | AN75: 1.97 | AO75: 23.81 | AP75: 0 | AQ75: 2.4 | AR75: 0.17 | AS75: 0 | AT75: 81 | AU75: 72 | AV75: 1 | AW75: 1 | AZ75: 6.66 | BA75: 6.66 | BB75: 6.66 | BC75: 6.66 | BH75: 0 | BI75: 1 | BJ75: ФЕР-2001, 09-04-012-01, приказ Минстроя России №1039/пр от 30.12.2016г. | BM75: 9001 | BN75: 0 | BP75: 0 | BQ75: 2 | BR75: 0 | BS75: 6.66 | BT75: 1 | BU75: 1 | BV75: 1 | BW75: 1 | BX75: 1 | BZ75: 90 | CA75: 85 | CF75: 0 | CG75: 0 | CM75: 0 | CN75: Поправка: МДС 81-35.2004, п.4.7 Наименование: Работы, выполняемые при реконструкции зданий и сооружений работы, аналогичные технологическим процессам в новом строительстве (в том числе возведение новых конструктивных элементов) стоимость которых определена по соответствующим сборникам ФЕР, кроме сборника № 46 «Работы при реконструкции зданий и сооружений» | CO75: 0 | CP75: =(P75+Q75+S75) -> 2841.55 | CQ75: =AC75*BC75 -> 171.2952 | CR75: =AD75*BB75 -> 119.9466 | CS75: =AE75*BS75 -> 16.3836 | CT75: =AF75*BA75 -> 182.3508 | CU75: =AG75 -> 0 | CV75: =AH75 -> 2.76 | CW75: =AI75 -> 0.2125 | CX75: =AJ75 -> 0 | CY75: =(((S75+R75)*AT75)/100) -> 965.844 | CZ75: =(((S75+R75)*AU75)/100) -> 858.528 | DE75: )*1,25 | DF75: )*1,25 | DG75: )*1,15 | DI75: )*1,15 | DJ75: )*1,25 | DN75: 0 | DO75: 0 | DP75: 1 | DQ75: 1 | DU75: 1005 | DV75: м2 | DW75: м2 | DX75: 1 | EE75: 39174502 | EF75: 2 | EG75: Общестроительные работы | EH75: 0 | EJ75: 1 | EK75: 9001 | EL75: Металлические конструкции | EM75: ФЕР-09 | EO75: Поправка: МДС 81-35.2004, п.4.7 | EQ75: 0 | ER75: 63.94 | ES75: 25.72 | ET75: 14.41 | EU75: 1.97 | EV75: 23.81 | EW75: 2.4 | EX75: 0.17 | EY75: 0 | FQ75: 0 | FR75: =ROUND(IF(AND(BH75=3,BI75=3),P75,0),2) -> 0 | FS75: 0 | FT75: *0,9 | FU75: *0,85 | FX75: 81 | FY75: 72.25 | GD75: 0 | GF75: 1555078569 | GG75: 1 | GH75: 1 | GI75: 4 | GJ75: 0 | GK75: =ROUND(R75*(S12)/100,2) -> 0 | GL75: =ROUND(IF(AND(BH75=3,BI75=3,FS75<>0),P75,0),2) -> 0 | GM75: =ROUND(O75+X75+Y75+GK75,2)+GX75 -> 4665.92 | GN75: =IF(OR(BI75=0,BI75=1),ROUND(O75+X75+Y75+GK75,2),0) -> 4665.92 | GO75: =IF(BI75=2,ROUND(O75+X75+Y75+GK75,2),0) -> 0 | GP75: =IF(BI75=4,ROUND(O75+X75+Y75+GK75,2)+GX75,0) -> 0 | GR75: 0 | GS75: 3 | GT75: 0 | GV75: =ROUND(GT75,2) -> 0 | GW75: 1 | GX75: =ROUND(GV75*GW75*I75,2) -> 0 | HA75: 0 | HB75: 0 | IK75: 0
A76: 18 | B76: 1 | C76: 139 | E76: 10,1 | F76: 09.4.02.03-0002 | G76: Двери распашные двупольные из алюминиевыз сплавов (согласно тех.задания) | H76: шт. | I76: =I74*J76 -> 1 | J76: 0.16666667 | O76: =ROUND(CP76,2) -> 10114.73 | P76: =ROUND(CQ76*I76,2) -> 10114.73 | Q76: =ROUND(CR76*I76,2) -> 0 | R76: =ROUND(CS76*I76,2) -> 0 | S76: =ROUND(CT76*I76,2) -> 0 | T76: =ROUND(CU76*I76,2) -> 0 | U76: =CV76*I76 -> 0 | V76: =CW76*I76 -> 0 | W76: =ROUND(CX76*I76,2) -> 0 | X76: =ROUND(CY76,2) -> 0 | Y76: =ROUND(CZ76,2) -> 0 | AA76: 39500385 | AB76: =ROUND((AC76+AD76+AF76),2) -> 10114.73 | AC76: =ROUND((ES76),2) -> 10114.73 | AD76: =ROUND((((ET76)-(EU76))+AE76),2) -> 0 | AE76: =ROUND((EU76),2) -> 0 | AF76: =ROUND((EV76),2) -> 0 | AG76: =ROUND((AP76),2) -> 0 | AH76: =(EW76) -> 0 | AI76: =(EX76) -> 0 | AJ76: =ROUND((AS76),2) -> 0 | AK76: 10114.73 | AL76: 10114.73 | AM76: 0 | AN76: 0 | AO76: 0 | AP76: 0 | AQ76: 0 | AR76: 0 | AS76: 0 | AT76: 81 | AU76: 72 | AV76: 1 | AW76: 1 | AZ76: 1 | BA76: 1 | BB76: 1 | BC76: 1 | BH76: 3 | BI76: 1 | BJ76: ФССЦ-2001, 09.4.02.03-0002, приказ Минстроя России №1039/пр от 30.12.2016г. | BM76: 9001 | BN76: 0 | BP76: 0 | BQ76: 2 | BR76: 0 | BS76: 1 | BT76: 1 | BU76: 1 | BV76: 1 | BW76: 1 | BX76: 1 | BZ76: 90 | CA76: 85 | CF76: 0 | CG76: 0 | CM76: 0 | CO76: 0 | CP76: =(P76+Q76+S76) -> 10114.73 | CQ76: =AC76*BC76 -> 10114.73 | CR76: =AD76*BB76 -> 0 | CS76: =AE76*BS76 -> 0 | CT76: =AF76*BA76 -> 0 | CU76: =AG76 -> 0 | CV76: =AH76 -> 0 | CW76: =AI76 -> 0 | CX76: =AJ76 -> 0 | CY76: =(((S76+R76)*AT76)/100) -> 0 | CZ76: =(((S76+R76)*AU76)/100) -> 0 | DN76: 0 | DO76: 0 | DP76: 1 | DQ76: 1 | DU76: 1010 | DV76: шт. | DW76: шт. | DX76: 1 | EE76: 39174502 | EF76: 2 | EG76: Общестроительные работы | EH76: 0 | EJ76: 1 | EK76: 9001 | EL76: Металлические конструкции | EM76: ФЕР-09 | EQ76: 0 | ER76: 10114.73 | ES76: 10114.73 | ET76: 0 | EU76: 0 | EV76: 0 | EW76: 0 | EX76: 0 | FQ76: 0 | FR76: =ROUND(IF(AND(BH76=3,BI76=3),P76,0),2) -> 0 | FS76: 0 | FT76: *0,9 | FU76: *0,85 | FX76: 81 | FY76: 72.25 | GD76: 0 | GF76: -759447027 | GG76: 2 | GH76: 1 | GI76: -2 | GJ76: 0 | GK76: =ROUND(R76*(R12)/100,2) -> 0 | GL76: =ROUND(IF(AND(BH76=3,BI76=3,FS76<>0),P76,0),2) -> 0 | GM76: =ROUND(O76+X76+Y76+GK76,2)+GX76 -> 10114.73 | GN76: =IF(OR(BI76=0,BI76=1),ROUND(O76+X76+Y76+GK76,2),0) -> 10114.73 | GO76: =IF(BI76=2,ROUND(O76+X76+Y76+GK76,2),0) -> 0 | GP76: =IF(BI76=4,ROUND(O76+X76+Y76+GK76,2)+GX76,0) -> 0 | GR76: 0 | GS76: 3 | GT76: 0 | GV76: =ROUND(GT76,2) -> 0 | GW76: 1 | GX76: =ROUND(GV76*GW76*I76,2) -> 0 | HA76: 0 | HB76: 0 | IK76: 0
A77: 18 | B77: 1 | C77: 149 | E77: 10,1 | F77: 09.4.02.03-0002 | G77: Двери распашные двупольные из алюминиевыз сплавов (согласно тех.задания) | H77: шт. | I77: =I75*J77 -> 1 | J77: 0.16666667 | O77: =ROUND(CP77,2) -> 67364.1 | P77: =ROUND(CQ77*I77,2) -> 67364.1 | Q77: =ROUND(CR77*I77,2) -> 0 | R77: =ROUND(CS77*I77,2) -> 0 | S77: =ROUND(CT77*I77,2) -> 0 | T77: =ROUND(CU77*I77,2) -> 0 | U77: =CV77*I77 -> 0 | V77: =CW77*I77 -> 0 | W77: =ROUND(CX77*I77,2) -> 0 | X77: =ROUND(CY77,2) -> 0 | Y77: =ROUND(CZ77,2) -> 0 | AA77: 39500386 | AB77: =ROUND((AC77+AD77+AF77),2) -> 10114.73 | AC77: =ROUND((ES77),2) -> 10114.73 | AD77: =ROUND((((ET77)-(EU77))+AE77),2) -> 0 | AE77: =ROUND((EU77),2) -> 0 | AF77: =ROUND((EV77),2) -> 0 | AG77: =ROUND((AP77),2) -> 0 | AH77: =(EW77) -> 0 | AI77: =(EX77) -> 0 | AJ77: =ROUND((AS77),2) -> 0 | AK77: 10114.73 | AL77: 10114.73 | AM77: 0 | AN77: 0 | AO77: 0 | AP77: 0 | AQ77: 0 | AR77: 0 | AS77: 0 | AT77: 81 | AU77: 72 | AV77: 1 | AW77: 1 | AZ77: 6.66 | BA77: 1 | BB77: 1 | BC77: 6.66 | BH77: 3 | BI77: 1 | BJ77: ФССЦ-2001, 09.4.02.03-0002, приказ Минстроя России №1039/пр от 30.12.2016г. | BM77: 9001 | BN77: 0 | BP77: 0 | BQ77: 2 | BR77: 0 | BS77: 1 | BT77: 1 | BU77: 1 | BV77: 1 | BW77: 1 | BX77: 1 | BZ77: 90 | CA77: 85 | CF77: 0 | CG77: 0 | CM77: 0 | CO77: 0 | CP77: =(P77+Q77+S77) -> 67364.1 | CQ77: =AC77*BC77 -> 67364.102 | CR77: =AD77*BB77 -> 0 | CS77: =AE77*BS77 -> 0 | CT77: =AF77*BA77 -> 0 | CU77: =AG77 -> 0 | CV77: =AH77 -> 0 | CW77: =AI77 -> 0 | CX77: =AJ77 -> 0 | CY77: =(((S77+R77)*AT77)/100) -> 0 | CZ77: =(((S77+R77)*AU77)/100) -> 0 | DN77: 0 | DO77: 0 | DP77: 1 | DQ77: 1 | DU77: 1010 | DV77: шт. | DW77: шт. | DX77: 1 | EE77: 39174502 | EF77: 2 | EG77: Общестроительные работы | EH77: 0 | EJ77: 1 | EK77: 9001 | EL77: Металлические конструкции | EM77: ФЕР-09 | EQ77: 0 | ER77: 10114.73 | ES77: 10114.73 | ET77: 0 | EU77: 0 | EV77: 0 | EW77: 0 | EX77: 0 | FQ77: 0 | FR77: =ROUND(IF(AND(BH77=3,BI77=3),P77,0),2) -> 0 | FS77: 0 | FT77: *0,9 | FU77: *0,85 | FX77: 81 | FY77: 72.25 | GD77: 0 | GF77: -759447027 | GG77: 1 | GH77: 1 | GI77: 4 | GJ77: 0 | GK77: =ROUND(R77*(S12)/100,2) -> 0 | GL77: =ROUND(IF(AND(BH77=3,BI77=3,FS77<>0),P77,0),2) -> 0 | GM77: =ROUND(O77+X77+Y77+GK77,2)+GX77 -> 67364.1 | GN77: =IF(OR(BI77=0,BI77=1),ROUND(O77+X77+Y77+GK77,2),0) -> 67364.1 | GO77: =IF(BI77=2,ROUND(O77+X77+Y77+GK77,2),0) -> 0 | GP77: =IF(BI77=4,ROUND(O77+X77+Y77+GK77,2)+GX77,0) -> 0 | GR77: 0 | GS77: 3 | GT77: 0 | GV77: =ROUND(GT77,2) -> 0 | GW77: 1 | GX77: =ROUND(GV77*GW77*I77,2) -> 0 | HA77: 0 | HB77: 0 | IK77: 0
A78: 18 | B78: 1 | C78: 138 | E78: 10,2 | F78: 09.4.02.02-0012 | G78: Двери распашные однопольные из алюминиевых сплавов (согласно тех. задания) | H78: шт. | I78: =I74*J78 -> 3 | J78: 0.5 | O78: =ROUND(CP78,2) -> 20907.36 | P78: =ROUND(CQ78*I78,2) -> 20907.36 | Q78: =ROUND(CR78*I78,2) -> 0 | R78: =ROUND(CS78*I78,2) -> 0 | S78: =ROUND(CT78*I78,2) -> 0 | T78: =ROUND(CU78*I78,2) -> 0 | U78: =CV78*I78 -> 0 | V78: =CW78*I78 -> 0 | W78: =ROUND(CX78*I78,2) -> 0 | X78: =ROUND(CY78,2) -> 0 | Y78: =ROUND(CZ78,2) -> 0 | AA78: 39500385 | AB78: =ROUND((AC78+AD78+AF78),2) -> 6969.12 | AC78: =ROUND((ES78),2) -> 6969.12 | AD78: =ROUND((((ET78)-(EU78))+AE78),2) -> 0 | AE78: =ROUND((EU78),2) -> 0 | AF78: =ROUND((EV78),2) -> 0 | AG78: =ROUND((AP78),2) -> 0 | AH78: =(EW78) -> 0 | AI78: =(EX78) -> 0 | AJ78: =ROUND((AS78),2) -> 0 | AK78: 6969.12 | AL78: 6969.12 | AM78: 0 | AN78: 0 | AO78: 0 | AP78: 0 | AQ78: 0 | AR78: 0 | AS78: 0 | AT78: 81 | AU78: 72 | AV78: 1 | AW78: 1 | AZ78: 1 | BA78: 1 | BB78: 1 | BC78: 1 | BH78: 3 | BI78: 1 | BJ78: ФССЦ-2001, 09.4.02.02-0012, приказ Минстроя России №1039/пр от 30.12.2016г. | BM78: 9001 | BN78: 0 | BP78: 0 | BQ78: 2 | BR78: 0 | BS78: 1 | BT78: 1 | BU78: 1 | BV78: 1 | BW78: 1 | BX78: 1 | BZ78: 90 | CA78: 85 | CF78: 0 | CG78: 0 | CM78: 0 | CO78: 0 | CP78: =(P78+Q78+S78) -> 20907.36 | CQ78: =AC78*BC78 -> 6969.12 | CR78: =AD78*BB78 -> 0 | CS78: =AE78*BS78 -> 0 | CT78: =AF78*BA78 -> 0 | CU78: =AG78 -> 0 | CV78: =AH78 -> 0 | CW78: =AI78 -> 0 | CX78: =AJ78 -> 0 | CY78: =(((S78+R78)*AT78)/100) -> 0 | CZ78: =(((S78+R78)*AU78)/100) -> 0 | DN78: 0 | DO78: 0 | DP78: 1 | DQ78: 1 | DU78: 1010 | DV78: шт. | DW78: шт. | DX78: 1 | EE78: 39174502 | EF78: 2 | EG78: Общестроительные работы | EH78: 0 | EJ78: 1 | EK78: 9001 | EL78: Металлические конструкции | EM78: ФЕР-09 | EQ78: 0 | ER78: 6969.12 | ES78: 6969.12 | ET78: 0 | EU78: 0 | EV78: 0 | EW78: 0 | EX78: 0 | FQ78: 0 | FR78: =ROUND(IF(AND(BH78=3,BI78=3),P78,0),2) -> 0 | FS78: 0 | FT78: *0,9 | FU78: *0,85 | FX78: 81 | FY78: 72.25 | GD78: 0 | GF78: 1106545765 | GG78: 2 | GH78: 1 | GI78: -2 | GJ78: 0 | GK78: =ROUND(R78*(R12)/100,2) -> 0 | GL78: =ROUND(IF(AND(BH78=3,BI78=3,FS78<>0),P78,0),2) -> 0 | GM78: =ROUND(O78+X78+Y78+GK78,2)+GX78 -> 20907.36 | GN78: =IF(OR(BI78=0,BI78=1),ROUND(O78+X78+Y78+GK78,2),0) -> 20907.36 | GO78: =IF(BI78=2,ROUND(O78+X78+Y78+GK78,2),0) -> 0 | GP78: =IF(BI78=4,ROUND(O78+X78+Y78+GK78,2)+GX78,0) -> 0 | GR78: 0 | GS78: 3 | GT78: 0 | GV78: =ROUND(GT78,2) -> 0 | GW78: 1 | GX78: =ROUND(GV78*GW78*I78,2) -> 0 | HA78: 0 | HB78: 0 | IK78: 0
A79: 18 | B79: 1 | C79: 148 | E79: 10,2 | F79: 09.4.02.02-0012 | G79: Двери распашные однопольные из алюминиевых сплавов (согласно тех. задания) | H79: шт. | I79: =I75*J79 -> 3 | J79: 0.5 | O79: =ROUND(CP79,2) -> 139243.02 | P79: =ROUND(CQ79*I79,2) -> 139243.02 | Q79: =ROUND(CR79*I79,2) -> 0 | R79: =ROUND(CS79*I79,2) -> 0 | S79: =ROUND(CT79*I79,2) -> 0 | T79: =ROUND(CU79*I79,2) -> 0 | U79: =CV79*I79 -> 0 | V79: =CW79*I79 -> 0 | W79: =ROUND(CX79*I79,2) -> 0 | X79: =ROUND(CY79,2) -> 0 | Y79: =ROUND(CZ79,2) -> 0 | AA79: 39500386 | AB79: =ROUND((AC79+AD79+AF79),2) -> 6969.12 | AC79: =ROUND((ES79),2) -> 6969.12 | AD79: =ROUND((((ET79)-(EU79))+AE79),2) -> 0 | AE79: =ROUND((EU79),2) -> 0 | AF79: =ROUND((EV79),2) -> 0 | AG79: =ROUND((AP79),2) -> 0 | AH79: =(EW79) -> 0 | AI79: =(EX79) -> 0 | AJ79: =ROUND((AS79),2) -> 0 | AK79: 6969.12 | AL79: 6969.12 | AM79: 0 | AN79: 0 | AO79: 0 | AP79: 0 | AQ79: 0 | AR79: 0 | AS79: 0 | AT79: 81 | AU79: 72 | AV79: 1 | AW79: 1 | AZ79: 6.66 | BA79: 1 | BB79: 1 | BC79: 6.66 | BH79: 3 | BI79: 1 | BJ79: ФССЦ-2001, 09.4.02.02-0012, приказ Минстроя России №1039/пр от 30.12.2016г. | BM79: 9001 | BN79: 0 | BP79: 0 | BQ79: 2 | BR79: 0 | BS79: 1 | BT79: 1 | BU79: 1 | BV79: 1 | BW79: 1 | BX79: 1 | BZ79: 90 | CA79: 85 | CF79: 0 | CG79: 0 | CM79: 0 | CO79: 0 | CP79: =(P79+Q79+S79) -> 139243.02 | CQ79: =AC79*BC79 -> 46414.339 | CR79: =AD79*BB79 -> 0 | CS79: =AE79*BS79 -> 0 | CT79: =AF79*BA79 -> 0 | CU79: =AG79 -> 0 | CV79: =AH79 -> 0 | CW79: =AI79 -> 0 | CX79: =AJ79 -> 0 | CY79: =(((S79+R79)*AT79)/100) -> 0 | CZ79: =(((S79+R79)*AU79)/100) -> 0 | DN79: 0 | DO79: 0 | DP79: 1 | DQ79: 1 | DU79: 1010 | DV79: шт. | DW79: шт. | DX79: 1 | EE79: 39174502 | EF79: 2 | EG79: Общестроительные работы | EH79: 0 | EJ79: 1 | EK79: 9001 | EL79: Металлические конструкции | EM79: ФЕР-09 | EQ79: 0 | ER79: 6969.12 | ES79: 6969.12 | ET79: 0 | EU79: 0 | EV79: 0 | EW79: 0 | EX79: 0 | FQ79: 0 | FR79: =ROUND(IF(AND(BH79=3,BI79=3),P79,0),2) -> 0 | FS79: 0 | FT79: *0,9 | FU79: *0,85 | FX79: 81 | FY79: 72.25 | GD79: 0 | GF79: 1106545765 | GG79: 1 | GH79: 1 | GI79: 4 | GJ79: 0 | GK79: =ROUND(R79*(S12)/100,2) -> 0 | GL79: =ROUND(IF(AND(BH79=3,BI79=3,FS79<>0),P79,0),2) -> 0 | GM79: =ROUND(O79+X79+Y79+GK79,2)+GX79 -> 139243.02 | GN79: =IF(OR(BI79=0,BI79=1),ROUND(O79+X79+Y79+GK79,2),0) -> 139243.02 | GO79: =IF(BI79=2,ROUND(O79+X79+Y79+GK79,2),0) -> 0 | GP79: =IF(BI79=4,ROUND(O79+X79+Y79+GK79,2)+GX79,0) -> 0 | GR79: 0 | GS79: 3 | GT79: 0 | GV79: =ROUND(GT79,2) -> 0 | GW79: 1 | GX79: =ROUND(GV79*GW79*I79,2) -> 0 | HA79: 0 | HB79: 0 | IK79: 0
A80: 18 | B80: 1 | C80: 136 | E80: 10,3 | F80: 07.1.01.03 | G80: Блоки дверные металлические | H80: м2 | I80: =I74*J80 -> 6 | J80: 1 | O80: =ROUND(CP80,2) -> 0 | P80: =ROUND(CQ80*I80,2) -> 0 | Q80: =ROUND(CR80*I80,2) -> 0 | R80: =ROUND(CS80*I80,2) -> 0 | S80: =ROUND(CT80*I80,2) -> 0 | T80: =ROUND(CU80*I80,2) -> 0 | U80: =CV80*I80 -> 0 | V80: =CW80*I80 -> 0 | W80: =ROUND(CX80*I80,2) -> 0 | X80: =ROUND(CY80,2) -> 0 | Y80: =ROUND(CZ80,2) -> 0 | AA80: 39500385 | AB80: =ROUND((AC80+AD80+AF80),2) -> 0 | AC80: =ROUND((ES80),2) -> 0 | AD80: =ROUND((((ET80)-(EU80))+AE80),2) -> 0 | AE80: =ROUND((EU80),2) -> 0 | AF80: =ROUND((EV80),2) -> 0 | AG80: =ROUND((AP80),2) -> 0 | AH80: =(EW80) -> 0 | AI80: =(EX80) -> 0 | AJ80: =ROUND((AS80),2) -> 0 | AK80: 0 | AL80: 0 | AM80: 0 | AN80: 0 | AO80: 0 | AP80: 0 | AQ80: 0 | AR80: 0 | AS80: 0 | AT80: 81 | AU80: 72 | AV80: 1 | AW80: 1 | AZ80: 1 | BA80: 1 | BB80: 1 | BC80: 1 | BH80: 3 | BI80: 1 | BM80: 9001 | BN80: 0 | BP80: 0 | BQ80: 2 | BR80: 0 | BS80: 1 | BT80: 1 | BU80: 1 | BV80: 1 | BW80: 1 | BX80: 1 | BZ80: 90 | CA80: 85 | CF80: 0 | CG80: 0 | CM80: 0 | CO80: 0 | CP80: =(P80+Q80+S80) -> 0 | CQ80: =AC80*BC80 -> 0 | CR80: =AD80*BB80 -> 0 | CS80: =AE80*BS80 -> 0 | CT80: =AF80*BA80 -> 0 | CU80: =AG80 -> 0 | CV80: =AH80 -> 0 | CW80: =AI80 -> 0 | CX80: =AJ80 -> 0 | CY80: =(((S80+R80)*AT80)/100) -> 0 | CZ80: =(((S80+R80)*AU80)/100) -> 0 | DN80: 0 | DO80: 0 | DP80: 1 | DQ80: 1 | DU80: 1005 | DV80: м2 | DW80: м2 | DX80: 1 | EE80: 39174502 | EF80: 2 | EG80: Общестроительные работы | EH80: 0 | EJ80: 1 | EK80: 9001 | EL80: Металлические конструкции | EM80: ФЕР-09 | EQ80: 0 | ER80: 0 | ES80: 0 | ET80: 0 | EU80: 0 | EV80: 0 | EW80: 0 | EX80: 0 | FQ80: 0 | FR80: =ROUND(IF(AND(BH80=3,BI80=3),P80,0),2) -> 0 | FS80: 0 | FT80: *0,9 | FU80: *0,85 | FX80: 81 | FY80: 72.25 | GD80: 0 | GF80: -1261857363 | GG80: 2 | GH80: 1 | GI80: -2 | GJ80: 0 | GK80: =ROUND(R80*(R12)/100,2) -> 0 | GL80: =ROUND(IF(AND(BH80=3,BI80=3,FS80<>0),P80,0),2) -> 0 | GM80: =ROUND(O80+X80+Y80+GK80,2)+GX80 -> 0 | GN80: =IF(OR(BI80=0,BI80=1),ROUND(O80+X80+Y80+GK80,2),0) -> 0 | GO80: =IF(BI80=2,ROUND(O80+X80+Y80+GK80,2),0) -> 0 | GP80: =IF(BI80=4,ROUND(O80+X80+Y80+GK80,2)+GX80,0) -> 0 | GR80: 0 | GS80: 3 | GT80: 0 | GV80: =ROUND(GT80,2) -> 0 | GW80: 1 | GX80: =ROUND(GV80*GW80*I80,2) -> 0 | HA80: 0 | HB80: 0 | IK80: 0
A81: 18 | B81: 1 | C81: 146 | E81: 10,3 | F81: 07.1.01.03 | G81: Блоки дверные металлические | H81: м2 | I81: =I75*J81 -> 6 | J81: 1 | O81: =ROUND(CP81,2) -> 0 | P81: =ROUND(CQ81*I81,2) -> 0 | Q81: =ROUND(CR81*I81,2) -> 0 | R81: =ROUND(CS81*I81,2) -> 0 | S81: =ROUND(CT81*I81,2) -> 0 | T81: =ROUND(CU81*I81,2) -> 0 | U81: =CV81*I81 -> 0 | V81: =CW81*I81 -> 0 | W81: =ROUND(CX81*I81,2) -> 0 | X81: =ROUND(CY81,2) -> 0 | Y81: =ROUND(CZ81,2) -> 0 | AA81: 39500386 | AB81: =ROUND((AC81+AD81+AF81),2) -> 0 | AC81: =ROUND((ES81),2) -> 0 | AD81: =ROUND((((ET81)-(EU81))+AE81),2) -> 0 | AE81: =ROUND((EU81),2) -> 0 | AF81: =ROUND((EV81),2) -> 0 | AG81: =ROUND((AP81),2) -> 0 | AH81: =(EW81) -> 0 | AI81: =(EX81) -> 0 | AJ81: =ROUND((AS81),2) -> 0 | AK81: 0 | AL81: 0 | AM81: 0 | AN81: 0 | AO81: 0 | AP81: 0 | AQ81: 0 | AR81: 0 | AS81: 0 | AT81: 81 | AU81: 72 | AV81: 1 | AW81: 1 | AZ81: 6.66 | BA81: 1 | BB81: 1 | BC81: 6.66 | BH81: 3 | BI81: 1 | BM81: 9001 | BN81: 0 | BP81: 0 | BQ81: 2 | BR81: 0 | BS81: 1 | BT81: 1 | BU81: 1 | BV81: 1 | BW81: 1 | BX81: 1 | BZ81: 90 | CA81: 85 | CF81: 0 | CG81: 0 | CM81: 0 | CO81: 0 | CP81: =(P81+Q81+S81) -> 0 | CQ81: =AC81*BC81 -> 0 | CR81: =AD81*BB81 -> 0 | CS81: =AE81*BS81 -> 0 | CT81: =AF81*BA81 -> 0 | CU81: =AG81 -> 0 | CV81: =AH81 -> 0 | CW81: =AI81 -> 0 | CX81: =AJ81 -> 0 | CY81: =(((S81+R81)*AT81)/100) -> 0 | CZ81: =(((S81+R81)*AU81)/100) -> 0 | DN81: 0 | DO81: 0 | DP81: 1 | DQ81: 1 | DU81: 1005 | DV81: м2 | DW81: м2 | DX81: 1 | EE81: 39174502 | EF81: 2 | EG81: Общестроительные работы | EH81: 0 | EJ81: 1 | EK81: 9001 | EL81: Металлические конструкции | EM81: ФЕР-09 | EQ81: 0 | ER81: 0 | ES81: 0 | ET81: 0 | EU81: 0 | EV81: 0 | EW81: 0 | EX81: 0 | FQ81: 0 | FR81: =ROUND(IF(AND(BH81=3,BI81=3),P81,0),2) -> 0 | FS81: 0 | FT81: *0,9 | FU81: *0,85 | FX81: 81 | FY81: 72.25 | GD81: 0 | GF81: -1261857363 | GG81: 1 | GH81: 1 | GI81: 4 | GJ81: 0 | GK81: =ROUND(R81*(S12)/100,2) -> 0 | GL81: =ROUND(IF(AND(BH81=3,BI81=3,FS81<>0),P81,0),2) -> 0 | GM81: =ROUND(O81+X81+Y81+GK81,2)+GX81 -> 0 | GN81: =IF(OR(BI81=0,BI81=1),ROUND(O81+X81+Y81+GK81,2),0) -> 0 | GO81: =IF(BI81=2,ROUND(O81+X81+Y81+GK81,2),0) -> 0 | GP81: =IF(BI81=4,ROUND(O81+X81+Y81+GK81,2)+GX81,0) -> 0 | GR81: 0 | GS81: 3 | GT81: 0 | GV81: =ROUND(GT81,2) -> 0 | GW81: 1 | GX81: =ROUND(GV81*GW81*I81,2) -> 0 | HA81: 0 | HB81: 0 | IK81: 0
A82: 17 | B82: 1 | C82: =ROW(SmtRes!A153) -> 153 | D82: =ROW(EtalonRes!A142) -> 142 | E82: 11 | F82: 55-5-1 | G82: Разборка кирпичных перегородок | H82: 100 м2 | I82: =ROUND(8.32/100,9) -> 0.0832 | J82: 0 | O82: =ROUND(CP82,2) -> 120.09 | P82: =ROUND(CQ82*I82,2) -> 0 | Q82: =ROUND(CR82*I82,2) -> 19.88 | R82: =ROUND(CS82*I82,2) -> 0 | S82: =ROUND(CT82*I82,2) -> 100.21 | T82: =ROUND(CU82*I82,2) -> 0 | U82: =CV82*I82 -> 11.74784 | V82: =CW82*I82 -> 0 | W82: =ROUND(CX82*I82,2) -> 0 | X82: =ROUND(CY82,2) -> 89.19 | Y82: =ROUND(CZ82,2) -> 65.14 | AA82: 39500385 | AB82: =ROUND((AC82+AD82+AF82),2) -> 1443.4 | AC82: =ROUND((ES82),2) -> 0 | AD82: =ROUND((((ET82)-(EU82))+AE82),2) -> 238.96 | AE82: =ROUND((EU82),2) -> 0 | AF82: =ROUND((EV82),2) -> 1204.44 | AG82: =ROUND((AP82),2) -> 0 | AH82: =(EW82) -> 141.2 | AI82: =(EX82) -> 0 | AJ82: =ROUND((AS82),2) -> 0 | AK82: 1443.4 | AL82: 0 | AM82: 238.96 | AN82: 0 | AO82: 1204.44 | AP82: 0 | AQ82: 141.2 | AR82: 0 | AS82: 0 | AT82: 89 | AU82: 65 | AV82: 1 | AW82: 1 | AZ82: 1 | BA82: 1 | BB82: 1 | BC82: 1 | BH82: 0 | BI82: 1 | BJ82: ФЕРр-2001, 55-5-1, приказ Минстроя России №1039/пр от 30.12.2016г. | BM82: 55001 | BN82: 0 | BP82: 0 | BQ82: 6 | BR82: 0 | BS82: 1 | BT82: 1 | BU82: 1 | BV82: 1 | BW82: 1 | BX82: 1 | BZ82: 89 | CA82: 65 | CF82: 0 | CG82: 0 | CM82: 0 | CO82: 0 | CP82: =(P82+Q82+S82) -> 120.09 | CQ82: =AC82*BC82 -> 0 | CR82: =AD82*BB82 -> 238.96 | CS82: =AE82*BS82 -> 0 | CT82: =AF82*BA82 -> 1204.44 | CU82: =AG82 -> 0 | CV82: =AH82 -> 141.2 | CW82: =AI82 -> 0 | CX82: =AJ82 -> 0 | CY82: =(((S82+R82)*AT82)/100) -> 89.1869 | CZ82: =(((S82+R82)*AU82)/100) -> 65.1365 | DN82: 0 | DO82: 0 | DP82: 1 | DQ82: 1 | DU82: 1005 | DV82: 100 м2 | DW82: 100 м2 | DX82: 100 | EE82: 39174580 | EF82: 6 | EG82: Ремонтно-строительные работы | EH82: 0 | EJ82: 1 | EK82: 55001 | EL82: Перегородки | EM82: рФЕР-55 | EQ82: 131072 | ER82: 1443.4 | ES82: 0 | ET82: 238.96 | EU82: 0 | EV82: 1204.44 | EW82: 141.2 | EX82: 0 | EY82: 0 | FQ82: 0 | FR82: =ROUND(IF(AND(BH82=3,BI82=3),P82,0),2) -> 0 | FS82: 0 | FX82: 89 | FY82: 65 | GD82: 0 | GF82: -1478374637 | GG82: 2 | GH82: 1 | GI82: -2 | GJ82: 0 | GK82: =ROUND(R82*(R12)/100,2) -> 0 | GL82: =ROUND(IF(AND(BH82=3,BI82=3,FS82<>0),P82,0),2) -> 0 | GM82: =ROUND(O82+X82+Y82+GK82,2)+GX82 -> 274.42 | GN82: =IF(OR(BI82=0,BI82=1),ROUND(O82+X82+Y82+GK82,2),0) -> 274.42 | GO82: =IF(BI82=2,ROUND(O82+X82+Y82+GK82,2),0) -> 0 | GP82: =IF(BI82=4,ROUND(O82+X82+Y82+GK82,2)+GX82,0) -> 0 | GR82: 0 | GS82: 3 | GT82: 0 | GV82: =ROUND(GT82,2) -> 0 | GW82: 1 | GX82: =ROUND(GV82*GW82*I82,2) -> 0 | HA82: 0 | HB82: 0 | IK82: 0
A83: 17 | B83: 1 | C83: =ROW(SmtRes!A156) -> 156 | D83: =ROW(EtalonRes!A146) -> 146 | E83: 11 | F83: 55-5-1 | G83: Разборка кирпичных перегородок | H83: 100 м2 | I83: =ROUND(8.32/100,9) -> 0.0832 | J83: 0 | O83: =ROUND(CP83,2) -> 799.8 | P83: =ROUND(CQ83*I83,2) -> 0 | Q83: =ROUND(CR83*I83,2) -> 132.41 | R83: =ROUND(CS83*I83,2) -> 0 | S83: =ROUND(CT83*I83,2) -> 667.39 | T83: =ROUND(CU83*I83,2) -> 0 | U83: =CV83*I83 -> 11.74784 | V83: =CW83*I83 -> 0 | W83: =ROUND(CX83*I83,2) -> 0 | X83: =ROUND(CY83,2) -> 593.98 | Y83: =ROUND(CZ83,2) -> 433.8 | AA83: 39500386 | AB83: =ROUND((AC83+AD83+AF83),2) -> 1443.4 | AC83: =ROUND((ES83),2) -> 0 | AD83: =ROUND((((ET83)-(EU83))+AE83),2) -> 238.96 | AE83: =ROUND((EU83),2) -> 0 | AF83: =ROUND((EV83),2) -> 1204.44 | AG83: =ROUND((AP83),2) -> 0 | AH83: =(EW83) -> 141.2 | AI83: =(EX83) -> 0 | AJ83: =ROUND((AS83),2) -> 0 | AK83: 1443.4 | AL83: 0 | AM83: 238.96 | AN83: 0 | AO83: 1204.44 | AP83: 0 | AQ83: 141.2 | AR83: 0 | AS83: 0 | AT83: 89 | AU83: 65 | AV83: 1 | AW83: 1 | AZ83: 6.66 | BA83: 6.66 | BB83: 6.66 | BC83: 6.66 | BH83: 0 | BI83: 1 | BJ83: ФЕРр-2001, 55-5-1, приказ Минстроя России №1039/пр от 30.12.2016г. | BM83: 55001 | BN83: 0 | BP83: 0 | BQ83: 6 | BR83: 0 | BS83: 6.66 | BT83: 1 | BU83: 1 | BV83: 1 | BW83: 1 | BX83: 1 | BZ83: 89 | CA83: 65 | CF83: 0 | CG83: 0 | CM83: 0 | CO83: 0 | CP83: =(P83+Q83+S83) -> 799.8 | CQ83: =AC83*BC83 -> 0 | CR83: =AD83*BB83 -> 1591.4736 | CS83: =AE83*BS83 -> 0 | CT83: =AF83*BA83 -> 8021.5704 | CU83: =AG83 -> 0 | CV83: =AH83 -> 141.2 | CW83: =AI83 -> 0 | CX83: =AJ83 -> 0 | CY83: =(((S83+R83)*AT83)/100) -> 593.9771 | CZ83: =(((S83+R83)*AU83)/100) -> 433.8035 | DN83: 0 | DO83: 0 | DP83: 1 | DQ83: 1 | DU83: 1005 | DV83: 100 м2 | DW83: 100 м2 | DX83: 100 | EE83: 39174580 | EF83: 6 | EG83: Ремонтно-строительные работы | EH83: 0 | EJ83: 1 | EK83: 55001 | EL83: Перегородки | EM83: рФЕР-55 | EQ83: 131072 | ER83: 1443.4 | ES83: 0 | ET83: 238.96 | EU83: 0 | EV83: 1204.44 | EW83: 141.2 | EX83: 0 | EY83: 0 | FQ83: 0 | FR83: =ROUND(IF(AND(BH83=3,BI83=3),P83,0),2) -> 0 | FS83: 0 | FX83: 89 | FY83: 65 | GD83: 0 | GF83: -1478374637 | GG83: 1 | GH83: 1 | GI83: 4 | GJ83: 0 | GK83: =ROUND(R83*(S12)/100,2) -> 0 | GL83: =ROUND(IF(AND(BH83=3,BI83=3,FS83<>0),P83,0),2) -> 0 | GM83: =ROUND(O83+X83+Y83+GK83,2)+GX83 -> 1827.58 | GN83: =IF(OR(BI83=0,BI83=1),ROUND(O83+X83+Y83+GK83,2),0) -> 1827.58 | GO83: =IF(BI83=2,ROUND(O83+X83+Y83+GK83,2),0) -> 0 | GP83: =IF(BI83=4,ROUND(O83+X83+Y83+GK83,2)+GX83,0) -> 0 | GR83: 0 | GS83: 3 | GT83: 0 | GV83: =ROUND(GT83,2) -> 0 | GW83: 1 | GX83: =ROUND(GV83*GW83*I83,2) -> 0 | HA83: 0 | HB83: 0 | IK83: 0
A84: 17 | B84: 1 | C84: =ROW(SmtRes!A176) -> 176 | D84: =ROW(EtalonRes!A165) -> 165 | E84: 12 | F84: 10-04-010-03 | G84: Устройство перегородок в жилых зданиях на однорядном металлическом каркасе с двухсторонней обшивкой гипсокартонными листами или гипсоволокнистыми плитами в один слой с изоляцией | H84: 100 м2 | I84: =ROUND(13.77/100,9) -> 0.1377 | J84: 0 | O84: =ROUND(CP84,2) -> 1397.83 | P84: =ROUND(CQ84*I84,2) -> 1011.73 | Q84: =ROUND(CR84*I84,2) -> 22.89 | R84: =ROUND(CS84*I84,2) -> 3.36 | S84: =ROUND(CT84*I84,2) -> 363.21 | T84: =ROUND(CU84*I84,2) -> 0 | U84: =CV84*I84 -> 40.044812 | V84: =CW84*I84 -> 0.2719575 | W84: =ROUND(CX84*I84,2) -> 0 | X84: =ROUND(CY84,2) -> 388.56 | Y84: =ROUND(CZ84,2) -> 197.95 | AA84: 39500385 | AB84: =ROUND((AC84+AD84+AF84),2) -> 10151.25 | AC84: =ROUND((ES84),2) -> 7347.38 | AD84: =ROUND(((((ET84*1.25))-((EU84*1.25)))+AE84),2) -> 166.21 | AE84: =ROUND(((EU84*1.25)),2) -> 24.41 | AF84: =ROUND(((EV84*1.15)),2) -> 2637.66 | AG84: =ROUND((AP84),2) -> 0 | AH84: =((EW84*1.15)) -> 290.812 | AI84: =((EX84*1.25)) -> 1.975 | AJ84: =ROUND((AS84),2) -> 0 | AK84: 9773.97 | AL84: 7347.38 | AM84: 132.97 | AN84: 19.53 | AO84: 2293.62 | AP84: 0 | AQ84: 252.88 | AR84: 1.58 | AS84: 0 | AT84: 106 | AU84: 54 | AV84: 1 | AW84: 1 | AZ84: 1 | BA84: 1 | BB84: 1 | BC84: 1 | BH84: 0 | BI84: 1 | BJ84: ФЕР-2001, 10-04-010-03, приказ Минстроя России №1039/пр от 30.12.2016г. | BM84: 10001 | BN84: 0 | BP84: 0 | BQ84: 2 | BR84: 0 | BS84: 1 | BT84: 1 | BU84: 1 | BV84: 1 | BW84: 1 | BX84: 1 | BZ84: 118 | CA84: 63 | CF84: 0 | CG84: 0 | CM84: 0 | CN84: Поправка: МДС 81-35.2004, п.4.7 Наименование: Работы, выполняемые при реконструкции зданий и сооружений работы, аналогичные технологическим процессам в новом строительстве (в том числе возведение новых конструктивных элементов) стоимость которых определена по соответствующим сборникам ФЕР, кроме сборника № 46 «Работы при реконструкции зданий и сооружений» | CO84: 0 | CP84: =(P84+Q84+S84) -> 1397.83 | CQ84: =AC84*BC84 -> 7347.38 | CR84: =AD84*BB84 -> 166.21 | CS84: =AE84*BS84 -> 24.41 | CT84: =AF84*BA84 -> 2637.66 | CU84: =AG84 -> 0 | CV84: =AH84 -> 290.812 | CW84: =AI84 -> 1.975 | CX84: =AJ84 -> 0 | CY84: =(((S84+R84)*AT84)/100) -> 388.5642 | CZ84: =(((S84+R84)*AU84)/100) -> 197.9478 | DE84: )*1,25 | DF84: )*1,25 | DG84: )*1,15 | DI84: )*1,15 | DJ84: )*1,25 | DN84: 0 | DO84: 0 | DP84: 1 | DQ84: 1 | DU84: 1005 | DV84: 100 м2 | DW84: 100 м2 | DX84: 100 | EE84: 39174503 | EF84: 2 | EG84: Общестроительные работы | EH84: 0 | EJ84: 1 | EK84: 10001 | EL84: Деревянные конструкции | EM84: ФЕР-10 | EO84: Поправка: МДС 81-35.2004, п.4.7 | EQ84: 0 | ER84: 9773.97 | ES84: 7347.38 | ET84: 132.97 | EU84: 19.53 | EV84: 2293.62 | EW84: 252.88 | EX84: 1.58 | EY84: 0 | FQ84: 0 | FR84: =ROUND(IF(AND(BH84=3,BI84=3),P84,0),2) -> 0 | FS84: 0 | FT84: *0,9 | FU84: *0,85 | FX84: 106.2 | FY84: 53.55 | GD84: 0 | GF84: 1800941966 | GG84: 2 | GH84: 1 | GI84: -2 | GJ84: 0 | GK84: =ROUND(R84*(R12)/100,2) -> 0 | GL84: =ROUND(IF(AND(BH84=3,BI84=3,FS84<>0),P84,0),2) -> 0 | GM84: =ROUND(O84+X84+Y84+GK84,2)+GX84 -> 1984.34 | GN84: =IF(OR(BI84=0,BI84=1),ROUND(O84+X84+Y84+GK84,2),0) -> 1984.34 | GO84: =IF(BI84=2,ROUND(O84+X84+Y84+GK84,2),0) -> 0 | GP84: =IF(BI84=4,ROUND(O84+X84+Y84+GK84,2)+GX84,0) -> 0 | GR84: 0 | GS84: 3 | GT84: 0 | GV84: =ROUND(GT84,2) -> 0 | GW84: 1 | GX84: =ROUND(GV84*GW84*I84,2) -> 0 | HA84: 0 | HB84: 0 | IK84: 0
A85: 17 | B85: 1 | C85: =ROW(SmtRes!A196) -> 196 | D85: =ROW(EtalonRes!A184) -> 184 | E85: 12 | F85: 10-04-010-03 | G85: Устройство перегородок в жилых зданиях на однорядном металлическом каркасе с двухсторонней обшивкой гипсокартонными листами или гипсоволокнистыми плитами в один слой с изоляцией | H85: 100 м2 | I85: =ROUND(13.77/100,9) -> 0.1377 | J85: 0 | O85: =ROUND(CP85,2) -> 9309.53 | P85: =ROUND(CQ85*I85,2) -> 6738.15 | Q85: =ROUND(CR85*I85,2) -> 152.43 | R85: =ROUND(CS85*I85,2) -> 22.39 | S85: =ROUND(CT85*I85,2) -> 2418.95 | T85: =ROUND(CU85*I85,2) -> 0 | U85: =CV85*I85 -> 40.044812 | V85: =CW85*I85 -> 0.2719575 | W85: =ROUND(CX85*I85,2) -> 0 | X85: =ROUND(CY85,2) -> 2587.82 | Y85: =ROUND(CZ85,2) -> 1318.32 | AA85: 39500386 | AB85: =ROUND((AC85+AD85+AF85),2) -> 10151.25 | AC85: =ROUND((ES85),2) -> 7347.38 | AD85: =ROUND(((((ET85*1.25))-((EU85*1.25)))+AE85),2) -> 166.21 | AE85: =ROUND(((EU85*1.25)),2) -> 24.41 | AF85: =ROUND(((EV85*1.15)),2) -> 2637.66 | AG85: =ROUND((AP85),2) -> 0 | AH85: =((EW85*1.15)) -> 290.812 | AI85: =((EX85*1.25)) -> 1.975 | AJ85: =ROUND((AS85),2) -> 0 | AK85: 9773.97 | AL85: 7347.38 | AM85: 132.97 | AN85: 19.53 | AO85: 2293.62 | AP85: 0 | AQ85: 252.88 | AR85: 1.58 | AS85: 0 | AT85: 106 | AU85: 54 | AV85: 1 | AW85: 1 | AZ85: 6.66 | BA85: 6.66 | BB85: 6.66 | BC85: 6.66 | BH85: 0 | BI85: 1 | BJ85: ФЕР-2001, 10-04-010-03, приказ Минстроя России №1039/пр от 30.12.2016г. | BM85: 10001 | BN85: 0 | BP85: 0 | BQ85: 2 | BR85: 0 | BS85: 6.66 | BT85: 1 | BU85: 1 | BV85: 1 | BW85: 1 | BX85: 1 | BZ85: 118 | CA85: 63 | CF85: 0 | CG85: 0 | CM85: 0 | CN85: Поправка: МДС 81-35.2004, п.4.7 Наименование: Работы, выполняемые при реконструкции зданий и сооружений работы, аналогичные технологическим процессам в новом строительстве (в том числе возведение новых конструктивных элементов) стоимость которых определена по соответствующим сборникам ФЕР, кроме сборника № 46 «Работы при реконструкции зданий и сооружений» | CO85: 0 | CP85: =(P85+Q85+S85) -> 9309.53 | CQ85: =AC85*BC85 -> 48933.551 | CR85: =AD85*BB85 -> 1106.9586 | CS85: =AE85*BS85 -> 162.5706 | CT85: =AF85*BA85 -> 17566.816 | CU85: =AG85 -> 0 | CV85: =AH85 -> 290.812 | CW85: =AI85 -> 1.975 | CX85: =AJ85 -> 0 | CY85: =(((S85+R85)*AT85)/100) -> 2587.8204 | CZ85: =(((S85+R85)*AU85)/100) -> 1318.3236 | DE85: )*1,25 | DF85: )*1,25 | DG85: )*1,15 | DI85: )*1,15 | DJ85: )*1,25 | DN85: 0 | DO85: 0 | DP85: 1 | DQ85: 1 | DU85: 1005 | DV85: 100 м2 | DW85: 100 м2 | DX85: 100 | EE85: 39174503 | EF85: 2 | EG85: Общестроительные работы | EH85: 0 | EJ85: 1 | EK85: 10001 | EL85: Деревянные конструкции | EM85: ФЕР-10 | EO85: Поправка: МДС 81-35.2004, п.4.7 | EQ85: 0 | ER85: 9773.97 | ES85: 7347.38 | ET85: 132.97 | EU85: 19.53 | EV85: 2293.62 | EW85: 252.88 | EX85: 1.58 | EY85: 0 | FQ85: 0 | FR85: =ROUND(IF(AND(BH85=3,BI85=3),P85,0),2) -> 0 | FS85: 0 | FT85: *0,9 | FU85: *0,85 | FX85: 106.2 | FY85: 53.55 | GD85: 0 | GF85: 1800941966 | GG85: 1 | GH85: 1 | GI85: 4 | GJ85: 0 | GK85: =ROUND(R85*(S12)/100,2) -> 0 | GL85: =ROUND(IF(AND(BH85=3,BI85=3,FS85<>0),P85,0),2) -> 0 | GM85: =ROUND(O85+X85+Y85+GK85,2)+GX85 -> 13215.67 | GN85: =IF(OR(BI85=0,BI85=1),ROUND(O85+X85+Y85+GK85,2),0) -> 13215.67 | GO85: =IF(BI85=2,ROUND(O85+X85+Y85+GK85,2),0) -> 0 | GP85: =IF(BI85=4,ROUND(O85+X85+Y85+GK85,2)+GX85,0) -> 0 | GR85: 0 | GS85: 3 | GT85: 0 | GV85: =ROUND(GT85,2) -> 0 | GW85: 1 | GX85: =ROUND(GV85*GW85*I85,2) -> 0 | HA85: 0 | HB85: 0 | IK85: 0
A86: 18 | B86: 1 | C86: 162 | E86: 12,1 | F86: 01.6.01.02-0007 | G86: Листы гипсокартонные ГКЛ 14 мм | H86: м2 | I86: =I84*J86 -> 28.917 | J86: 210 | O86: =ROUND(CP86,2) -> 444.74 | P86: =ROUND(CQ86*I86,2) -> 444.74 | Q86: =ROUND(CR86*I86,2) -> 0 | R86: =ROUND(CS86*I86,2) -> 0 | S86: =ROUND(CT86*I86,2) -> 0 | T86: =ROUND(CU86*I86,2) -> 0 | U86: =CV86*I86 -> 0 | V86: =CW86*I86 -> 0 | W86: =ROUND(CX86*I86,2) -> 0 | X86: =ROUND(CY86,2) -> 0 | Y86: =ROUND(CZ86,2) -> 0 | AA86: 39500385 | AB86: =ROUND((AC86+AD86+AF86),2) -> 15.38 | AC86: =ROUND((ES86),2) -> 15.38 | AD86: =ROUND((((ET86)-(EU86))+AE86),2) -> 0 | AE86: =ROUND((EU86),2) -> 0 | AF86: =ROUND((EV86),2) -> 0 | AG86: =ROUND((AP86),2) -> 0 | AH86: =(EW86) -> 0 | AI86: =(EX86) -> 0 | AJ86: =ROUND((AS86),2) -> 0 | AK86: 15.38 | AL86: 15.38 | AM86: 0 | AN86: 0 | AO86: 0 | AP86: 0 | AQ86: 0 | AR86: 0 | AS86: 0 | AT86: 106 | AU86: 54 | AV86: 1 | AW86: 1 | AZ86: 1 | BA86: 1 | BB86: 1 | BC86: 1 | BH86: 3 | BI86: 1 | BJ86: ФССЦ-2001, 01.6.01.02-0007, приказ Минстроя России №1039/пр от 30.12.2016г. | BM86: 10001 | BN86: 0 | BP86: 0 | BQ86: 2 | BR86: 0 | BS86: 1 | BT86: 1 | BU86: 1 | BV86: 1 | BW86: 1 | BX86: 1 | BZ86: 118 | CA86: 63 | CF86: 0 | CG86: 0 | CM86: 0 | CO86: 0 | CP86: =(P86+Q86+S86) -> 444.74 | CQ86: =AC86*BC86 -> 15.38 | CR86: =AD86*BB86 -> 0 | CS86: =AE86*BS86 -> 0 | CT86: =AF86*BA86 -> 0 | CU86: =AG86 -> 0 | CV86: =AH86 -> 0 | CW86: =AI86 -> 0 | CX86: =AJ86 -> 0 | CY86: =(((S86+R86)*AT86)/100) -> 0 | CZ86: =(((S86+R86)*AU86)/100) -> 0 | DN86: 0 | DO86: 0 | DP86: 1 | DQ86: 1 | DU86: 1005 | DV86: м2 | DW86: м2 | DX86: 1 | EE86: 39174503 | EF86: 2 | EG86: Общестроительные работы | EH86: 0 | EJ86: 1 | EK86: 10001 | EL86: Деревянные конструкции | EM86: ФЕР-10 | EQ86: 0 | ER86: 15.38 | ES86: 15.38 | ET86: 0 | EU86: 0 | EV86: 0 | EW86: 0 | EX86: 0 | FQ86: 0 | FR86: =ROUND(IF(AND(BH86=3,BI86=3),P86,0),2) -> 0 | FS86: 0 | FT86: *0,9 | FU86: *0,85 | FX86: 106.2 | FY86: 53.55 | GD86: 0 | GF86: 1151146771 | GG86: 2 | GH86: 1 | GI86: -2 | GJ86: 0 | GK86: =ROUND(R86*(R12)/100,2) -> 0 | GL86: =ROUND(IF(AND(BH86=3,BI86=3,FS86<>0),P86,0),2) -> 0 | GM86: =ROUND(O86+X86+Y86+GK86,2)+GX86 -> 444.74 | GN86: =IF(OR(BI86=0,BI86=1),ROUND(O86+X86+Y86+GK86,2),0) -> 444.74 | GO86: =IF(BI86=2,ROUND(O86+X86+Y86+GK86,2),0) -> 0 | GP86: =IF(BI86=4,ROUND(O86+X86+Y86+GK86,2)+GX86,0) -> 0 | GR86: 0 | GS86: 3 | GT86: 0 | GV86: =ROUND(GT86,2) -> 0 | GW86: 1 | GX86: =ROUND(GV86*GW86*I86,2) -> 0 | HA86: 0 | HB86: 0 | IK86: 0
A87: 18 | B87: 1 | C87: 182 | E87: 12,1 | F87: 01.6.01.02-0007 | G87: Листы гипсокартонные ГКЛ 14 мм | H87: м2 | I87: =I85*J87 -> 28.917 | J87: 210 | O87: =ROUND(CP87,2) -> 2961.99 | P87: =ROUND(CQ87*I87,2) -> 2961.99 | Q87: =ROUND(CR87*I87,2) -> 0 | R87: =ROUND(CS87*I87,2) -> 0 | S87: =ROUND(CT87*I87,2) -> 0 | T87: =ROUND(CU87*I87,2) -> 0 | U87: =CV87*I87 -> 0 | V87: =CW87*I87 -> 0 | W87: =ROUND(CX87*I87,2) -> 0 | X87: =ROUND(CY87,2) -> 0 | Y87: =ROUND(CZ87,2) -> 0 | AA87: 39500386 | AB87: =ROUND((AC87+AD87+AF87),2) -> 15.38 | AC87: =ROUND((ES87),2) -> 15.38 | AD87: =ROUND((((ET87)-(EU87))+AE87),2) -> 0 | AE87: =ROUND((EU87),2) -> 0 | AF87: =ROUND((EV87),2) -> 0 | AG87: =ROUND((AP87),2) -> 0 | AH87: =(EW87) -> 0 | AI87: =(EX87) -> 0 | AJ87: =ROUND((AS87),2) -> 0 | AK87: 15.38 | AL87: 15.38 | AM87: 0 | AN87: 0 | AO87: 0 | AP87: 0 | AQ87: 0 | AR87: 0 | AS87: 0 | AT87: 106 | AU87: 54 | AV87: 1 | AW87: 1 | AZ87: 6.66 | BA87: 1 | BB87: 1 | BC87: 6.66 | BH87: 3 | BI87: 1 | BJ87: ФССЦ-2001, 01.6.01.02-0007, приказ Минстроя России №1039/пр от 30.12.2016г. | BM87: 10001 | BN87: 0 | BP87: 0 | BQ87: 2 | BR87: 0 | BS87: 1 | BT87: 1 | BU87: 1 | BV87: 1 | BW87: 1 | BX87: 1 | BZ87: 118 | CA87: 63 | CF87: 0 | CG87: 0 | CM87: 0 | CO87: 0 | CP87: =(P87+Q87+S87) -> 2961.99 | CQ87: =AC87*BC87 -> 102.4308 | CR87: =AD87*BB87 -> 0 | CS87: =AE87*BS87 -> 0 | CT87: =AF87*BA87 -> 0 | CU87: =AG87 -> 0 | CV87: =AH87 -> 0 | CW87: =AI87 -> 0 | CX87: =AJ87 -> 0 | CY87: =(((S87+R87)*AT87)/100) -> 0 | CZ87: =(((S87+R87)*AU87)/100) -> 0 | DN87: 0 | DO87: 0 | DP87: 1 | DQ87: 1 | DU87: 1005 | DV87: м2 | DW87: м2 | DX87: 1 | EE87: 39174503 | EF87: 2 | EG87: Общестроительные работы | EH87: 0 | EJ87: 1 | EK87: 10001 | EL87: Деревянные конструкции | EM87: ФЕР-10 | EQ87: 0 | ER87: 15.38 | ES87: 15.38 | ET87: 0 | EU87: 0 | EV87: 0 | EW87: 0 | EX87: 0 | FQ87: 0 | FR87: =ROUND(IF(AND(BH87=3,BI87=3),P87,0),2) -> 0 | FS87: 0 | FT87: *0,9 | FU87: *0,85 | FX87: 106.2 | FY87: 53.55 | GD87: 0 | GF87: 1151146771 | GG87: 1 | GH87: 1 | GI87: 4 | GJ87: 0 | GK87: =ROUND(R87*(S12)/100,2) -> 0 | GL87: =ROUND(IF(AND(BH87=3,BI87=3,FS87<>0),P87,0),2) -> 0 | GM87: =ROUND(O87+X87+Y87+GK87,2)+GX87 -> 2961.99 | GN87: =IF(OR(BI87=0,BI87=1),ROUND(O87+X87+Y87+GK87,2),0) -> 2961.99 | GO87: =IF(BI87=2,ROUND(O87+X87+Y87+GK87,2),0) -> 0 | GP87: =IF(BI87=4,ROUND(O87+X87+Y87+GK87,2)+GX87,0) -> 0 | GR87: 0 | GS87: 3 | GT87: 0 | GV87: =ROUND(GT87,2) -> 0 | GW87: 1 | GX87: =ROUND(GV87*GW87*I87,2) -> 0 | HA87: 0 | HB87: 0 | IK87: 0
A88: 18 | B88: 1 | C88: 161 | E88: 12,2 | F88: 01.6.01.02 | G88: Листы гипсокартонные | H88: м2 | I88: =I84*J88 -> 28.917 | J88: 210 | O88: =ROUND(CP88,2) -> 0 | P88: =ROUND(CQ88*I88,2) -> 0 | Q88: =ROUND(CR88*I88,2) -> 0 | R88: =ROUND(CS88*I88,2) -> 0 | S88: =ROUND(CT88*I88,2) -> 0 | T88: =ROUND(CU88*I88,2) -> 0 | U88: =CV88*I88 -> 0 | V88: =CW88*I88 -> 0 | W88: =ROUND(CX88*I88,2) -> 0 | X88: =ROUND(CY88,2) -> 0 | Y88: =ROUND(CZ88,2) -> 0 | AA88: 39500385 | AB88: =ROUND((AC88+AD88+AF88),2) -> 0 | AC88: =ROUND((ES88),2) -> 0 | AD88: =ROUND((((ET88)-(EU88))+AE88),2) -> 0 | AE88: =ROUND((EU88),2) -> 0 | AF88: =ROUND((EV88),2) -> 0 | AG88: =ROUND((AP88),2) -> 0 | AH88: =(EW88) -> 0 | AI88: =(EX88) -> 0 | AJ88: =ROUND((AS88),2) -> 0 | AK88: 0 | AL88: 0 | AM88: 0 | AN88: 0 | AO88: 0 | AP88: 0 | AQ88: 0 | AR88: 0 | AS88: 0 | AT88: 106 | AU88: 54 | AV88: 1 | AW88: 1 | AZ88: 1 | BA88: 1 | BB88: 1 | BC88: 1 | BH88: 3 | BI88: 1 | BM88: 10001 | BN88: 0 | BP88: 0 | BQ88: 2 | BR88: 0 | BS88: 1 | BT88: 1 | BU88: 1 | BV88: 1 | BW88: 1 | BX88: 1 | BZ88: 118 | CA88: 63 | CF88: 0 | CG88: 0 | CM88: 0 | CO88: 0 | CP88: =(P88+Q88+S88) -> 0 | CQ88: =AC88*BC88 -> 0 | CR88: =AD88*BB88 -> 0 | CS88: =AE88*BS88 -> 0 | CT88: =AF88*BA88 -> 0 | CU88: =AG88 -> 0 | CV88: =AH88 -> 0 | CW88: =AI88 -> 0 | CX88: =AJ88 -> 0 | CY88: =(((S88+R88)*AT88)/100) -> 0 | CZ88: =(((S88+R88)*AU88)/100) -> 0 | DN88: 0 | DO88: 0 | DP88: 1 | DQ88: 1 | DU88: 1005 | DV88: м2 | DW88: м2 | DX88: 1 | EE88: 39174503 | EF88: 2 | EG88: Общестроительные работы | EH88: 0 | EJ88: 1 | EK88: 10001 | EL88: Деревянные конструкции | EM88: ФЕР-10 | EQ88: 0 | ER88: 0 | ES88: 0 | ET88: 0 | EU88: 0 | EV88: 0 | EW88: 0 | EX88: 0 | FQ88: 0 | FR88: =ROUND(IF(AND(BH88=3,BI88=3),P88,0),2) -> 0 | FS88: 0 | FT88: *0,9 | FU88: *0,85 | FX88: 106.2 | FY88: 53.55 | GD88: 0 | GF88: -354280000 | GG88: 2 | GH88: 1 | GI88: -2 | GJ88: 0 | GK88: =ROUND(R88*(R12)/100,2) -> 0 | GL88: =ROUND(IF(AND(BH88=3,BI88=3,FS88<>0),P88,0),2) -> 0 | GM88: =ROUND(O88+X88+Y88+GK88,2)+GX88 -> 0 | GN88: =IF(OR(BI88=0,BI88=1),ROUND(O88+X88+Y88+GK88,2),0) -> 0 | GO88: =IF(BI88=2,ROUND(O88+X88+Y88+GK88,2),0) -> 0 | GP88: =IF(BI88=4,ROUND(O88+X88+Y88+GK88,2)+GX88,0) -> 0 | GR88: 0 | GS88: 3 | GT88: 0 | GV88: =ROUND(GT88,2) -> 0 | GW88: 1 | GX88: =ROUND(GV88*GW88*I88,2) -> 0 | HA88: 0 | HB88: 0 | IK88: 0
